Workbook
Name JR_PAGE_ANCHOR_0_1: orcamento!$A$1

Sheet MEMORIAL DE CALCULO 01
B2: BOLETIM DE MEDIÇÃO 01 - MEMORIAL DE CÁLCULO
B3: OBJETO: | I3: CONTRATO: | J3: VALOR CONTRATADO:
B4: CONSTRUÇÃO DA CASA DE ACOLHIMENTO PARA CRIANÇAS E ADOCESLENTES, "CASA LAR", NO MUNICÍPIO DE SOUSA/PB. | I4: 682/2023 | J4: 1240378.4
B5: EMPRESA CONTRATADA: | E5: CNPJ: | I5: CONTRATANTE:
B6: ALX CONSTRUÇÕES E LOCAÇÕES | E6: 17.490.708/0001-70 | I6: PREFEITURA MUNICIPAL DE SOUSA
B7: DATA | D7: PERÍODO DA MEDIÇÃO | E7: VALOR DA MEDIÇÃO: | H7: VALOR ACUMULADO ANTERIOR: | J7: MEDIÇÃO:
B8: 45281 | D8: 21/11/2023 a 21/12/2023 | E8: ='BOLETIM DE MEDIÇÃO 05'!E8 -> 103177.49 | H8: ='BOLETIM DE MEDIÇÃO 05'!H8 -> 274592.68 | J8: 01
B10: ITEM | C10: CÓDIGO | D10: DESCRIÇÃO | E10: UND | F10: VEZ | G10: DADOS | J10: RESULTADO
G11: L | H11: C | I11: H | J11: ACUMULADO ANTERIOR | K11: PARCIAL | L11: TOTAL | M11: CONTRATADO | N11: SALDO
B12: 1 | C12: CONSTRUÇÃO DA CASA DE ACOLHIMENTO PARA CRIANÇAS E ADOLESCENTES - CASA LAR, NO MUNICÍPIO DE SOUSA - PB
B13: 1.1 | C13: SERVIÇOS PRELIMINARES
B14: 1.1.1 | C14: composição 1 | D14: PLACA DE OBRA EM CHAPA DE ACO GALVANIZADO [ADAPTADO SINAPI 74209/01] | E14: M2 | F14: 1 | G14: 2 | I14: 3 | J14: ='BOLETIM DE MEDIÇÃO 05'!O14-'MEMORIAL DE CALCULO 01'!K14 -> 0 | K14: =G14*I14*F14 -> 6 | L14: =J14+K14 -> 6 | M14: ='BOLETIM DE MEDIÇÃO 05'!G14 -> 6 | N14: =M14-L14 -> 0
B15: 1.1.2 | C15: 93209 | D15: EXECUÇÃO DE ALMOXARIFADO EM CANTEIRO DE OBRA EM ALVENARIA, INCLUSO PRATELEIRAS. AF_02/2016 | E15: M2 | F15: 1 | G15: 2 | H15: 2.5 | J15: ='BOLETIM DE MEDIÇÃO 05'!O15-'MEMORIAL DE CALCULO 01'!K15 -> 0 | K15: =F15*G15*H15 -> 5 | L15: =J15+K15 -> 5 | M15: ='BOLETIM DE MEDIÇÃO 05'!G15 -> 5 | N15: =M15-L15 -> 0
B16: 1.1.3 | C16: 93206 | D16: EXECUÇÃO DE ESCRITÓRIO EM CANTEIRO DE OBRA EM ALVENARIA, NÃO INCLUSO MOBILIÁRIO E EQUIPAMENTOS. AF_02/2016 | E16: M2 | F16: 1 | G16: 2 | H16: 2.5 | J16: ='BOLETIM DE MEDIÇÃO 05'!O16-'MEMORIAL DE CALCULO 01'!K16 -> 0 | K16: =F16*G16*H16 -> 5 | L16: =J16+K16 -> 5 | M16: ='BOLETIM DE MEDIÇÃO 05'!G16 -> 5 | N16: =M16-L16 -> 0
B17: 1.1.4 | C17: composição 11 | D17: Tapume em chapa compensada esp = 10mm (1 uso). [ADAPTADO ORSE 53] | E17: M2 | J17: ='BOLETIM DE MEDIÇÃO 05'!O17-'MEMORIAL DE CALCULO 01'!K17 -> 0 | K17: =K20 -> 277.4 | L17: =J17+K17 -> 277.4 | M17: ='BOLETIM DE MEDIÇÃO 05'!G17 -> 277.4 | N17: =M17-L17 -> 0
B18: 1.1.5 | C18: 98524 | D18: LIMPEZA MANUAL DE VEGETAÇÃO EM TERRENO COM ENXADA.AF_05/2018 | E18: M2 | J18: ='BOLETIM DE MEDIÇÃO 05'!O18-'MEMORIAL DE CALCULO 01'!K18 -> 0 | L18: =J18+K18 -> 0 | M18: ='BOLETIM DE MEDIÇÃO 05'!G18 -> 1430.2 | N18: =M18-L18 -> 1430.2
B19: 1.1.6 | C19: 100575 | D19: REGULARIZAÇÃO DE SUPERFÍCIES COM MOTONIVELADORA. AF_11/2019 | E19: M2 | J19: ='BOLETIM DE MEDIÇÃO 05'!O19-'MEMORIAL DE CALCULO 01'!K19 -> 0 | L19: =J19+K19 -> 0 | M19: ='BOLETIM DE MEDIÇÃO 05'!G19 -> 1430.2 | N19: =M19-L19 -> 1430.2
D20: PERÍMETRO DA INTERVENÇÃO | F20: 1 | G20: 146 | H20: 1.9 | K20: =F20*G20*H20 -> 277.4
B21: 1.2 | C21: MOVIMENTO DE TERRA
B22: 1.2.1 | C22: 99059 | D22: LOCACAO CONVENCIONAL DE OBRA, UTILIZANDO GABARITO DE TÁBUAS CORRIDAS PONTALETADAS A CADA 2,00M - 2 UTILIZAÇÕES. AF_10/2018 | E22: M | F22: 1 | G22: 137.5 | J22: ='BOLETIM DE MEDIÇÃO 05'!O21-'MEMORIAL DE CALCULO 01'!K22 -> 0 | K22: =F22*G22 -> 137.5 | L22: =J22+K22 -> 137.5 | M22: ='BOLETIM DE MEDIÇÃO 05'!G21 -> 137.5 | N22: =M22-L22 -> 0
B23: 1.2.2 | C23: 93358 | D23: ESCAVAÇÃO MANUAL DE VALA COM PROFUNDIDADE MENOR OU IGUAL A 1,30 M. AF_02/2021 | E23: M3 | J23: ='BOLETIM DE MEDIÇÃO 05'!O22-'MEMORIAL DE CALCULO 01'!K23 -> 15.24537 | K23: =SUM(K24:K30) -> 69.93925 | L23: =J23+K23 -> 85.18462 | M23: ='BOLETIM DE MEDIÇÃO 05'!G22 -> 89.01 | N23: =M23-L23 -> 3.82538
D24: S46=S52=S53=S54=S55=S56=S57=S58=S59=S60=S61=S62=S63=S64=S65=S66=S68=S69=S70=S71=S72=S74=S76=S77=S78=S79=S80=S84=S85=S86=S87=S88 | F24: 32 | G24: 0.6 | H24: 0.7 | I24: 1.85 | K24: =F24*(G24*H24*I24) -> 24.864
D25: S1=S2=S3=S4=S6=S8=S9=S10=S11=S12=S13=S14=S15=S16=S17=S21=S22=S23=S24=S25=S26=S27=S28=S29=S30=S31=S32=S36=S37=S38=S39=S40=S41=S42=S43=S44=S47=S48=S49=S50=S51 | F25: 40 | G25: 0.6 | H25: 0.7 | I25: 1.85 | K25: =F25*(G25*H25*I25) -> 31.08
D26: S33 | F26: 1 | G26: 0.6 | H26: 0.8 | I26: 1.85 | K26: =F26*(G26*H26*I26) -> 0.888
D27: S7=S83 | F27: 2 | G27: 0.9 | H27: 0.9 | I27: 1.85 | K27: =F27*(G27*H27*I27) -> 2.997
D28: S5=S18=S19=S20=S35=S45=S75 | F28: 7 | G28: 0.65 | H28: 0.65 | I28: 1.85 | K28: =F28*(G28*H28*I28) -> 5.471375
D29: S34=S67=S73 | F29: 3 | G29: 0.65 | H29: 0.75 | I29: 1.85 | K29: =F29*(G29*H29*I29) -> 2.705625
D30: S81=S82 | F30: 2 | G30: 0.55 | H30: 0.95 | I30: 1.85 | K30: =F30*(G30*H30*I30) -> 1.93325
B31: 1.2.3 | C31: 96995 | D31: REATERRO MANUAL APILOADO COM SOQUETE. AF_10/2017 | E31: M3 | J31: ='BOLETIM DE MEDIÇÃO 05'!O23-'MEMORIAL DE CALCULO 01'!K31 -> 43.05 | L31: =J31+K31 -> 43.05 | M31: ='BOLETIM DE MEDIÇÃO 05'!G23 -> 44.26 | N31: =M31-L31 -> 1.21
B32: 1.2.4 | C32: 94319 | D32: ATERRO MANUAL DE VALAS COM SOLO ARGILO-ARENOSO E COMPACTAÇÃO MECANIZADA. AF_05/2016 | E32: M3 | J32: ='BOLETIM DE MEDIÇÃO 05'!O24-'MEMORIAL DE CALCULO 01'!K32 -> 0 | L32: =J32+K32 -> 0 | M32: ='BOLETIM DE MEDIÇÃO 05'!G24 -> 93.63 | N32: =M32-L32 -> 93.63
B33: 1.3 | C33: FUNDAÇÃO
B34: 1.3.1 | C34: composição 12 | D34: ALVENARIA DE EMBASAMENTO COM BLOCO CERÂMICO DE 9X14X19CM E ARGAMASSA DE ASSENTAMENTO COM PREPARO EM BETONEIRA. AF_05/2020. [ADAPTADO SINAPI 101166] | E34: M3 | J34: ='BOLETIM DE MEDIÇÃO 05'!O26-'MEMORIAL DE CALCULO 01'!K34 -> 13.98541 | L34: =J34+K34 -> 13.98541 | M34: ='BOLETIM DE MEDIÇÃO 05'!G26 -> 13.99 | N34: =M34-L34 -> 0.00459
B35: 1.3.2 | C35: 101616 | D35: PREPARO DE FUNDO DE VALA COM LARGURA MENOR QUE 1,5 M (ACERTO DO SOLO NATURAL). AF_08/2020 | E35: M2 | J35: ='BOLETIM DE MEDIÇÃO 05'!O27-'MEMORIAL DE CALCULO 01'!K35 -> 37.81 | L35: =J35+K35 -> 37.81 | M35: ='BOLETIM DE MEDIÇÃO 05'!G27 -> 37.81 | N35: =M35-L35 -> 0
B36: 1.3.3 | C36: 96619 | D36: LASTRO DE CONCRETO MAGRO, APLICADO EM BLOCOS DE COROAMENTO OU SAPATAS, ESPESSURA DE 5 CM. AF_08/2017 | E36: M2 | J36: ='BOLETIM DE MEDIÇÃO 05'!O28-'MEMORIAL DE CALCULO 01'!K36 -> 37.81 | L36: =J36+K36 -> 37.81 | M36: ='BOLETIM DE MEDIÇÃO 05'!G28 -> 77.41 | N36: =M36-L36 -> 39.6
B37: 1.3.4 | C37: 96545 | D37: ARMAÇÃO DE BLOCO, VIGA BALDRAME OU SAPATA UTILIZANDO AÇO CA-50 DE 8 MM - MONTAGEM. AF_06/2017 | E37: KG | J37: ='BOLETIM DE MEDIÇÃO 05'!O29-'MEMORIAL DE CALCULO 01'!K37 -> 537.29985 | L37: =J37+K37 -> 537.29985 | M37: ='BOLETIM DE MEDIÇÃO 05'!G29 -> 537.3 | N37: =M37-L37 -> 0.00015
B38: 1.3.5 | C38: 94966 | D38: CONCRETO FCK = 30MPA, TRAÇO 1:2,1:2,5 (EM MASSA SECA DE CIMENTO/ AREIA MÉDIA/ BRITA 1) - PREPARO MECÂNICO COM BETONEIRA 400 L. AF_05/2021 | E38: M3 | J38: ='BOLETIM DE MEDIÇÃO 05'!O30-'MEMORIAL DE CALCULO 01'!K38 -> 21.159975 | L38: =J38+K38 -> 21.159975 | M38: ='BOLETIM DE MEDIÇÃO 05'!G30 -> 21.16 | N38: =M38-L38 -> 2.5e-05
B39: 1.3.6 | C39: 94964 | D39: CONCRETO FCK = 20MPA, TRAÇO 1:2,7:3 (EM MASSA SECA DE CIMENTO/ AREIA MÉDIA/ BRITA 1) - PREPARO MECÂNICO COM BETONEIRA 400 L. AF_05/2021 | E39: M3 | J39: ='BOLETIM DE MEDIÇÃO 05'!O31-'MEMORIAL DE CALCULO 01'!K39 -> 9.6 | L39: =J39+K39 -> 9.6 | M39: ='BOLETIM DE MEDIÇÃO 05'!G31 -> 9.6 | N39: =M39-L39 -> 0
B40: 1.3.7 | C40: 103670 | D40: LANÇAMENTO COM USO DE BALDES, ADENSAMENTO E ACABAMENTO DE CONCRETO EM ESTRUTURAS. AF_02/2022 | E40: M3 | J40: ='BOLETIM DE MEDIÇÃO 05'!O32-'MEMORIAL DE CALCULO 01'!K40 -> 30.760025 | L40: =J40+K40 -> 30.760025 | M40: ='BOLETIM DE MEDIÇÃO 05'!G32 -> 30.76 | N40: =M40-L40 -> -2.5e-05
B41: 1.3.8 | C41: 96543 | D41: ARMAÇÃO DE BLOCO, VIGA BALDRAME E SAPATA UTILIZANDO AÇO CA-60 DE 5 MM - MONTAGEM. AF_06/2017 | E41: KG | J41: ='BOLETIM DE MEDIÇÃO 05'!O33-'MEMORIAL DE CALCULO 01'!K41 -> 404.39804 | L41: =J41+K41 -> 404.39804 | M41: ='BOLETIM DE MEDIÇÃO 05'!G33 -> 404.4 | N41: =M41-L41 -> 0.0019568
B42: 1.3.9 | C42: 96544 | D42: ARMAÇÃO DE BLOCO, VIGA BALDRAME OU SAPATA UTILIZANDO AÇO CA-50 DE 6,3 MM - MONTAGEM. AF_06/2017 | E42: KG | J42: ='BOLETIM DE MEDIÇÃO 05'!O34-'MEMORIAL DE CALCULO 01'!K42 -> 295 | L42: =J42+K42 -> 295 | M42: ='BOLETIM DE MEDIÇÃO 05'!G34 -> 295 | N42: =M42-L42 -> 0
B43: 1.3.10 | C43: 96546 | D43: ARMAÇÃO DE BLOCO, VIGA BALDRAME OU SAPATA UTILIZANDO AÇO CA-50 DE 10 MM - MONTAGEM. AF_06/2017 | E43: KG | J43: ='BOLETIM DE MEDIÇÃO 05'!O35-'MEMORIAL DE CALCULO 01'!K43 -> 534.1 | L43: =J43+K43 -> 534.1 | M43: ='BOLETIM DE MEDIÇÃO 05'!G35 -> 534.1 | N43: =M43-L43 -> 0
B44: 1.3.11 | C44: 96547 | D44: ARMAÇÃO DE BLOCO, VIGA BALDRAME OU SAPATA UTILIZANDO AÇO CA-50 DE 12,5 MM - MONTAGEM. AF_06/2017 | E44: KG | J44: ='BOLETIM DE MEDIÇÃO 05'!O36-'MEMORIAL DE CALCULO 01'!K44 -> 152.89646 | L44: =J44+K44 -> 152.89646 | M44: ='BOLETIM DE MEDIÇÃO 05'!G36 -> 152.9 | N44: =M44-L44 -> 0.00354
B45: 1.3.12 | C45: 96536 | D45: FABRICAÇÃO, MONTAGEM E DESMONTAGEM DE FÔRMA PARA VIGA BALDRAME, EM MADEIRA SERRADA, E=25 MM, 4 UTILIZAÇÕES. AF_06/2017 | E45: M2 | J45: ='BOLETIM DE MEDIÇÃO 05'!O37-'MEMORIAL DE CALCULO 01'!K45 -> 429.827 | L45: =J45+K45 -> 429.827 | M45: ='BOLETIM DE MEDIÇÃO 05'!G37 -> 429.83 | N45: =M45-L45 -> 0.003
B46: 1.3.13 | C46: 98557 | D46: IMPERMEABILIZAÇÃO DE SUPERFÍCIE COM EMULSÃO ASFÁLTICA, 2 DEMÃOS AF_06/2018 | E46: M2 | J46: ='BOLETIM DE MEDIÇÃO 05'!O38-'MEMORIAL DE CALCULO 01'!K46 -> 253.95 | L46: =J46+K46 -> 253.95 | M46: ='BOLETIM DE MEDIÇÃO 05'!G38 -> 253.95 | N46: =M46-L46 -> 0
B47: 1.4 | C47: ESTRUTURA
B48: 1.4.1 | C48: 92443 | D48: MONTAGEM E DESMONTAGEM DE FÔRMA DE PILARES RETANGULARES E ESTRUTURAS SIMILARES, PÉ-DIREITO SIMPLES, EM CHAPA DE MADEIRA COMPENSADA PLASTIFICADA, 18 UTILIZAÇÕES. AF_09/2020 | E48: M2 | J48: ='BOLETIM DE MEDIÇÃO 05'!O40-'MEMORIAL DE CALCULO 01'!K48 -> 399.86 | L48: =J48+K48 -> 399.86 | M48: ='BOLETIM DE MEDIÇÃO 05'!G40 -> 408.7 | N48: =M48-L48 -> 8.84
B49: 1.4.2 | C49: 92480 | D49: MONTAGEM E DESMONTAGEM DE FÔRMA DE VIGA, ESCORAMENTO METÁLICO, PÉ-DIREITO SIMPLES, EM CHAPA DE MADEIRA PLASTIFICADA, 18 UTILIZAÇÕES. AF_09/2020 | E49: M2 | J49: ='BOLETIM DE MEDIÇÃO 05'!O41-'MEMORIAL DE CALCULO 01'!K49 -> 0 | L49: =J49+K49 -> 0 | M49: ='BOLETIM DE MEDIÇÃO 05'!G41 -> 435.33 | N49: =M49-L49 -> 435.33
B50: 1.4.3 | C50: 92267 | D50: FABRICAÇÃO DE FÔRMA PARA LAJES, EM CHAPA DE MADEIRA COMPENSADA RESINADA, E = 17 MM. AF_09/2020 | E50: M2 | J50: ='BOLETIM DE MEDIÇÃO 05'!O42-'MEMORIAL DE CALCULO 01'!K50 -> 0 | L50: =J50+K50 -> 0 | M50: ='BOLETIM DE MEDIÇÃO 05'!G42 -> 111.15 | N50: =M50-L50 -> 111.15
B51: 1.4.4 | C51: 92759 | D51: ARMAÇÃO DE PILAR OU VIGA DE ESTRUTURA CONVENCIONAL DE CONCRETO ARMADO UTILIZANDO AÇO CA-60 DE 5,0 MM - MONTAGEM. AF_06/2022 | E51: KG | J51: ='BOLETIM DE MEDIÇÃO 05'!O43-'MEMORIAL DE CALCULO 01'!K51 -> 682.7 | L51: =J51+K51 -> 682.7 | M51: ='BOLETIM DE MEDIÇÃO 05'!G43 -> 1027.8 | N51: =M51-L51 -> 345.1
B52: 1.4.5 | C52: 92760 | D52: ARMAÇÃO DE PILAR OU VIGA DE ESTRUTURA CONVENCIONAL DE CONCRETO ARMADO UTILIZANDO AÇO CA-50 DE 6,3 MM - MONTAGEM. AF_06/2022 | E52: KG | J52: ='BOLETIM DE MEDIÇÃO 05'!O44-'MEMORIAL DE CALCULO 01'!K52 -> 23.46 | L52: =J52+K52 -> 23.46 | M52: ='BOLETIM DE MEDIÇÃO 05'!G44 -> 39.1 | N52: =M52-L52 -> 15.64
B53: 1.4.6 | C53: 92761 | D53: ARMAÇÃO DE PILAR OU VIGA DE ESTRUTURA CONVENCIONAL DE CONCRETO ARMADO UTILIZANDO AÇO CA-50 DE 8,0 MM - MONTAGEM. AF_06/2022 | E53: KG | J53: ='BOLETIM DE MEDIÇÃO 05'!O45-'MEMORIAL DE CALCULO 01'!K53 -> 415.68 | L53: =J53+K53 -> 415.68 | M53: ='BOLETIM DE MEDIÇÃO 05'!G45 -> 1000 | N53: =M53-L53 -> 584.32
B54: 1.4.7 | C54: 92762 | D54: ARMAÇÃO DE PILAR OU VIGA DE ESTRUTURA CONVENCIONAL DE CONCRETO ARMADO UTILIZANDO AÇO CA-50 DE 10,0 MM - MONTAGEM. AF_06/2022 | E54: KG | J54: ='BOLETIM DE MEDIÇÃO 05'!O46-'MEMORIAL DE CALCULO 01'!K54 -> 1237.4 | L54: =J54+K54 -> 1237.4 | M54: ='BOLETIM DE MEDIÇÃO 05'!G46 -> 1306.1 | N54: =M54-L54 -> 68.7
B55: 1.4.8 | C55: 92763 | D55: ARMAÇÃO DE PILAR OU VIGA DE ESTRUTURA CONVENCIONAL DE CONCRETO ARMADO UTILIZANDO AÇO CA-50 DE 12,5 MM - MONTAGEM. AF_06/2022 | E55: KG | J55: ='BOLETIM DE MEDIÇÃO 05'!O47-'MEMORIAL DE CALCULO 01'!K55 -> 161.6 | L55: =J55+K55 -> 161.6 | M55: ='BOLETIM DE MEDIÇÃO 05'!G47 -> 168.2 | N55: =M55-L55 -> 6.6
B56: 1.4.9 | C56: 92768 | D56: ARMAÇÃO DE LAJE DE ESTRUTURA CONVENCIONAL DE CONCRETO ARMADO UTILIZANDO AÇO CA-60 DE 5,0 MM - MONTAGEM. AF_06/2022 | E56: KG | J56: ='BOLETIM DE MEDIÇÃO 05'!O48-'MEMORIAL DE CALCULO 01'!K56 -> 0 | L56: =J56+K56 -> 0 | M56: ='BOLETIM DE MEDIÇÃO 05'!G48 -> 158.7 | N56: =M56-L56 -> 158.7
B57: 1.4.10 | C57: 92769 | D57: ARMAÇÃO DE LAJE DE ESTRUTURA CONVENCIONAL DE CONCRETO ARMADO UTILIZANDO AÇO CA-50 DE 6,3 MM - MONTAGEM. AF_06/2022 | E57: KG | J57: ='BOLETIM DE MEDIÇÃO 05'!O49-'MEMORIAL DE CALCULO 01'!K57 -> 0 | L57: =J57+K57 -> 0 | M57: ='BOLETIM DE MEDIÇÃO 05'!G49 -> 170.5 | N57: =M57-L57 -> 170.5
B58: 1.4.11 | C58: 92770 | D58: ARMAÇÃO DE LAJE DE ESTRUTURA CONVENCIONAL DE CONCRETO ARMADO UTILIZANDO AÇO CA-50 DE 8,0 MM - MONTAGEM. AF_06/2022 | E58: KG | J58: ='BOLETIM DE MEDIÇÃO 05'!O50-'MEMORIAL DE CALCULO 01'!K58 -> 0 | L58: =J58+K58 -> 0 | M58: ='BOLETIM DE MEDIÇÃO 05'!G50 -> 279.1 | N58: =M58-L58 -> 279.1
B59: 1.4.12 | C59: 94966 | D59: CONCRETO FCK = 30MPA, TRAÇO 1:2,1:2,5 (EM MASSA SECA DE CIMENTO/ AREIA MÉDIA/ BRITA 1) - PREPARO MECÂNICO COM BETONEIRA 400 L. AF_05/2021 | E59: M3 | J59: ='BOLETIM DE MEDIÇÃO 05'!O51-'MEMORIAL DE CALCULO 01'!K59 -> 19.43 | L59: =J59+K59 -> 19.43 | M59: ='BOLETIM DE MEDIÇÃO 05'!G51 -> 61.56 | N59: =M59-L59 -> 42.13
... B62: 1.4.15 | C62: 92772 | D62: ARMAÇÃO DE LAJE DE ESTRUTURA CONVENCIONAL DE CONCRETO ARMADO UTILIZANDO AÇO CA-50 DE 12,5 MM - MONTAGEM. AF_06/2022 | E62: KG | J62: ='BOLETIM DE MEDIÇÃO 05'!O54-'MEMORIAL DE CALCULO 01'!K62 -> 0 | L62: =J62+K62 -> 0 | M62: ='BOLETIM DE MEDIÇÃO 05'!G54 -> 154.8 | N62: =M62-L62 -> 154.8
B63: 1.5 | C63: PAREDES
B64: 1.5.1 | C64: 103356 | D64: ALVENARIA DE VEDAÇÃO DE BLOCOS CERÂMICOS FURADOS NA HORIZONTAL DE 9X19X29 CM (ESPESSURA 9 CM) E ARGAMASSA DE ASSENTAMENTO COM PREPARO EM BETONEIRA. AF_12/2021 | E64: M2 | J64: ='BOLETIM DE MEDIÇÃO 05'!O56-'MEMORIAL DE CALCULO 01'!K64 -> 846.845 | L64: =J64+K64 -> 846.845 | M64: ='BOLETIM DE MEDIÇÃO 05'!G56 -> 1131.99 | N64: =M64-L64 -> 285.145
B65: 1.5.2 | C65: 93189 | D65: VERGA MOLDADA IN LOCO EM CONCRETO PARA PORTAS COM MAIS DE 1,5 M DE VÃO. AF_03/2016 | E65: M | J65: ='BOLETIM DE MEDIÇÃO 05'!O57-'MEMORIAL DE CALCULO 01'!K65 -> 64.1 | L65: =J65+K65 -> 64.1 | M65: ='BOLETIM DE MEDIÇÃO 05'!G57 -> 64.1 | N65: =M65-L65 -> 0
B66: 1.5.3 | C66: 93191 | D66: VERGA MOLDADA IN LOCO COM UTILIZAÇÃO DE BLOCOS CANALETA PARA JANELAS COM MAIS DE 1,5 M DE VÃO. AF_03/2016 | E66: M | J66: ='BOLETIM DE MEDIÇÃO 05'!O58-'MEMORIAL DE CALCULO 01'!K66 -> 72.2 | L66: =J66+K66 -> 72.2 | M66: ='BOLETIM DE MEDIÇÃO 05'!G58 -> 72.2 | N66: =M66-L66 -> 0
B67: 1.5.4 | C67: 93197 | D67: CONTRAVERGA MOLDADA IN LOCO EM CONCRETO PARA VÃOS DE MAIS DE 1,5 M DE COMPRIMENTO. AF_03/2016 | E67: M | J67: ='BOLETIM DE MEDIÇÃO 05'!O59-'MEMORIAL DE CALCULO 01'!K67 -> 72.2 | L67: =J67+K67 -> 72.2 | M67: ='BOLETIM DE MEDIÇÃO 05'!G59 -> 72.2 | N67: =M67-L67 -> 0
B68: 1.6 | C68: REVESTIMENTOS INTERNOS
B69: 1.6.1 | C69: 87893 | D69: CHAPISCO APLICADO EM ALVENARIA (SEM PRESENÇA DE VÃOS) E ESTRUTURAS DE CONCRETO DE FACHADA, COM COLHER DE PEDREIRO. ARGAMASSA TRAÇO 1:3 COM PREPARO MANUAL. AF_10/2022 | E69: M2 | J69: ='BOLETIM DE MEDIÇÃO 05'!O61-'MEMORIAL DE CALCULO 01'!K69 -> 1348.98 | L69: =J69+K69 -> 1348.98 | M69: ='BOLETIM DE MEDIÇÃO 05'!G61 -> 1348.98 | N69: =M69-L69 -> 0
B70: 1.6.2 | C70: 87548 | D70: MASSA ÚNICA, PARA RECEBIMENTO DE PINTURA, EM ARGAMASSA TRAÇO 1:2:8, PREPARO MANUAL, APLICADA MANUALMENTE EM FACES INTERNAS DE PAREDES, ESPESSURA DE 10MM, COM EXECUÇÃO DE TALISCAS. AF_06/2014 | E70: M2 | J70: ='BOLETIM DE MEDIÇÃO 05'!O62-'MEMORIAL DE CALCULO 01'!K70 -> 0 | L70: =J70+K70 -> 0 | M70: ='BOLETIM DE MEDIÇÃO 05'!G62 -> 997.11 | N70: =M70-L70 -> 997.11
B71: 1.6.3 | C71: 87536 | D71: EMBOÇO, PARA RECEBIMENTO DE CERÂMICA, EM ARGAMASSA TRAÇO 1:2:8, PREPARO MANUAL, APLICADO MANUALMENTE EM FACES INTERNAS DE PAREDES, PARA AMBIENTE COM ÁREA MAIOR QUE 10M2, ESPESSURA DE 20MM, COM EXECUÇÃO DE TALISCAS. AF_06/2014 | E71: M2 | J71: ='BOLETIM DE MEDIÇÃO 05'!O63-'MEMORIAL DE CALCULO 01'!K71 -> 0 | L71: =J71+K71 -> 0 | M71: ='BOLETIM DE MEDIÇÃO 05'!G63 -> 351.87 | N71: =M71-L71 -> 351.87
B72: 1.6.4 | C72: 87275 | D72: REVESTIMENTO CERÂMICO PARA PAREDES INTERNAS COM PLACAS TIPO ESMALTADA EXTRA DE DIMENSÕES 33X45 CM APLICADAS A MEIA ALTURA DAS PAREDES. AF_02/2023_PE | E72: M2 | J72: ='BOLETIM DE MEDIÇÃO 05'!O64-'MEMORIAL DE CALCULO 01'!K72 -> 0 | L72: =J72+K72 -> 0 | M72: ='BOLETIM DE MEDIÇÃO 05'!G64 -> 351.87 | N72: =M72-L72 -> 351.87
B73: 1.7 | C73: ESQUADRIAS
B74: 1.7.1 | C74: 91315 | D74: KIT DE PORTA DE MADEIRA PARA PINTURA, SEMI-OCA (LEVE OU MÉDIA), PADRÃO POPULAR, 90X210CM, ESPESSURA DE 3,5CM, ITENS INCLUSOS: DOBRADIÇAS, MONTAGEM E INSTALAÇÃO DO BATENTE, FECHADURA COM EXECUÇÃO DO FURO - FORNECIMENTO E INSTALAÇÃO. AF_12/2019 | E74: UN | J74: ='BOLETIM DE MEDIÇÃO 05'!O66-'MEMORIAL DE CALCULO 01'!K74 -> 0 | L74: =J74+K74 -> 0 | M74: ='BOLETIM DE MEDIÇÃO 05'!G66 -> 18 | N74: =M74-L74 -> 18
B75: 1.7.2 | C75: 94570 | D75: JANELA DE ALUMÍNIO DE CORRER COM 2 FOLHAS PARA VIDROS, COM VIDROS, BATENTE, ACABAMENTO COM ACETATO OU BRILHANTE E FERRAGENS. EXCLUSIVE ALIZAR E CONTRAMARCO. FORNECIMENTO E INSTALAÇÃO. AF_12/2019 | E75: M2 | J75: ='BOLETIM DE MEDIÇÃO 05'!O67-'MEMORIAL DE CALCULO 01'!K75 -> 0 | L75: =J75+K75 -> 0 | M75: ='BOLETIM DE MEDIÇÃO 05'!G67 -> 49.7 | N75: =M75-L75 -> 49.7
B76: 1.7.3 | C76: 100689 | D76: KIT DE PORTA DE MADEIRA FRISADA, SEMI-OCA (LEVE OU MÉDIA), PADRÃO MÉDIO, 80X210CM, ESPESSURA DE 3,5CM, ITENS INCLUSOS: DOBRADIÇAS, MONTAGEM E INSTALAÇÃO DE BATENTE, FECHADURA COM EXECUÇÃO DO FURO - FORNECIMENTO E INSTALAÇÃO. AF_12/2019 | E76: UN | J76: ='BOLETIM DE MEDIÇÃO 05'!O68-'MEMORIAL DE CALCULO 01'!K76 -> 0 | L76: =J76+K76 -> 0 | M76: ='BOLETIM DE MEDIÇÃO 05'!G68 -> 5 | N76: =M76-L76 -> 5
B77: 1.7.4 | C77: composição 3 | D77: PORTA EM MADEIRA , LISA, SEMI-ÔCA, 1.46 X 2.10 M, COM DUAS FOLHAS, INCLUSIVE BATENTES E FERRAGENS - REV 02[ADAPTADO DE ORSE 7149] | E77: UND | J77: ='BOLETIM DE MEDIÇÃO 05'!O69-'MEMORIAL DE CALCULO 01'!K77 -> 0 | L77: =J77+K77 -> 0 | M77: ='BOLETIM DE MEDIÇÃO 05'!G69 -> 1 | N77: =M77-L77 -> 1
B78: 1.7.5 | C78: composição 4 | D78: PORTÃO EM ALUMÍNIO, COR N/B/P, EM PERFÍS BÚZIO QUADRADO OU LAMBRIL, COMPLETO INCLUSIVE RODÍZIOS, PERFÍS E FECHADURA- ORSE - ORSE 11955 | E78: UND | J78: ='BOLETIM DE MEDIÇÃO 05'!O70-'MEMORIAL DE CALCULO 01'!K78 -> 0 | L78: =J78+K78 -> 0 | M78: ='BOLETIM DE MEDIÇÃO 05'!G70 -> 3 | N78: =M78-L78 -> 3
B79: 1.7.6 | C79: 91341 | D79: PORTA EM ALUMÍNIO DE ABRIR TIPO VENEZIANA COM GUARNIÇÃO, FIXAÇÃO COM PARAFUSOS - FORNECIMENTO E INSTALAÇÃO. AF_12/2019 | E79: M2 | J79: ='BOLETIM DE MEDIÇÃO 05'!O71-'MEMORIAL DE CALCULO 01'!K79 -> 0 | L79: =J79+K79 -> 0 | M79: ='BOLETIM DE MEDIÇÃO 05'!G71 -> 12.96 | N79: =M79-L79 -> 12.96
B80: 1.7.7 | C80: 100702 | D80: PORTA DE CORRER DE ALUMÍNIO, COM DUAS FOLHAS PARA VIDRO, INCLUSO VIDRO LISO INCOLOR, FECHADURA E PUXADOR, SEM ALIZAR. AF_12/2019 | E80: M2 | J80: ='BOLETIM DE MEDIÇÃO 05'!O72-'MEMORIAL DE CALCULO 01'!K80 -> 0 | L80: =J80+K80 -> 0 | M80: ='BOLETIM DE MEDIÇÃO 05'!G72 -> 19.96 | N80: =M80-L80 -> 19.96
B81: 1.7.8 | C81: 90831 | D81: FECHADURA DE EMBUTIR PARA PORTA DE BANHEIRO, COMPLETA, ACABAMENTO PADRÃO MÉDIO, INCLUSO EXECUÇÃO DE FURO - FORNECIMENTO E INSTALAÇÃO. AF_12/2019 | E81: UN | J81: ='BOLETIM DE MEDIÇÃO 05'!O73-'MEMORIAL DE CALCULO 01'!K81 -> 0 | L81: =J81+K81 -> 0 | M81: ='BOLETIM DE MEDIÇÃO 05'!G73 -> 8 | N81: =M81-L81 -> 8
B82: 1.8 | C82: PINTURA
B83: 1.8.1 | C83: 88485 | D83: APLICAÇÃO DE FUNDO SELADOR ACRÍLICO EM PAREDES, UMA DEMÃO. AF_06/2014 | E83: M2 | J83: ='BOLETIM DE MEDIÇÃO 05'!O75-'MEMORIAL DE CALCULO 01'!K83 -> 0 | L83: =J83+K83 -> 0 | M83: ='BOLETIM DE MEDIÇÃO 05'!G75 -> 997.11 | N83: =M83-L83 -> 997.11
B84: 1.8.2 | C84: 88495 | D84: APLICAÇÃO E LIXAMENTO DE MASSA LÁTEX EM PAREDES, UMA DEMÃO. AF_06/2014 | E84: M2 | J84: ='BOLETIM DE MEDIÇÃO 05'!O76-'MEMORIAL DE CALCULO 01'!K84 -> 0 | L84: =J84+K84 -> 0 | M84: ='BOLETIM DE MEDIÇÃO 05'!G76 -> 997.11 | N84: =M84-L84 -> 997.11
B85: 1.8.3 | C85: 88489 | D85: APLICAÇÃO MANUAL DE PINTURA COM TINTA LÁTEX ACRÍLICA EM PAREDES, DUAS DEMÃOS. AF_06/2014 | E85: M2 | J85: ='BOLETIM DE MEDIÇÃO 05'!O77-'MEMORIAL DE CALCULO 01'!K85 -> 0 | L85: =J85+K85 -> 0 | M85: ='BOLETIM DE MEDIÇÃO 05'!G77 -> 997.11 | N85: =M85-L85 -> 997.11
B86: 1.8.4 | C86: 88484 | D86: APLICAÇÃO DE FUNDO SELADOR ACRÍLICO EM TETO, UMA DEMÃO. AF_06/2014 | E86: M2 | J86: ='BOLETIM DE MEDIÇÃO 05'!O78-'MEMORIAL DE CALCULO 01'!K86 -> 0 | L86: =J86+K86 -> 0 | M86: ='BOLETIM DE MEDIÇÃO 05'!G78 -> 634.5 | N86: =M86-L86 -> 634.5
B87: 1.8.5 | C87: 88494 | D87: APLICAÇÃO E LIXAMENTO DE MASSA LÁTEX EM TETO, UMA DEMÃO. AF_06/2014 | E87: M2 | J87: ='BOLETIM DE MEDIÇÃO 05'!O79-'MEMORIAL DE CALCULO 01'!K87 -> 0 | L87: =J87+K87 -> 0 | M87: ='BOLETIM DE MEDIÇÃO 05'!G79 -> 634.5 | N87: =M87-L87 -> 634.5
B88: 1.8.6 | C88: 88488 | D88: APLICAÇÃO MANUAL DE PINTURA COM TINTA LÁTEX ACRÍLICA EM TETO, DUAS DEMÃOS. AF_06/2014 | E88: M2 | J88: ='BOLETIM DE MEDIÇÃO 05'!O80-'MEMORIAL DE CALCULO 01'!K88 -> 0 | L88: =J88+K88 -> 0 | M88: ='BOLETIM DE MEDIÇÃO 05'!G80 -> 634.5 | N88: =M88-L88 -> 634.5
B89: 1.9 | C89: REVESTIMENTOS EXTERNOS
B90: 1.9.1 | C90: 87894 | D90: CHAPISCO APLICADO EM ALVENARIA (SEM PRESENÇA DE VÃOS) E ESTRUTURAS DE CONCRETO DE FACHADA, COM COLHER DE PEDREIRO. ARGAMASSA TRAÇO 1:3 COM PREPARO EM BETONEIRA 400L. AF_10/2022 | E90: M2 | J90: ='BOLETIM DE MEDIÇÃO 05'!O82-'MEMORIAL DE CALCULO 01'!K90 -> 0 | L90: =J90+K90 -> 0 | M90: ='BOLETIM DE MEDIÇÃO 05'!G82 -> 466.37 | N90: =M90-L90 -> 466.37
B91: 1.9.2 | C91: 104233 | D91: EMBOÇO OU MASSA ÚNICA EM ARGAMASSA TRAÇO 1:2:8, PREPARO MECÂNICA COM BETONEIRA 400 L, APLICADA MANUALMENTE EM PANOS DE FACHADA SEM PRESENÇA DE VÃOS, ESPESSURA DE 25 MM, ACESSO POR ANDAIME. AF_08/2022 | E91: M2 | J91: ='BOLETIM DE MEDIÇÃO 05'!O83-'MEMORIAL DE CALCULO 01'!K91 -> 0 | L91: =J91+K91 -> 0 | M91: ='BOLETIM DE MEDIÇÃO 05'!G83 -> 466.37 | N91: =M91-L91 -> 466.37
B92: 1.9.3 | C92: composição 6 | D92: REVESTIMENTO PORCELANATO MADEIRADO PARA PAREDES COM PLACAS TIPO ESMALTADA EXTRA DE DIMENSÕES 20X120 CM [ADAPTADO SINAPI 87244] | E92: M2 | J92: ='BOLETIM DE MEDIÇÃO 05'!O84-'MEMORIAL DE CALCULO 01'!K92 -> 0 | L92: =J92+K92 -> 0 | M92: ='BOLETIM DE MEDIÇÃO 05'!G84 -> 32.5 | N92: =M92-L92 -> 32.5
B93: 1.9.4 | C93: composição 7 | D93: REVESTIMENTO PORCELANATO MARMORIZADO PARA PAREDES E PISO COM PLACAS TIPO ESMALTADA EXTRA DE DIMENSÕES 80X80 CM [ADAPTADO SINAPI 87244] | E93: M² | J93: ='BOLETIM DE MEDIÇÃO 05'!O85-'MEMORIAL DE CALCULO 01'!K93 -> 0 | L93: =J93+K93 -> 0 | M93: ='BOLETIM DE MEDIÇÃO 05'!G85 -> 29.5 | N93: =M93-L93 -> 29.5
B94: 1.9.5 | C94: 88485 | D94: APLICAÇÃO DE FUNDO SELADOR ACRÍLICO EM PAREDES, UMA DEMÃO. AF_06/2014 | E94: M2 | J94: ='BOLETIM DE MEDIÇÃO 05'!O86-'MEMORIAL DE CALCULO 01'!K94 -> 0 | L94: =J94+K94 -> 0 | M94: ='BOLETIM DE MEDIÇÃO 05'!G86 -> 404.37 | N94: =M94-L94 -> 404.37
B95: 1.9.6 | C95: 96130 | D95: APLICAÇÃO MANUAL DE MASSA ACRÍLICA EM PAREDES EXTERNAS DE CASAS, UMA DEMÃO. AF_05/2017 | E95: M2 | J95: ='BOLETIM DE MEDIÇÃO 05'!O87-'MEMORIAL DE CALCULO 01'!K95 -> 0 | L95: =J95+K95 -> 0 | M95: ='BOLETIM DE MEDIÇÃO 05'!G87 -> 404.37 | N95: =M95-L95 -> 404.37
B96: 1.9.7 | C96: 88489 | D96: APLICAÇÃO MANUAL DE PINTURA COM TINTA LÁTEX ACRÍLICA EM PAREDES, DUAS DEMÃOS. AF_06/2014 | E96: M2 | J96: ='BOLETIM DE MEDIÇÃO 05'!O88-'MEMORIAL DE CALCULO 01'!K96 -> 0 | L96: =J96+K96 -> 0 | M96: ='BOLETIM DE MEDIÇÃO 05'!G88 -> 404.37 | N96: =M96-L96 -> 404.37
B97: 1.1 | C97: INSTALAÇÃO ELÉTRICA
B98: 1.10.1 | C98: 92868 | D98: CAIXA RETANGULAR 4" X 2" MÉDIA (1,30 M DO PISO), METÁLICA, INSTALADA EM PAREDE - FORNECIMENTO E INSTALAÇÃO. AF_03/2023 | E98: UN | J98: ='BOLETIM DE MEDIÇÃO 05'!O90-'MEMORIAL DE CALCULO 01'!K98 -> 0 | L98: =J98+K98 -> 0 | M98: ='BOLETIM DE MEDIÇÃO 05'!G90 -> 117 | N98: =M98-L98 -> 117
B99: 1.10.2 | C99: 91937 | D99: CAIXA OCTOGONAL 3" X 3", PVC, INSTALADA EM LAJE - FORNECIMENTO E INSTALAÇÃO. AF_03/2023 | E99: UN | J99: ='BOLETIM DE MEDIÇÃO 05'!O91-'MEMORIAL DE CALCULO 01'!K99 -> 0 | L99: =J99+K99 -> 0 | M99: ='BOLETIM DE MEDIÇÃO 05'!G91 -> 76 | N99: =M99-L99 -> 76
B100: 1.10.3 | C100: 91924 | D100: CABO DE COBRE FLEXÍVEL ISOLADO, 1,5 MM², ANTI-CHAMA 450/750 V, PARA CIRCUITOS TERMINAIS - FORNECIMENTO E INSTALAÇÃO. AF_03/2023 | E100: M | J100: ='BOLETIM DE MEDIÇÃO 05'!O92-'MEMORIAL DE CALCULO 01'!K100 -> 0 | L100: =J100+K100 -> 0 | M100: ='BOLETIM DE MEDIÇÃO 05'!G92 -> 1253.8 | N100: =M100-L100 -> 1253.8
B101: 1.10.4 | C101: 91926 | D101: CABO DE COBRE FLEXÍVEL ISOLADO, 2,5 MM², ANTI-CHAMA 450/750 V, PARA CIRCUITOS TERMINAIS - FORNECIMENTO E INSTALAÇÃO. AF_03/2023 | E101: M | J101: ='BOLETIM DE MEDIÇÃO 05'!O93-'MEMORIAL DE CALCULO 01'!K101 -> 0 | L101: =J101+K101 -> 0 | M101: ='BOLETIM DE MEDIÇÃO 05'!G93 -> 1496.3 | N101: =M101-L101 -> 1496.3
B102: 1.10.5 | C102: 91928 | D102: CABO DE COBRE FLEXÍVEL ISOLADO, 4 MM², ANTI-CHAMA 450/750 V, PARA CIRCUITOS TERMINAIS - FORNECIMENTO E INSTALAÇÃO. AF_03/2023 | E102: M | J102: ='BOLETIM DE MEDIÇÃO 05'!O94-'MEMORIAL DE CALCULO 01'!K102 -> 0 | L102: =J102+K102 -> 0 | M102: ='BOLETIM DE MEDIÇÃO 05'!G94 -> 284.6 | N102: =M102-L102 -> 284.6
B103: 1.10.6 | C103: 91931 | D103: CABO DE COBRE FLEXÍVEL ISOLADO, 6 MM², ANTI-CHAMA 0,6/1,0 KV, PARA CIRCUITOS TERMINAIS - FORNECIMENTO E INSTALAÇÃO. AF_03/2023 | E103: M | J103: ='BOLETIM DE MEDIÇÃO 05'!O95-'MEMORIAL DE CALCULO 01'!K103 -> 0 | L103: =J103+K103 -> 0 | M103: ='BOLETIM DE MEDIÇÃO 05'!G95 -> 224 | N103: =M103-L103 -> 224
B104: 1.10.7 | C104: 39773 | D104: CAIXA DE PASSAGEM METALICA DE SOBREPOR COM TAMPA PARAFUSADA, DIMENSOES 40 X 40 X 15 CM | E104: UN | J104: ='BOLETIM DE MEDIÇÃO 05'!O96-'MEMORIAL DE CALCULO 01'!K104 -> 0 | L104: =J104+K104 -> 0 | M104: ='BOLETIM DE MEDIÇÃO 05'!G96 -> 2 | N104: =M104-L104 -> 2
...

Sheet MEMORIAL DE CALCULO 02
B2: BOLETIM DE MEDIÇÃO 02 - MEMORIAL DE CÁLCULO
B3: OBJETO: | I3: CONTRATO: | J3: VALOR CONTRATADO:
B4: CONSTRUÇÃO DA CASA DE ACOLHIMENTO PARA CRIANÇAS E ADOCESLENTES, "CASA LAR", NO MUNICÍPIO DE SOUSA/PB. | I4: 682/2023 | J4: 1240378.4
B5: EMPRESA CONTRATADA: | E5: CNPJ: | I5: CONTRATANTE:
B6: ALX CONSTRUÇÕES E LOCAÇÕES | E6: 17.490.708/0001-70 | I6: PREFEITURA MUNICIPAL DE SOUSA
B7: DATA | D7: PERÍODO DA MEDIÇÃO | E7: VALOR DA MEDIÇÃO: | H7: VALOR ACUMULADO ANTERIOR: | J7: MEDIÇÃO:
B8: 45291 | D8: 22/12/2023 a 31/01/2024 | E8: ='BOLETIM DE MEDIÇÃO 05'!E8 -> 103177.49 | H8: ='BOLETIM DE MEDIÇÃO 05'!H8 -> 274592.68 | J8: 02
B10: ITEM | C10: CÓDIGO | D10: DESCRIÇÃO | E10: UND | F10: VEZ | G10: DADOS | J10: RESULTADO
G11: L | H11: C | I11: H | J11: ACUMULADO ANTERIOR | K11: PARCIAL | L11: TOTAL | M11: CONTRATADO | N11: SALDO
B12: 1 | C12: CONSTRUÇÃO DA CASA DE ACOLHIMENTO PARA CRIANÇAS E ADOLESCENTES - CASA LAR, NO MUNICÍPIO DE SOUSA - PB
B13: 1.1 | C13: SERVIÇOS PRELIMINARES
B14: 1.1.1 | C14: composição 1 | D14: PLACA DE OBRA EM CHAPA DE ACO GALVANIZADO [ADAPTADO SINAPI 74209/01] | E14: M2 | F14: 1 | G14: 2 | I14: 3 | J14: ='BOLETIM DE MEDIÇÃO 05'!O14-'MEMORIAL DE CALCULO 02'!K14 -> 0 | K14: =G14*I14*F14 -> 6 | L14: =J14+K14 -> 6 | M14: ='BOLETIM DE MEDIÇÃO 05'!G14 -> 6 | N14: =M14-L14 -> 0
B15: 1.1.2 | C15: 93209 | D15: EXECUÇÃO DE ALMOXARIFADO EM CANTEIRO DE OBRA EM ALVENARIA, INCLUSO PRATELEIRAS. AF_02/2016 | E15: M2 | F15: 1 | G15: 1 | H15: 2.75 | J15: ='BOLETIM DE MEDIÇÃO 05'!O15-'MEMORIAL DE CALCULO 02'!K15 -> 2.25 | K15: =F15*G15*H15 -> 2.75 | L15: =J15+K15 -> 5 | M15: ='BOLETIM DE MEDIÇÃO 05'!G15 -> 5 | N15: =M15-L15 -> 0
B16: 1.1.3 | C16: 93206 | D16: EXECUÇÃO DE ESCRITÓRIO EM CANTEIRO DE OBRA EM ALVENARIA, NÃO INCLUSO MOBILIÁRIO E EQUIPAMENTOS. AF_02/2016 | E16: M2 | F16: 1 | G16: 1 | H16: 2.75 | J16: ='BOLETIM DE MEDIÇÃO 05'!O16-'MEMORIAL DE CALCULO 02'!K16 -> 2.25 | K16: =F16*G16*H16 -> 2.75 | L16: =J16+K16 -> 5 | M16: ='BOLETIM DE MEDIÇÃO 05'!G16 -> 5 | N16: =M16-L16 -> 0
B17: 1.1.4 | C17: composição 11 | D17: Tapume em chapa compensada esp = 10mm (1 uso). [ADAPTADO ORSE 53] | E17: M2 | J17: ='BOLETIM DE MEDIÇÃO 05'!O17-'MEMORIAL DE CALCULO 02'!K17 -> 258.4 | K17: =K18 -> 19 | L17: =J17+K17 -> 277.4 | M17: ='BOLETIM DE MEDIÇÃO 05'!G17 -> 277.4 | N17: =M17-L17 -> 0
D18: PERÍMETRO DA INTERVENÇÃO | F18: 1 | G18: 9.5 | I18: 2 | K18: =F18*(G18*I18) -> 19
B19: 1.1.5 | C19: 98524 | D19: LIMPEZA MANUAL DE VEGETAÇÃO EM TERRENO COM ENXADA.AF_05/2018 | E19: M2 | J19: ='BOLETIM DE MEDIÇÃO 05'!O18-'MEMORIAL DE CALCULO 02'!K19 -> 0 | K19: =K20 -> 0 | L19: =J19+K19 -> 0 | M19: ='BOLETIM DE MEDIÇÃO 05'!G18 -> 1430.2 | N19: =M19-L19 -> 1430.2
D20: ÁREA DA INTERVENÇÃO | F20: 0 | G20: 1430.2 | K20: =F20*G20 -> 0
B21: 1.1.6 | C21: 100575 | D21: REGULARIZAÇÃO DE SUPERFÍCIES COM MOTONIVELADORA. AF_11/2019 | E21: M2 | J21: ='BOLETIM DE MEDIÇÃO 05'!O19-'MEMORIAL DE CALCULO 02'!K21 -> 0 | K21: =K22 -> 0 | L21: =J21+K21 -> 0 | M21: ='BOLETIM DE MEDIÇÃO 05'!G19 -> 1430.2 | N21: =M21-L21 -> 1430.2
D22: ÁREA DA INTERVENÇÃO | F22: 0 | G22: 1430.2 | K22: =F22*G22 -> 0
B23: 1.2 | C23: MOVIMENTO DE TERRA
B24: 1.2.1 | C24: 99059 | D24: LOCACAO CONVENCIONAL DE OBRA, UTILIZANDO GABARITO DE TÁBUAS CORRIDAS PONTALETADAS A CADA 2,00M - 2 UTILIZAÇÕES. AF_10/2018 | E24: M | F24: 1 | G24: 137.5 | J24: ='BOLETIM DE MEDIÇÃO 05'!O21-'MEMORIAL DE CALCULO 02'!K24 -> 0 | K24: =F24*G24 -> 137.5 | L24: =J24+K24 -> 137.5 | M24: ='BOLETIM DE MEDIÇÃO 05'!G21 -> 137.5 | N24: =M24-L24 -> 0
B25: 1.2.2 | C25: 93358 | D25: ESCAVAÇÃO MANUAL DE VALA COM PROFUNDIDADE MENOR OU IGUAL A 1,30 M. AF_02/2021 | E25: M3 | J25: ='BOLETIM DE MEDIÇÃO 05'!O22-'MEMORIAL DE CALCULO 02'!K25 -> 83.97925 | K25: =SUM(K35:K41) -> 1.20537 | L25: =J25+K25 -> 85.18462 | M25: ='BOLETIM DE MEDIÇÃO 05'!G22 -> 89.01 | N25: =M25-L25 -> 3.82538
D26: SAPATAS
D27: S46=S52=S53=S54=S55=S56=S57=S58=S59=S60=S61=S62=S63=S64=S65=S66=S68=S69=S70=S71=S72=S74=S76=S77=S78=S79=S80=S84=S85=S86=S87=S88 | F27: 0 | G27: 0.6 | H27: 0.7 | I27: 1.85 | K27: =F27*(G27*H27*I27) -> 0
D28: S1=S2=S3=S4=S6=S8=S9=S10=S11=S12=S13=S14=S15=S16=S17=S21=S22=S23=S24=S25=S26=S27=S28=S29=S30=S31=S32=S36=S37=S38=S39=S40=S41=S42=S43=S44=S47=S48=S49=S50=S51 | F28: 0 | G28: 0.6 | H28: 0.7 | I28: 1.85 | K28: =F28*(G28*H28*I28) -> 0
D29: S33 | F29: 0 | G29: 0.6 | H29: 0.8 | I29: 1.85 | K29: =F29*(G29*H29*I29) -> 0
D30: S7=S83 | F30: 0 | G30: 0.9 | H30: 0.9 | I30: 1.85 | K30: =F30*(G30*H30*I30) -> 0
D31: S5=S18=S19=S20=S35=S45=S75 | F31: 0 | G31: 0.65 | H31: 0.65 | I31: 1.85 | K31: =F31*(G31*H31*I31) -> 0
D32: S34=S67=S73 | F32: 0 | G32: 0.65 | H32: 0.75 | I32: 1.85 | K32: =F32*(G32*H32*I32) -> 0
D33: S81=S82 | F33: 0 | G33: 0.55 | H33: 0.95 | I33: 1.85 | K33: =F33*(G33*H33*I33) -> 0
D34: VIGAS BALDRAME
D35: V22 | F35: 1 | G35: 4.758 | H35: 0.15 | I35: 0.3 | K35: =F35*G35*H35*I35 -> 0.21411
D36: V51 | F36: 1 | G36: 3.097 | H36: 0.15 | I36: 0.3 | K36: =F36*G36*H36*I36 -> 0.139365
D37: V46 | F37: 1 | G37: 3.047 | H37: 0.15 | I37: 0.3 | K37: =F37*G37*H37*I37 -> 0.137115
D38: V55 | F38: 1 | G38: 5.109 | H38: 0.15 | I38: 0.3 | K38: =F38*G38*H38*I38 -> 0.229905
D39: V20 | F39: 1 | G39: 2.564 | H39: 0.15 | I39: 0.3 | K39: =F39*G39*H39*I39 -> 0.11538
D40: V21 | F40: 1 | G40: 1.678 | H40: 0.15 | I40: 0.3 | K40: =F40*G40*H40*I40 -> 0.07551
D41: V19 | F41: 1 | G41: 6.533 | H41: 0.15 | I41: 0.3 | K41: =F41*G41*H41*I41 -> 0.293985
B48: 1.2.3 | C48: 96995 | D48: REATERRO MANUAL APILOADO COM SOQUETE. AF_10/2017 | E48: M3 | J48: ='BOLETIM DE MEDIÇÃO 05'!O23-'MEMORIAL DE CALCULO 02'!K48 -> 43.05 | L48: =J48+K48 -> 43.05 | M48: ='BOLETIM DE MEDIÇÃO 05'!G23 -> 44.26 | N48: =M48-L48 -> 1.21
D49: VOLUME DE ESCAVAÇÃO - VOLUME DE CONCRETO DA FUNDAÇÃO
D50: VOLUME DE ESCAVAÇÃO (SAPATAS + BALDRAME) | F50: 1 | G50: =L25 -> 85.18462
D51: VOLUME DE CONTRETO (SAPATAS + BALDRAME) | F51: 1
B52: 1.2.4 | C52: 94319 | D52: ATERRO MANUAL DE VALAS COM SOLO ARGILO-ARENOSO E COMPACTAÇÃO MECANIZADA. AF_05/2016 | E52: M3 | J52: ='BOLETIM DE MEDIÇÃO 05'!O24-'MEMORIAL DE CALCULO 02'!K52 -> 0 | L52: =J52+K52 -> 0 | M52: ='BOLETIM DE MEDIÇÃO 05'!G24 -> 93.63 | N52: =M52-L52 -> 93.63
B53: 1.3 | C53: FUNDAÇÃO
B54: 1.3.1 | C54: composição 12 | D54: ALVENARIA DE EMBASAMENTO COM BLOCO CERÂMICO DE 9X14X19CM E ARGAMASSA DE ASSENTAMENTO COM PREPARO EM BETONEIRA. AF_05/2020. [ADAPTADO SINAPI 101166] | E54: M3 | G54: ALVENARIA DE EMBASAMENTO (CÁLCULO CONSIDERANDO O VOLUME PRISMÁTICO DE CADA SEÇÃO) | J54: ='BOLETIM DE MEDIÇÃO 05'!O26-'MEMORIAL DE CALCULO 02'!K54 -> 6.642 | K54: =SUM(K56:K71) -> 7.34341 | L54: =J54+K54 -> 13.98541 | M54: ='BOLETIM DE MEDIÇÃO 05'!G26 -> 13.99 | N54: =M54-L54 -> 0.00459
D55: BALDRAMES | G55: COMPRIMENTO DA SEÇÃO (M) | H55: LARGURA (M) | I55: (ALTURAS DAS EXTREMIDADES DAS SEÇÕES) (M)
D56: V22 (P86 ATÉ P87) | G56: 4.758 | H56: 0.2 | I56: 0.62; 0.62 | K56: =(0.62*G56)*H56 -> 0.589992
D57: V51 (P87 ATÉ P85) | G57: 3.097 | H57: 0.2 | I57: 0.62; 0.35 | K57: =(((0.62+0.35)/2)*G57)*H57 -> 0.300409
D58: V46 (P86 ATÉ P83) | G58: 3.047 | H58: 0.2 | I58: 0.62; 0.35 | K58: =(((0.62+0.35)/2)*G58)*H58 -> 0.295559
D59: V55 (ENGASTADA NA VV46 E V51) | G59: 5.109 | H59: 0.2 | I59: 0.62; 0.62 | K59: =(((0.62+0.35)/2)*G59)*H59 -> 0.495573
D60: V20 (P83 ATÉ P84) | G60: 2.564 | H60: 0.2 | I60: 0.35; 0.35 | K60: =(0.35*G60)*H60 -> 0.17948
D61: V21 (P84 ATÉ P85) | G61: 1.678 | H61: 0.2 | I61: 0.35; 0.35 | K61: =(0.35*G61)*H61 -> 0.11746
D62: V19 (P81 ATÉ P82) | G62: 6.533 | H62: 0.2 | I62: 0.41; 0.58 | K62: =(((0.41+0.58)/2)*G62)*H62 -> 0.646767
D63: V23 (P78 ATÉ P43) | G63: 12.68 | H63: 0.2 | I63: 0.56; 0.52 | K63: =(((0.56+0.52)/2)*G63)*H63 -> 1.36944
D64: V12 (P43 ATÉ P44) | G64: 1.85 | H64: 0.2 | I64: 0.52; 0.48 | K64: =(((0.52+0.48)/2)*G64)*H64 -> 0.185
D65: V24 (P44 ATÉ P22) | G65: 9.46 | H65: 0.2 | I65: 0.48; 0.55 | K65: =(((0.48+0.55)/2)*G65)*H65 -> 0.97438
D66: V5 (P22 ATÉ P23) | G66: 2.33 | H66: 0.2 | I66: 0.55; 0.55 | K66: =(0.55*G66)*H66 -> 0.2563
D67: V27 (P23 ATÉ P2) | G67: 9.79 | H67: 0.2 | I67: 0.55; 0.62 | K67: =(((0.55+0.52)/2)*G67)*H67 -> 1.04753
D68: V1 (P1 ATÉ P2) | G68: 2.38 | H68: 0.2 | I68: 0.62; 0.62 | K68: =(0.55*G68)*H68 -> 0.2618
D69: V25 (P1 ATÉ P8) | G69: 2.65 | H69: 0.2 | I69: 0.62; 0.62 | K69: =(0.62*G69)*H69 -> 0.3286
D70: V02 | G70: 2.38 | H70: 0.2 | I70: 0.62; 0.62 | K70: =(0.62*G70)*H70 -> 0.29512
B72: 1.3.2 | C72: 101616 | D72: PREPARO DE FUNDO DE VALA COM LARGURA MENOR QUE 1,5 M (ACERTO DO SOLO NATURAL). AF_08/2020 | E72: M2 | J72: ='BOLETIM DE MEDIÇÃO 05'!O27-'MEMORIAL DE CALCULO 02'!K72 -> 0.005 | K72: =SUM(K74:K80) -> 37.805 | L72: =J72+K72 -> 37.81 | M72: ='BOLETIM DE MEDIÇÃO 05'!G27 -> 37.81 | N72: =M72-L72 -> 0
D73: SAPATAS
D74: S46=S52=S53=S54=S55=S56=S57=S58=S59=S60=S61=S62=S63=S64=S65=S66=S68=S69=S70=S71=S72=S74=S76=S77=S78=S79=S80=S84=S85=S86=S87=S88 | F74: 32 | G74: 0.6 | H74: 0.7 | K74: =F74*(G74*H74) -> 13.44
D75: S1=S2=S3=S4=S6=S8=S9=S10=S11=S12=S13=S14=S15=S16=S17=S21=S22=S23=S24=S25=S26=S27=S28=S29=S30=S31=S32=S36=S37=S38=S39=S40=S41=S42=S43=S44=S47=S48=S49=S50=S51 | F75: 40 | G75: 0.6 | H75: 0.7 | K75: =F75*(G75*H75) -> 16.8
D76: S33 | F76: 1 | G76: 0.6 | H76: 0.8 | K76: =F76*(G76*H76) -> 0.48
D77: S7=S83 | F77: 2 | G77: 0.9 | H77: 0.9 | K77: =F77*(G77*H77) -> 1.62
D78: S5=S18=S19=S20=S35=S45=S75 | F78: 7 | G78: 0.65 | H78: 0.65 | K78: =F78*(G78*H78) -> 2.9575
D79: S34=S67=S73 | F79: 3 | G79: 0.65 | H79: 0.75 | K79: =F79*(G79*H79) -> 1.4625
D80: S81=S82 | F80: 2 | G80: 0.55 | H80: 0.95 | K80: =F80*(G80*H80) -> 1.045
B81: 1.3.3 | C81: 96619 | D81: LASTRO DE CONCRETO MAGRO, APLICADO EM BLOCOS DE COROAMENTO OU SAPATAS, ESPESSURA DE 5 CM. AF_08/2017 | E81: M2 | J81: ='BOLETIM DE MEDIÇÃO 05'!O28-'MEMORIAL DE CALCULO 02'!K81 -> 0.005 | K81: =SUM(K83:K89) -> 37.805 | L81: =J81+K81 -> 37.81 | M81: ='BOLETIM DE MEDIÇÃO 05'!G28 -> 77.41 | N81: =M81-L81 -> 39.6
D82: SAPATAS
D83: S46=S52=S53=S54=S55=S56=S57=S58=S59=S60=S61=S62=S63=S64=S65=S66=S68=S69=S70=S71=S72=S74=S76=S77=S78=S79=S80=S84=S85=S86=S87=S88 | F83: 32 | G83: 0.6 | H83: 0.7 | K83: =F83*(G83*H83) -> 13.44
D84: S1=S2=S3=S4=S6=S8=S9=S10=S11=S12=S13=S14=S15=S16=S17=S21=S22=S23=S24=S25=S26=S27=S28=S29=S30=S31=S32=S36=S37=S38=S39=S40=S41=S42=S43=S44=S47=S48=S49=S50=S51 | F84: 40 | G84: 0.6 | H84: 0.7 | K84: =F84*(G84*H84) -> 16.8
D85: S33 | F85: 1 | G85: 0.6 | H85: 0.8 | K85: =F85*(G85*H85) -> 0.48
D86: S7=S83 | F86: 2 | G86: 0.9 | H86: 0.9 | K86: =F86*(G86*H86) -> 1.62
D87: S5=S18=S19=S20=S35=S45=S75 | F87: 7 | G87: 0.65 | H87: 0.65 | K87: =F87*(G87*H87) -> 2.9575
D88: S34=S67=S73 | F88: 3 | G88: 0.65 | H88: 0.75 | K88: =F88*(G88*H88) -> 1.4625
D89: S81=S82 | F89: 2 | G89: 0.55 | H89: 0.95 | K89: =F89*(G89*H89) -> 1.045
B90: 1.3.4 | C90: 96545 | D90: ARMAÇÃO DE BLOCO, VIGA BALDRAME OU SAPATA UTILIZANDO AÇO CA-50 DE 8 MM - MONTAGEM. AF_06/2017 | E90: KG | J90: ='BOLETIM DE MEDIÇÃO 05'!O29-'MEMORIAL DE CALCULO 02'!K90 -> 492.7794 | K90: =SUM(K92:K98) -> 44.52045 | L90: =J90+K90 -> 537.29985 | M90: ='BOLETIM DE MEDIÇÃO 05'!G29 -> 537.3 | N90: =M90-L90 -> 0.00015
D91: BALDRAMES | G91: N° DE BARRAS E COMPRIMENTO | I91: PESO ESPECÍFICO (KG/M)
D92: V22 | F92: 1 | G92: =(2*1.31) + (2*1.51) + (2*4.98) -> 15.6 | I92: 0.395 | K92: =F92*G92*I92 -> 6.162
D93: V51 | F93: 1 | G93: =(3*3.37) + (1.37) + (2*3.47) -> 18.42 | I93: 0.395 | K93: =F93*G93*I93 -> 7.2759
D94: V46 | F94: 1 | G94: =(1.87) + (2*3.62) -> 9.11 | I94: 0.395 | K94: =F94*G94*I94 -> 3.59845
D95: V55 | F95: 1 | G95: =(4*0.88) + (2*3.36) + (2*5.03) -> 20.3 | I95: 0.395 | K95: =F95*G95*I95 -> 8.0185
D96: V20 | F96: 1 | G96: =(2*3.18) + (2*3.18) -> 12.72 | I96: 0.395 | K96: =F96*G96*I96 -> 5.0244
D97: V21 | F97: 1 | G97: =(4*2.15) -> 8.6 | I97: 0.395 | K97: =F97*G97*I97 -> 3.397
D98: V19 | F98: 1 | G98: =(4*6.99) -> 27.96 | I98: 0.395 | K98: =F98*G98*I98 -> 11.0442
B99: 1.3.5 | C99: 94966 | D99: CONCRETO FCK = 30MPA, TRAÇO 1:2,1:2,5 (EM MASSA SECA DE CIMENTO/ AREIA MÉDIA/ BRITA 1) - PREPARO MECÂNICO COM BETONEIRA 400 L. AF_05/2021 | E99: M3 | J99: ='BOLETIM DE MEDIÇÃO 05'!O30-'MEMORIAL DE CALCULO 02'!K99 -> 12.74692 | K99: =SUM(K101:K147) -> 8.413055 | L99: =J99+K99 -> 21.159975 | M99: ='BOLETIM DE MEDIÇÃO 05'!G30 -> 21.16 | N99: =M99-L99 -> 2.5e-05
D100: SAPATAS
D101: S46=S52=S53=S54=S55=S56=S57=S58=S59=S60=S61=S62=S63=S64=S65=S66=S68=S69=S70=S71=S72=S74=S76=S77=S78=S79=S80=S84=S85=S86=S87=S88 | F101: 32 | G101: 0.6 | H101: 0.7 | I101: 0.25 | K101: =F101*(G101*H101*I101) -> 3.36
D102: S1=S2=S3=S4=S6=S8=S9=S10=S11=S12=S13=S14=S15=S16=S17=S21=S22=S23=S24=S25=S26=S27=S28=S29=S30=S31=S32=S36=S37=S38=S39=S40=S41=S42=S43=S44=S47=S48=S49=S50=S51 | F102: 41 | G102: 0.6 | H102: 0.7 | I102: 0.25 | K102: =F102*(G102*H102*I102) -> 4.305
D103: S33 | F103: 1 | G103: 0.6 | H103: 0.8 | I103: 0.25 | K103: =F103*(G103*H103*I103) -> 0.12
D104: S7=S83 | F104: 2 | G104: 0.9 | H104: 0.9 | I104: 0.25 | K104: =F104*(G104*H104*I104) -> 0.405
D105: S5=S18=S19=S20=S35=S45=S75 | F105: 7 | G105: 0.65 | H105: 0.65 | I105: 0.25 | K105: =F105*(G105*H105*I105) -> 0.739375
D106: S34=S67=S73 | F106: 3 | G106: 0.65 | H106: 0.75 | I106: 0.25 | K106: =F106*(G106*H106*I106) -> 0.365625
D107: S81=S82 | F107: 2 | G107: 0.55 | H107: 0.95 | I107: 0.25 | K107: =F107*(G107*H107*I107) -> 0.26125
D108: SAPATAS (TOCOS DE PILARES) | G108: DIMENSÕES DOS PILARES (M) (LARGURA E COMPRIMENTO) | I108: ALTURA (M)
D109: P87, P86 (NIVEL ABAIXO DA VIGA BALDRAME) | F109: 1 | G109: (0.15 + 0.25) | I109: 1.85 | K109: =(0.15*0.25)*I109*2 -> 0.13875
...

Sheet MEMORIAL FOTOGRÁFICO 01
B2: BOLETIM 01 - MEMORIAL FOTOGRÁFICO
B3: OBJETO: | O3: CONTRATO: | P3: LICITAÇÃO Nº: | Q3: VALOR CONTRATADO:
B4: CONSTRUÇÃO DA CASA DE ACOLHIMENTO PARA CRIANÇAS E ADOCESLENTES, "CASA LAR", NO MUNICÍPIO DE SOUSA/PB. | O4: 682/2023 | P4: 03/2023 | Q4: 1240378.4
B5: EMPRESA CONTRATADA: | E5: CNPJ: | O5: CONTRATANTE:
B6: ALX CONSTRUÇÕES E LOCAÇÕES | E6: 17.490.708/0001-70 | O6: PREFEITURA MUNICIPAL DE SOUSA
B7: DATA | D7: PERÍODO DA MEDIÇÃO | E7: VALOR DA MEDIÇÃO: | H7: VALOR ACUMULADO ANTERIOR: | J7: VALOR ACUMULADO ANTERIOR: | Q7: MEDIÇÃO:
B8: 45281 | D8: 21/11/2023 a 21/12/2023 | E8: ='BOLETIM DE MEDIÇÃO 05'!E8 -> 103177.49 | H8: ='BOLETIM DE MEDIÇÃO 05'!H8 -> 274592.68 | Q8: 01
B10: FOTOGRAFIAS

Sheet MEMORIAL FOTOGRÁFICO 02
B2: BOLETIM 02 - MEMORIAL FOTOGRÁFICO
B3: OBJETO: | O3: CONTRATO: | P3: LICITAÇÃO Nº: | Q3: VALOR CONTRATADO:
B4: CONSTRUÇÃO DA CASA DE ACOLHIMENTO PARA CRIANÇAS E ADOCESLENTES, "CASA LAR", NO MUNICÍPIO DE SOUSA/PB. | O4: 682/2023 | P4: 03/2023 | Q4: 1240378.4
B5: EMPRESA CONTRATADA: | E5: CNPJ: | O5: CONTRATANTE:
B6: ALX CONSTRUÇÕES E LOCAÇÕES | E6: 17.490.708/0001-70 | O6: PREFEITURA MUNICIPAL DE SOUSA
B7: DATA | D7: PERÍODO DA MEDIÇÃO | E7: VALOR DA MEDIÇÃO: | H7: VALOR ACUMULADO ANTERIOR: | J7: VALOR ACUMULADO ANTERIOR: | Q7: MEDIÇÃO:
B8: 45291 | D8: 22/12/2023 a 31/01/2024 | E8: ='BOLETIM DE MEDIÇÃO 05'!E8 -> 103177.49 | H8: ='BOLETIM DE MEDIÇÃO 05'!H8 -> 274592.68 | Q8: 02
B10: FOTOGRAFIAS

Sheet MEMORIAL DE CALCULO 03
B2: BOLETIM DE MEDIÇÃO 03 - MEMORIAL DE CÁLCULO
B3: OBJETO: | I3: CONTRATO: | J3: VALOR CONTRATADO:
B4: CONSTRUÇÃO DA CASA DE ACOLHIMENTO PARA CRIANÇAS E ADOCESLENTES, "CASA LAR", NO MUNICÍPIO DE SOUSA/PB. | I4: 682/2023 | J4: 1240378.4
B5: EMPRESA CONTRATADA: | E5: CNPJ: | I5: CONTRATANTE:
B6: ALX CONSTRUÇÕES E LOCAÇÕES | E6: 17.490.708/0001-70 | I6: PREFEITURA MUNICIPAL DE SOUSA
B7: DATA | D7: PERÍODO DA MEDIÇÃO | E7: VALOR DA MEDIÇÃO: | H7: VALOR ACUMULADO ANTERIOR: | J7: MEDIÇÃO:
B8: 45352 | D8: 31/01/2024 a 01/03/2024 | E8: ='BOLETIM DE MEDIÇÃO 05'!E8 -> 103177.49 | H8: ='BOLETIM DE MEDIÇÃO 05'!H8 -> 274592.68 | J8: 03
B10: ITEM | C10: CÓDIGO | D10: DESCRIÇÃO | E10: UND | F10: VEZ | G10: DADOS | J10: RESULTADO
G11: L | H11: C | I11: H | J11: ACUMULADO ANTERIOR | K11: PARCIAL | L11: TOTAL | M11: CONTRATADO | N11: SALDO
B12: 1 | C12: CONSTRUÇÃO DA CASA DE ACOLHIMENTO PARA CRIANÇAS E ADOLESCENTES - CASA LAR, NO MUNICÍPIO DE SOUSA - PB
B13: 1.1 | C13: SERVIÇOS PRELIMINARES
B14: 1.1.1 | C14: composição 1 | D14: PLACA DE OBRA EM CHAPA DE ACO GALVANIZADO [ADAPTADO SINAPI 74209/01] | E14: M2 | F14: 1 | G14: 2 | I14: 3 | J14: ='BOLETIM DE MEDIÇÃO 05'!O14-'MEMORIAL DE CALCULO 03'!K14 -> 0 | K14: =G14*I14*F14 -> 6 | L14: =J14+K14 -> 6 | M14: ='BOLETIM DE MEDIÇÃO 05'!G14 -> 6 | N14: =M14-L14 -> 0
B15: 1.1.2 | C15: 93209 | D15: EXECUÇÃO DE ALMOXARIFADO EM CANTEIRO DE OBRA EM ALVENARIA, INCLUSO PRATELEIRAS. AF_02/2016 | E15: M2 | F15: 1 | G15: 1 | H15: 2.75 | J15: ='BOLETIM DE MEDIÇÃO 05'!O15-'MEMORIAL DE CALCULO 03'!K15 -> 2.25 | K15: =F15*G15*H15 -> 2.75 | L15: =J15+K15 -> 5 | M15: ='BOLETIM DE MEDIÇÃO 05'!G15 -> 5 | N15: =M15-L15 -> 0
B16: 1.1.3 | C16: 93206 | D16: EXECUÇÃO DE ESCRITÓRIO EM CANTEIRO DE OBRA EM ALVENARIA, NÃO INCLUSO MOBILIÁRIO E EQUIPAMENTOS. AF_02/2016 | E16: M2 | F16: 1 | G16: 1 | H16: 2.75 | J16: ='BOLETIM DE MEDIÇÃO 05'!O16-'MEMORIAL DE CALCULO 03'!K16 -> 2.25 | K16: =F16*G16*H16 -> 2.75 | L16: =J16+K16 -> 5 | M16: ='BOLETIM DE MEDIÇÃO 05'!G16 -> 5 | N16: =M16-L16 -> 0
B17: 1.1.4 | C17: composição 11 | D17: Tapume em chapa compensada esp = 10mm (1 uso). [ADAPTADO ORSE 53] | E17: M2 | J17: ='BOLETIM DE MEDIÇÃO 05'!O17-'MEMORIAL DE CALCULO 03'!K17 -> 258.4 | K17: =K18 -> 19 | L17: =J17+K17 -> 277.4 | M17: ='BOLETIM DE MEDIÇÃO 05'!G17 -> 277.4 | N17: =M17-L17 -> 0
D18: PERÍMETRO DA INTERVENÇÃO | F18: 1 | G18: 9.5 | I18: 2 | K18: =F18*(G18*I18) -> 19
B19: 1.1.5 | C19: 98524 | D19: LIMPEZA MANUAL DE VEGETAÇÃO EM TERRENO COM ENXADA.AF_05/2018 | E19: M2 | J19: ='BOLETIM DE MEDIÇÃO 05'!O18-'MEMORIAL DE CALCULO 03'!K19 -> 0 | K19: =K20 -> 0 | L19: =J19+K19 -> 0 | M19: ='BOLETIM DE MEDIÇÃO 05'!G18 -> 1430.2 | N19: =M19-L19 -> 1430.2
D20: ÁREA DA INTERVENÇÃO | F20: 0 | G20: 1430.2 | K20: =F20*G20 -> 0
B21: 1.1.6 | C21: 100575 | D21: REGULARIZAÇÃO DE SUPERFÍCIES COM MOTONIVELADORA. AF_11/2019 | E21: M2 | J21: ='BOLETIM DE MEDIÇÃO 05'!O19-'MEMORIAL DE CALCULO 03'!K21 -> 0 | K21: =K22 -> 0 | L21: =J21+K21 -> 0 | M21: ='BOLETIM DE MEDIÇÃO 05'!G19 -> 1430.2 | N21: =M21-L21 -> 1430.2
D22: ÁREA DA INTERVENÇÃO | F22: 0 | G22: 1430.2 | K22: =F22*G22 -> 0
B23: 1.2 | C23: MOVIMENTO DE TERRA
B24: 1.2.1 | C24: 99059 | D24: LOCACAO CONVENCIONAL DE OBRA, UTILIZANDO GABARITO DE TÁBUAS CORRIDAS PONTALETADAS A CADA 2,00M - 2 UTILIZAÇÕES. AF_10/2018 | E24: M | F24: 1 | G24: 137.5 | J24: ='BOLETIM DE MEDIÇÃO 05'!O21-'MEMORIAL DE CALCULO 03'!K24 -> 0 | K24: =F24*G24 -> 137.5 | L24: =J24+K24 -> 137.5 | M24: ='BOLETIM DE MEDIÇÃO 05'!G21 -> 137.5 | N24: =M24-L24 -> 0
B25: 1.2.2 | C25: 93358 | D25: ESCAVAÇÃO MANUAL DE VALA COM PROFUNDIDADE MENOR OU IGUAL A 1,30 M. AF_02/2021 | E25: M3 | J25: ='BOLETIM DE MEDIÇÃO 05'!O22-'MEMORIAL DE CALCULO 03'!K25 -> 71.14462 | K25: =F34*(G34*H34*I34) -> 14.04 | L25: =J25+K25 -> 85.18462 | M25: ='BOLETIM DE MEDIÇÃO 05'!G22 -> 89.01 | N25: =M25-L25 -> 3.82538
D26: SAPATAS
D27: S46=S52=S53=S54=S55=S56=S57=S58=S59=S60=S61=S62=S63=S64=S65=S66=S68=S69=S70=S71=S72=S74=S76=S77=S78=S79=S80=S84=S85=S86=S87=S88 | F27: 0 | G27: 0.6 | H27: 0.7 | I27: 1.85 | K27: =F27*(G27*H27*I27) -> 0
D28: S1=S2=S3=S4=S6=S8=S9=S10=S11=S12=S13=S14=S15=S16=S17=S21=S22=S23=S24=S25=S26=S27=S28=S29=S30=S31=S32=S36=S37=S38=S39=S40=S41=S42=S43=S44=S47=S48=S49=S50=S51 | F28: 0 | G28: 0.6 | H28: 0.7 | I28: 1.85 | K28: =F28*(G28*H28*I28) -> 0
D29: S33 | F29: 0 | G29: 0.6 | H29: 0.8 | I29: 1.85 | K29: =F29*(G29*H29*I29) -> 0
D30: S7=S83 | F30: 0 | G30: 0.9 | H30: 0.9 | I30: 1.85 | K30: =F30*(G30*H30*I30) -> 0
D31: S5=S18=S19=S20=S35=S45=S75 | F31: 0 | G31: 0.65 | H31: 0.65 | I31: 1.85 | K31: =F31*(G31*H31*I31) -> 0
D32: S34=S67=S73 | F32: 0 | G32: 0.65 | H32: 0.75 | I32: 1.85 | K32: =F32*(G32*H32*I32) -> 0
D33: S81=S82 | F33: 0 | G33: 0.55 | H33: 0.95 | I33: 1.85 | K33: =F33*(G33*H33*I33) -> 0
D34: VIGAS BALDRAME | F34: 1 | G34: 312 | H34: 0.15 | I34: 0.3 | K34: =F34*(G34*H34*I34) -> 14.04
D35: V22 | F35: 1 | G35: 4.758 | H35: 0.15 | I35: 0.3 | K35: =F35*G35*H35*I35 -> 0.21411
D36: V51 | F36: 1 | G36: 3.097 | H36: 0.15 | I36: 0.3 | K36: =F36*G36*H36*I36 -> 0.139365
D37: V46 | F37: 1 | G37: 3.047 | H37: 0.15 | I37: 0.3 | K37: =F37*G37*H37*I37 -> 0.137115
D38: V55 | F38: 1 | G38: 5.109 | H38: 0.15 | I38: 0.3 | K38: =F38*G38*H38*I38 -> 0.229905
D39: V20 | F39: 1 | G39: 2.564 | H39: 0.15 | I39: 0.3 | K39: =F39*G39*H39*I39 -> 0.11538
D40: V21 | F40: 1 | G40: 1.678 | H40: 0.15 | I40: 0.3 | K40: =F40*G40*H40*I40 -> 0.07551
D41: V19 | F41: 1 | G41: 6.533 | H41: 0.15 | I41: 0.3 | K41: =F41*G41*H41*I41 -> 0.293985
D42: V17 | F42: 1 | G42: 15.175 | H42: 0.15 | I42: 0.3 | K42: =F42*G42*H42*I42 -> 0.682875
D43: V52 | F43: 1 | G43: 11 | H43: 0.15 | I43: 0.3 | K43: =F43*G43*H43*I43 -> 0.495
D44: V50 | F44: 1 | G44: 1.9 | H44: 0.15 | I44: 0.3 | K44: =F44*G44*H44*I44 -> 0.0855
D45: V16 | F45: 1 | G45: 6.38 | H45: 0.15 | I45: 0.3 | K45: =F45*G45*H45*I45 -> 0.2871
D46: V42 | F46: 1 | G46: 8.31 | H46: 0.15 | I46: 0.3 | K46: =F46*G46*H46*I46 -> 0.37395
... D67: V45 | F67: 1 | G67: 2.69 | H67: 0.15 | I67: 0.3 | K67: =F67*G67*H67*I67 -> 0.12105
B68: 1.2.3 | C68: 96995 | D68: REATERRO MANUAL APILOADO COM SOQUETE. AF_10/2017 | E68: M3 | J68: ='BOLETIM DE MEDIÇÃO 05'!I22 -> 1.20537 | K68: =G70*F70 -> 43.05 | L68: =J68+K68 -> 44.25537 | M68: ='BOLETIM DE MEDIÇÃO 05'!G23 -> 44.26 | N68: =M68-L68 -> 0.00463
D69: VOLUME DE ESCAVAÇÃO - VOLUME DE CONCRETO DA FUNDAÇÃO
D70: VOLUME DE ESCAVAÇÃO (SAPATAS + BALDRAME) | F70: 1 | G70: =43.05 -> 43.05
D71: VOLUME DE CONTRETO (SAPATAS + BALDRAME) | L71: =J71+K71 -> 0
B72: 1.2.4 | C72: 94319 | D72: ATERRO MANUAL DE VALAS COM SOLO ARGILO-ARENOSO E COMPACTAÇÃO MECANIZADA. AF_05/2016 | E72: M3 | G72: CÁLCULO DO VOLUME DE ATERRO COMPACTADO (ÁREA INTERNA E EXTERNA DA OBRA ESPECIFICADAS) | J72: =0 -> 0 | K72: =SUM(K75:K106) -> 599.17246 | L72: =J72+K72 -> 599.17246 | M72: ='BOLETIM DE MEDIÇÃO 05'!G24 -> 93.63 | N72: =M72-L72 -> -505.54246
D73: ATERRO (PARTE INTERNA) CAIXÃO REFERENTE AOS AMBIENTES | G73: ÁREA (M²) | I73: SOMATÓRIA E MÉDIA DAS ALTURAS ENCONTRADAS DO EMBASAMENTO + ALTURA DA VIGA BALDRAME (M) EM CADA AMBIENTE (PARTE INTERNA DA OBRA)
D74: GUARITA | G74: 9 | I74: =((0.49+0.35) + (0.35+0.25) + (0.62+0.35) + (0.49+0.35))/4 -> 0.8125 | K74: =G74*I74 -> 7.3125
D75: HALL | G75: 5 | I75: =((0.62+0.35) + (0.62+0.25) + (0.62+0.35) + (0.62+0.35))/4 -> 0.945 | K75: =G75*I75 -> 4.725
D76: ENTRADA (ENTRE A SALA DE ESTAR E A ÁREA EXTERNA - ÁREA ONDE ESTÁ A LAJE) | G76: =(13.03 * 2.7) -> 35.181 | I76: =((0.41+0.25) + (0.58+0.25) + (0.64+0.25) + (0.42+0.25)+ (0.35+0.25)+ (0.25+0.25))/6 -> 0.69166667 | K76: =G76*I76 -> 24.333525
D77: WC (AO LADO DO DEPÓSITO E COORDENAÇÃO) | G77: 3 | I77: =((0.2+0.25) + (0.2+0.25) + (0.2+0.25) + (0.2+0.25))/4 -> 0.45 | K77: =G77*I77 -> 1.35
D78: DEPÓSITO | G78: 7 | I78: =((0.25+0.25) + (0.25+0.25) + (0.2+0.25) + (0.3+0.25))/4 -> 0.5 | K78: =G78*I78 -> 3.5
D79: COORDENAÇÃO | G79: 21 | I79: =((0.25+0.25) + (0.31+0.25) + (0.27+0.25) + (0.2+0.25))/4 -> 0.5075 | K79: =G79*I79 -> 10.6575
D80: QUARTO FEMININO ADOLESCENTE | G80: 27 | I80: =((0.5+0.25) + (0.46+0.3) + (0.41+0.3) + (0.45+0.3))/4 -> 0.7425 | K80: =G80*I80 -> 20.0475
D81: QUARTO MASCULINO ADOLESCENTE | G81: 26 | I81: =((0.25+0.3) + (0.3+0.3) + (0.27+0.3) + (0.22+0.25))/4 -> 0.5475 | K81: =G81*I81 -> 14.235
D82: WC (QUARTO FEMININO ADOLESCENTE) | G82: 1.6 | I82: =((0.3+0.3) + (0.32+0.3) + (0.33+0.3) + (0.3+0.25))/4 -> 0.6 | K82: =G82*I82 -> 0.96
D83: WC (QUARTO MASCULINO ADOLESCENTE) | G83: 1.6 | I83: =((0.35+0.3) + (0.38+0.25) + (0.33+0.3) + (0.32+0.25))/4 -> 0.62 | K83: =G83*I83 -> 0.992
D84: SALA DE ESTAR | G84: 45 | I84: =((0.42+0.25) + (0.55+0.25) + (0.48+0.25) + (0.31+0.25))/4 -> 0.69 | K84: =G84*I84 -> 31.05
D85: SALA DE REUNIÃO | G85: 19 | I85: =((0.64+0.25) + (0.64+0.25) + (0.64+0.25) + (0.63+0.25))/4 -> 0.8875 | K85: =G85*I85 -> 16.8625
D86: PSICÓLOGO | G86: 19 | I86: =((0.61+0.25) + (0.59+0.25) + (0.62+0.25) + (0.64+0.25))/4 -> 0.865 | K86: =G86*I86 -> 16.435
D87: WC SOCIAL | G87: 5 | I87: =((0.61+0.25) + (0.6+0.25) + (0.55+0.25) + (0.55+0.25))/4 -> 0.8275 | K87: =G87*I87 -> 4.1375
D88: CIRCULAÇÃO 01 | G88: 14 | I88: =((0.55+0.25) + (0.53+0.25) + (0.6+0.25) + (0.63+0.25))/4 -> 0.8275 | K88: =G88*I88 -> 11.585
D89: CIRCULAÇÃO 02 | G89: 36 | I89: =((0.64+0.25) + (0.55+0.25) + (0.57+0.25) + (0.53+0.25) + (0.5+0.25) + (0.44+0.25) + (0.4+0.3) + (0.42+0.25) + (0.4+0.25) + (0.41+0.25) + (0.38+0.25) + (0.36+0.25) + (0.34+0.25))/12 -> 0.77 | K89: =G89*I89 -> 27.72
D90: SALA DE ESTUDOS | G90: 46 | I90: =((0.58+0.25) + (0.56+0.25) + (0.51+0.25) + (0.53+0.25))/4 -> 0.795 | K90: =G90*I90 -> 36.57
D91: REFEITÓRIO | G91: 41 | I91: =((0.5+0.25) + (0.5+0.25) + (0.48+0.25) + (0.5+0.3))/4 -> 0.7575 | K91: =G91*I91 -> 31.0575
D92: BRINQUEDOTECA | G92: 27 | I92: =((0.38+0.25) + (0.45+0.3) + (0.41+0.3) + (0.34+0.25))/4 -> 0.67 | K92: =G92*I92 -> 18.09
D93: CIRCULAÇÃO 03 | G93: 53 | I93: =((0.41+0.3) + (0.48+0.25) + (0.53+0.3) + (0.5+0.25)+ (0.37+0.25)+ (0.38+0.25))/6 -> 0.71166667 | K93: =G93*I93 -> 37.718333
D94: CLARABOIA (ENTRE A BRINQUEDOTECA E OS QUARTOS INFANTIS) | G94: =(2.65*1.8) -> 4.77 | I94: =((0.33+0.25) + (0.38+0.3) + (0.36+0.3) + (0.31+0.25))/4 -> 0.62 | K94: =G94*I94 -> 2.9574
D95: QUARTO INFANTIL FEMININO | G95: 30 | I95: =((0.49+0.25) + (0.45+0.25) + (0.42+0.25) + (0.5+0.25))/4 -> 0.715 | K95: =G95*I95 -> 21.45
D96: QUARTO INFANTIL MASCULINO | G96: 30 | I96: =((0.4+0.25) + (0.42+0.25) + (0.46+0.25) + (0.43+0.25))/4 -> 0.6775 | K96: =G96*I96 -> 20.325
D97: WC (AO LADO DOS QUARTOS INFANTIS) | G97: 14 | I97: =((0.29+0.3) + (0.36+0.25) + (0.34+0.25) + (0.28+0.25))/4 -> 0.58 | K97: =G97*I97 -> 8.12
D98: WC (AO LADO DOS QUARTOS INFANTIS) | G98: 14 | I98: =((0.34+0.25) + (0.39+0.25) + (0.39+0.25) + (0.35+0.25))/4 -> 0.6175 | K98: =G98*I98 -> 8.645
D99: COZINHA | G99: 20 | I99: =((0.34+0.25) + (0.39+0.25) + (0.39+0.25) + (0.35+0.25))/4 -> 0.6175 | K99: =G99*I99 -> 12.35
D100: DESPENSA | G100: 3 | I100: =((0.5+0.25) + (0.58+0.25) + (0.55+0.25) + (0.49+0.25))/4 -> 0.78 | K100: =G100*I100 -> 2.34
D101: WC (QUATO FUNC.) | G101: 4 | I101: =((0.55+0.25) + (0.6+0.25) + (0.6+0.25) + (0.5+0.25))/4 -> 0.8125 | K101: =G101*I101 -> 3.25
D102: QUARTO FUNC. | G102: 12 | I102: =((0.51+0.25) + (0.49+0.25) + (0.58+0.25) + (0.48+0.25))/4 -> 0.765 | K102: =G102*I102 -> 9.18
D103: ÁREA DE SERVIÇO | G103: 20 | I103: =((0.54+0.25) + (0.59+0.25) + (0.62+0.25) + (0.63+0.25) + (0.61+0.25))/5 -> 0.848 | K103: =G103*I103 -> 16.96
D104: DML | G104: 4 | I104: =((0.55+0.25) + (0.61+0.25) + (0.56+0.25) + (0.5+0.25))/4 -> 0.805 | K104: =G104*I104 -> 3.22
D105: WC PCD | G105: 5 | I105: =((0.53+0.25) + (0.5+0.25) + (0.47+0.25) + (0.48+0.25))/4 -> 0.745 | K105: =G105*I105 -> 3.725
D106: ÁREA EXTERNA (RETIRADO DO PROJETO EM DWG) (ÁREA INTERNA AO MURO - VALOR DE ÁREA INTERNA CONSIDERADA) | G106: =1184.23-SUM(G74:H105) -> 582.079 | I106: 0.3 | K106: =G106*I106 -> 174.6237
B107: 1.3 | C107: FUNDAÇÃO
B108: 1.3.1 | C108: composição 12 | D108: ALVENARIA DE EMBASAMENTO COM BLOCO CERÂMICO DE 9X14X19CM E ARGAMASSA DE ASSENTAMENTO COM PREPARO EM BETONEIRA. AF_05/2020. [ADAPTADO SINAPI 101166] | E108: M3 | G108: ALVENARIA DE EMBASAMENTO (CÁLCULO CONSIDERANDO O VOLUME PRISMÁTICO DE CADA SEÇÃO) | J108: 7.34 | K108: =SUM(K110:K153) -> 25.772845 | L108: =J108+K108 -> 33.112845 | M108: ='BOLETIM DE MEDIÇÃO 05'!G26 -> 13.99 | N108: =M108-L108 -> -19.122845
D109: BALDRAMES (ALVENARIA ABAIXO DAS VIGAS) | G109: COMPRIMENTO DA SEÇÃO (M) | H109: LARGURA (M) | I109: (ALTURAS DAS EXTREMIDADES DAS SEÇÕES) (M)
D110: V17 (P73 ATÉ P77) | G110: 15.175 | H110: 0.2 | I110: 0.53; 0.20 | K110: =(((0.53+0.2)/2)*G110)*H110 -> 1.107775
D111: V52 (P77 ATÉ P50) | G111: 11 | H111: 0.2 | I111: 0.20; 0.20 | K111: =(0.2*G111)*H111 -> 0.44
D112: V50 (P76 ATÉ P69) | G112: 1.9 | H112: 0.2 | I112: 0.20; 0.20 | K112: =(0.2*G112)*H112 -> 0.076
D113: V16 (P68 ATÉ P70) | G113: 6.38 | H113: 0.2 | I113: 0.29; 0.20 | K113: =(((0.29+0.2)/2)*G113)*H113 -> 0.31262
D114: V42 (P75 ATÉ V13) | G114: 8.31 | H114: 0.2 | I114: 0.30; 0.33 | K114: =(((0.3+0.33)/2)*G114)*H114 -> 0.52353
D115: V14 (P64 ATÉ P57) | G115: 24.075 | H115: 0.2 | I115: 0.20; 0.60 | K115: =(((0.2+0.6)/2)*G115)*H115 -> 1.926
D116: V53 (P07 ATÉ V04) | G116: 5.31 | H116: 0.2 | I116: 0.48; 0.30 | K116: =(((0.48+0.3)/2)*G116)*H116 -> 0.41418
D117: V54 (P21 ATÉ P38) | G117: 5.47 | H117: 0.2 | I117: 0.38; 0.24 | K117: =(((0.38+0.24)/2)*G117)*H117 -> 0.33914
D118: V04 (P21 ATÉ P16) | G118: 13.42 | H118: 0.2 | I118: 0.38; 0.60 | K118: =(((0.38+0.6)/2)*G118)*H118 -> 1.31516
D119: V44 (P06 ATÉ V04) | G119: 5.31 | H119: 0.2 | I119: 0.43; 0.35 | K119: =(((0.43+0.35)/2)*G119)*H119 -> 0.41418
D120: V37 (P04 ATÉ P16) | G120: 5.31 | H120: 0.2 | I120: 0.47; 0.60 | K120: =(((0.47+0.6)/2)*G120)*H120 -> 0.56817
D121: V01 (P02 ATÉ P07) | G121: 19.97 | H121: 0.2 | I121: 0.62; 0.50 | K121: =(((0.62+0.5)/2)*G121)*H121 -> 2.23664
D122: V02 (P9 ATÉ P12) | G122: 7.83 | H122: 0.2 | I122: 0.63; 0.49 | K122: =(((0.63+0.49)/2)*G122)*H122 -> 0.87696
...

Sheet MEMORIAL FOTOGRÁFICO 03
B2: BOLETIM 03 - MEMORIAL FOTOGRÁFICO
B3: OBJETO: | O3: CONTRATO: | P3: LICITAÇÃO Nº: | Q3: VALOR CONTRATADO:
B4: CONSTRUÇÃO DA CASA DE ACOLHIMENTO PARA CRIANÇAS E ADOCESLENTES, "CASA LAR", NO MUNICÍPIO DE SOUSA/PB. | O4: 682/2023 | P4: 03/2023 | Q4: 1240378.4
B5: EMPRESA CONTRATADA: | E5: CNPJ: | O5: CONTRATANTE:
B6: ALX CONSTRUÇÕES E LOCAÇÕES | E6: 17.490.708/0001-70 | O6: PREFEITURA MUNICIPAL DE SOUSA
B7: DATA | D7: PERÍODO DA MEDIÇÃO | E7: VALOR DA MEDIÇÃO: | H7: VALOR ACUMULADO ANTERIOR: | J7: VALOR ACUMULADO ANTERIOR: | Q7: MEDIÇÃO:
B8: 45352 | D8: 31/01/2024 a 01/03/2024 | E8: ='BOLETIM DE MEDIÇÃO 05'!E8 -> 103177.49 | H8: ='BOLETIM DE MEDIÇÃO 05'!H8 -> 274592.68 | Q8: 03
B10: FOTOGRAFIAS

Sheet MEMORIAL DE CALCULO 04
B2: BOLETIM DE MEDIÇÃO 04 - MEMORIAL DE CÁLCULO
B3: OBJETO: | I3: CONTRATO: | J3: VALOR CONTRATADO:
B4: CONSTRUÇÃO DA CASA DE ACOLHIMENTO PARA CRIANÇAS E ADOCESLENTES, "CASA LAR", NO MUNICÍPIO DE SOUSA/PB. | I4: 682/2023 | J4: 1240378.4
B5: EMPRESA CONTRATADA: | E5: CNPJ: | I5: CONTRATANTE:
B6: ALX CONSTRUÇÕES E LOCAÇÕES | E6: 17.490.708/0001-70 | I6: PREFEITURA MUNICIPAL DE SOUSA
B7: DATA | D7: PERÍODO DA MEDIÇÃO | E7: VALOR DA MEDIÇÃO: | H7: VALOR ACUMULADO ANTERIOR: | J7: MEDIÇÃO:
B8: 45386 | D8: 02/03/2024 a 04/04/2024 | E8: ='BOLETIM DE MEDIÇÃO 05'!E8 -> 103177.49 | H8: ='BOLETIM DE MEDIÇÃO 05'!H8 -> 274592.68 | J8: 04
B10: ITEM | C10: CÓDIGO | D10: DESCRIÇÃO | E10: UND | F10: VEZ | G10: DADOS | J10: RESULTADO
G11: L | H11: C | I11: H | J11: ACUMULADO ANTERIOR | K11: PARCIAL | L11: TOTAL | M11: CONTRATADO | N11: SALDO
B12: 1 | C12: CONSTRUÇÃO DA CASA DE ACOLHIMENTO PARA CRIANÇAS E ADOLESCENTES - CASA LAR, NO MUNICÍPIO DE SOUSA - PB
B13: 1.1 | C13: SERVIÇOS PRELIMINARES
B14: 1.1.1 | C14: composição 1 | D14: PLACA DE OBRA EM CHAPA DE ACO GALVANIZADO [ADAPTADO SINAPI 74209/01] | E14: M2 | F14: 1 | G14: 2 | I14: 3 | J14: ='BOLETIM DE MEDIÇÃO 05'!O14-'MEMORIAL DE CALCULO 04'!K14 -> 0 | K14: =G14*I14*F14 -> 6 | L14: =J14+K14 -> 6 | M14: ='BOLETIM DE MEDIÇÃO 05'!G14 -> 6 | N14: =M14-L14 -> 0
B15: 1.1.2 | C15: 93209 | D15: EXECUÇÃO DE ALMOXARIFADO EM CANTEIRO DE OBRA EM ALVENARIA, INCLUSO PRATELEIRAS. AF_02/2016 | E15: M2 | F15: 1 | G15: 1 | H15: 2.75 | J15: ='BOLETIM DE MEDIÇÃO 05'!O15-'MEMORIAL DE CALCULO 04'!K15 -> 2.25 | K15: =F15*G15*H15 -> 2.75 | L15: =J15+K15 -> 5 | M15: ='BOLETIM DE MEDIÇÃO 05'!G15 -> 5 | N15: =M15-L15 -> 0
B16: 1.1.3 | C16: 93206 | D16: EXECUÇÃO DE ESCRITÓRIO EM CANTEIRO DE OBRA EM ALVENARIA, NÃO INCLUSO MOBILIÁRIO E EQUIPAMENTOS. AF_02/2016 | E16: M2 | F16: 1 | G16: 1 | H16: 2.75 | J16: ='BOLETIM DE MEDIÇÃO 05'!O16-'MEMORIAL DE CALCULO 04'!K16 -> 2.25 | K16: =F16*G16*H16 -> 2.75 | L16: =J16+K16 -> 5 | M16: ='BOLETIM DE MEDIÇÃO 05'!G16 -> 5 | N16: =M16-L16 -> 0
B17: 1.1.4 | C17: composição 11 | D17: Tapume em chapa compensada esp = 10mm (1 uso). [ADAPTADO ORSE 53] | E17: M2 | J17: ='BOLETIM DE MEDIÇÃO 05'!O17-'MEMORIAL DE CALCULO 04'!K17 -> 258.4 | K17: =K18 -> 19 | L17: =J17+K17 -> 277.4 | M17: ='BOLETIM DE MEDIÇÃO 05'!G17 -> 277.4 | N17: =M17-L17 -> 0
D18: PERÍMETRO DA INTERVENÇÃO | F18: 1 | G18: 9.5 | I18: 2 | K18: =F18*(G18*I18) -> 19
B19: 1.1.5 | C19: 98524 | D19: LIMPEZA MANUAL DE VEGETAÇÃO EM TERRENO COM ENXADA.AF_05/2018 | E19: M2 | J19: ='BOLETIM DE MEDIÇÃO 05'!O18-'MEMORIAL DE CALCULO 04'!K19 -> 0 | K19: =K20 -> 0 | L19: =J19+K19 -> 0 | M19: ='BOLETIM DE MEDIÇÃO 05'!G18 -> 1430.2 | N19: =M19-L19 -> 1430.2
D20: ÁREA DA INTERVENÇÃO | F20: 0 | G20: 1430.2 | K20: =F20*G20 -> 0
B21: 1.1.6 | C21: 100575 | D21: REGULARIZAÇÃO DE SUPERFÍCIES COM MOTONIVELADORA. AF_11/2019 | E21: M2 | J21: ='BOLETIM DE MEDIÇÃO 05'!O19-'MEMORIAL DE CALCULO 04'!K21 -> 0 | K21: =K22 -> 0 | L21: =J21+K21 -> 0 | M21: ='BOLETIM DE MEDIÇÃO 05'!G19 -> 1430.2 | N21: =M21-L21 -> 1430.2
D22: ÁREA DA INTERVENÇÃO | F22: 0 | G22: 1430.2 | K22: =F22*G22 -> 0
B23: 1.2 | C23: MOVIMENTO DE TERRA
B24: 1.2.1 | C24: 99059 | D24: LOCACAO CONVENCIONAL DE OBRA, UTILIZANDO GABARITO DE TÁBUAS CORRIDAS PONTALETADAS A CADA 2,00M - 2 UTILIZAÇÕES. AF_10/2018 | E24: M | F24: 1 | G24: 137.5 | J24: ='BOLETIM DE MEDIÇÃO 05'!O21-'MEMORIAL DE CALCULO 04'!K24 -> 0 | K24: =F24*G24 -> 137.5 | L24: =J24+K24 -> 137.5 | M24: ='BOLETIM DE MEDIÇÃO 05'!G21 -> 137.5 | N24: =M24-L24 -> 0
B25: 1.2.2 | C25: 93358 | D25: ESCAVAÇÃO MANUAL DE VALA COM PROFUNDIDADE MENOR OU IGUAL A 1,30 M. AF_02/2021 | E25: M3 | J25: ='BOLETIM DE MEDIÇÃO 05'!O22-'MEMORIAL DE CALCULO 04'!K25 -> 71.14462 | K25: =F34*(G34*H34*I34) -> 14.04 | L25: =J25+K25 -> 85.18462 | M25: ='BOLETIM DE MEDIÇÃO 05'!G22 -> 89.01 | N25: =M25-L25 -> 3.82538
D26: SAPATAS
D27: S46=S52=S53=S54=S55=S56=S57=S58=S59=S60=S61=S62=S63=S64=S65=S66=S68=S69=S70=S71=S72=S74=S76=S77=S78=S79=S80=S84=S85=S86=S87=S88 | F27: 0 | G27: 0.6 | H27: 0.7 | I27: 1.85 | K27: =F27*(G27*H27*I27) -> 0
D28: S1=S2=S3=S4=S6=S8=S9=S10=S11=S12=S13=S14=S15=S16=S17=S21=S22=S23=S24=S25=S26=S27=S28=S29=S30=S31=S32=S36=S37=S38=S39=S40=S41=S42=S43=S44=S47=S48=S49=S50=S51 | F28: 0 | G28: 0.6 | H28: 0.7 | I28: 1.85 | K28: =F28*(G28*H28*I28) -> 0
D29: S33 | F29: 0 | G29: 0.6 | H29: 0.8 | I29: 1.85 | K29: =F29*(G29*H29*I29) -> 0
D30: S7=S83 | F30: 0 | G30: 0.9 | H30: 0.9 | I30: 1.85 | K30: =F30*(G30*H30*I30) -> 0
D31: S5=S18=S19=S20=S35=S45=S75 | F31: 0 | G31: 0.65 | H31: 0.65 | I31: 1.85 | K31: =F31*(G31*H31*I31) -> 0
D32: S34=S67=S73 | F32: 0 | G32: 0.65 | H32: 0.75 | I32: 1.85 | K32: =F32*(G32*H32*I32) -> 0
D33: S81=S82 | F33: 0 | G33: 0.55 | H33: 0.95 | I33: 1.85 | K33: =F33*(G33*H33*I33) -> 0
D34: VIGAS BALDRAME | F34: 1 | G34: 312 | H34: 0.15 | I34: 0.3 | K34: =F34*(G34*H34*I34) -> 14.04
D35: V22 | F35: 1 | G35: 4.758 | H35: 0.15 | I35: 0.3 | K35: =F35*G35*H35*I35 -> 0.21411
D36: V51 | F36: 1 | G36: 3.097 | H36: 0.15 | I36: 0.3 | K36: =F36*G36*H36*I36 -> 0.139365
D37: V46 | F37: 1 | G37: 3.047 | H37: 0.15 | I37: 0.3 | K37: =F37*G37*H37*I37 -> 0.137115
D38: V55 | F38: 1 | G38: 5.109 | H38: 0.15 | I38: 0.3 | K38: =F38*G38*H38*I38 -> 0.229905
D39: V20 | F39: 1 | G39: 2.564 | H39: 0.15 | I39: 0.3 | K39: =F39*G39*H39*I39 -> 0.11538
D40: V21 | F40: 1 | G40: 1.678 | H40: 0.15 | I40: 0.3 | K40: =F40*G40*H40*I40 -> 0.07551
D41: V19 | F41: 1 | G41: 6.533 | H41: 0.15 | I41: 0.3 | K41: =F41*G41*H41*I41 -> 0.293985
D42: V17 | F42: 1 | G42: 15.175 | H42: 0.15 | I42: 0.3 | K42: =F42*G42*H42*I42 -> 0.682875
D43: V52 | F43: 1 | G43: 11 | H43: 0.15 | I43: 0.3 | K43: =F43*G43*H43*I43 -> 0.495
D44: V50 | F44: 1 | G44: 1.9 | H44: 0.15 | I44: 0.3 | K44: =F44*G44*H44*I44 -> 0.0855
D45: V16 | F45: 1 | G45: 6.38 | H45: 0.15 | I45: 0.3 | K45: =F45*G45*H45*I45 -> 0.2871
D46: V42 | F46: 1 | G46: 8.31 | H46: 0.15 | I46: 0.3 | K46: =F46*G46*H46*I46 -> 0.37395
... D67: V45 | F67: 1 | G67: 2.69 | H67: 0.15 | I67: 0.3 | K67: =F67*G67*H67*I67 -> 0.12105
B68: 1.2.3 | C68: 96995 | D68: REATERRO MANUAL APILOADO COM SOQUETE. AF_10/2017 | E68: M3 | J68: ='BOLETIM DE MEDIÇÃO 05'!I22 -> 1.20537 | K68: =G70*F70 -> 43.05 | L68: =J68+K68 -> 44.25537 | M68: ='BOLETIM DE MEDIÇÃO 05'!G23 -> 44.26 | N68: =M68-L68 -> 0.00463
D69: VOLUME DE ESCAVAÇÃO - VOLUME DE CONCRETO DA FUNDAÇÃO
D70: VOLUME DE ESCAVAÇÃO (SAPATAS + BALDRAME) | F70: 1 | G70: =43.05 -> 43.05
D71: VOLUME DE CONTRETO (SAPATAS + BALDRAME) | L71: =J71+K71 -> 0
B72: 1.2.4 | C72: 94319 | D72: ATERRO MANUAL DE VALAS COM SOLO ARGILO-ARENOSO E COMPACTAÇÃO MECANIZADA. AF_05/2016 | E72: M3 | G72: CÁLCULO DO VOLUME DE ATERRO COMPACTADO (ÁREA INTERNA E EXTERNA DA OBRA ESPECIFICADAS) | J72: =0 -> 0 | K72: =SUM(K75:K106) -> 599.17246 | L72: =J72+K72 -> 599.17246 | M72: ='BOLETIM DE MEDIÇÃO 05'!G24 -> 93.63 | N72: =M72-L72 -> -505.54246
D73: ATERRO (PARTE INTERNA) CAIXÃO REFERENTE AOS AMBIENTES | G73: ÁREA (M²) | I73: SOMATÓRIA E MÉDIA DAS ALTURAS ENCONTRADAS DO EMBASAMENTO + ALTURA DA VIGA BALDRAME (M) EM CADA AMBIENTE (PARTE INTERNA DA OBRA)
D74: GUARITA | G74: 9 | I74: =((0.49+0.35) + (0.35+0.25) + (0.62+0.35) + (0.49+0.35))/4 -> 0.8125 | K74: =G74*I74 -> 7.3125
D75: HALL | G75: 5 | I75: =((0.62+0.35) + (0.62+0.25) + (0.62+0.35) + (0.62+0.35))/4 -> 0.945 | K75: =G75*I75 -> 4.725
D76: ENTRADA (ENTRE A SALA DE ESTAR E A ÁREA EXTERNA - ÁREA ONDE ESTÁ A LAJE) | G76: =(13.03 * 2.7) -> 35.181 | I76: =((0.41+0.25) + (0.58+0.25) + (0.64+0.25) + (0.42+0.25)+ (0.35+0.25)+ (0.25+0.25))/6 -> 0.69166667 | K76: =G76*I76 -> 24.333525
D77: WC (AO LADO DO DEPÓSITO E COORDENAÇÃO) | G77: 3 | I77: =((0.2+0.25) + (0.2+0.25) + (0.2+0.25) + (0.2+0.25))/4 -> 0.45 | K77: =G77*I77 -> 1.35
D78: DEPÓSITO | G78: 7 | I78: =((0.25+0.25) + (0.25+0.25) + (0.2+0.25) + (0.3+0.25))/4 -> 0.5 | K78: =G78*I78 -> 3.5
D79: COORDENAÇÃO | G79: 21 | I79: =((0.25+0.25) + (0.31+0.25) + (0.27+0.25) + (0.2+0.25))/4 -> 0.5075 | K79: =G79*I79 -> 10.6575
D80: QUARTO FEMININO ADOLESCENTE | G80: 27 | I80: =((0.5+0.25) + (0.46+0.3) + (0.41+0.3) + (0.45+0.3))/4 -> 0.7425 | K80: =G80*I80 -> 20.0475
D81: QUARTO MASCULINO ADOLESCENTE | G81: 26 | I81: =((0.25+0.3) + (0.3+0.3) + (0.27+0.3) + (0.22+0.25))/4 -> 0.5475 | K81: =G81*I81 -> 14.235
D82: WC (QUARTO FEMININO ADOLESCENTE) | G82: 1.6 | I82: =((0.3+0.3) + (0.32+0.3) + (0.33+0.3) + (0.3+0.25))/4 -> 0.6 | K82: =G82*I82 -> 0.96
D83: WC (QUARTO MASCULINO ADOLESCENTE) | G83: 1.6 | I83: =((0.35+0.3) + (0.38+0.25) + (0.33+0.3) + (0.32+0.25))/4 -> 0.62 | K83: =G83*I83 -> 0.992
D84: SALA DE ESTAR | G84: 45 | I84: =((0.42+0.25) + (0.55+0.25) + (0.48+0.25) + (0.31+0.25))/4 -> 0.69 | K84: =G84*I84 -> 31.05
D85: SALA DE REUNIÃO | G85: 19 | I85: =((0.64+0.25) + (0.64+0.25) + (0.64+0.25) + (0.63+0.25))/4 -> 0.8875 | K85: =G85*I85 -> 16.8625
D86: PSICÓLOGO | G86: 19 | I86: =((0.61+0.25) + (0.59+0.25) + (0.62+0.25) + (0.64+0.25))/4 -> 0.865 | K86: =G86*I86 -> 16.435
D87: WC SOCIAL | G87: 5 | I87: =((0.61+0.25) + (0.6+0.25) + (0.55+0.25) + (0.55+0.25))/4 -> 0.8275 | K87: =G87*I87 -> 4.1375
D88: CIRCULAÇÃO 01 | G88: 14 | I88: =((0.55+0.25) + (0.53+0.25) + (0.6+0.25) + (0.63+0.25))/4 -> 0.8275 | K88: =G88*I88 -> 11.585
D89: CIRCULAÇÃO 02 | G89: 36 | I89: =((0.64+0.25) + (0.55+0.25) + (0.57+0.25) + (0.53+0.25) + (0.5+0.25) + (0.44+0.25) + (0.4+0.3) + (0.42+0.25) + (0.4+0.25) + (0.41+0.25) + (0.38+0.25) + (0.36+0.25) + (0.34+0.25))/12 -> 0.77 | K89: =G89*I89 -> 27.72
D90: SALA DE ESTUDOS | G90: 46 | I90: =((0.58+0.25) + (0.56+0.25) + (0.51+0.25) + (0.53+0.25))/4 -> 0.795 | K90: =G90*I90 -> 36.57
D91: REFEITÓRIO | G91: 41 | I91: =((0.5+0.25) + (0.5+0.25) + (0.48+0.25) + (0.5+0.3))/4 -> 0.7575 | K91: =G91*I91 -> 31.0575
D92: BRINQUEDOTECA | G92: 27 | I92: =((0.38+0.25) + (0.45+0.3) + (0.41+0.3) + (0.34+0.25))/4 -> 0.67 | K92: =G92*I92 -> 18.09
D93: CIRCULAÇÃO 03 | G93: 53 | I93: =((0.41+0.3) + (0.48+0.25) + (0.53+0.3) + (0.5+0.25)+ (0.37+0.25)+ (0.38+0.25))/6 -> 0.71166667 | K93: =G93*I93 -> 37.718333
D94: CLARABOIA (ENTRE A BRINQUEDOTECA E OS QUARTOS INFANTIS) | G94: =(2.65*1.8) -> 4.77 | I94: =((0.33+0.25) + (0.38+0.3) + (0.36+0.3) + (0.31+0.25))/4 -> 0.62 | K94: =G94*I94 -> 2.9574
D95: QUARTO INFANTIL FEMININO | G95: 30 | I95: =((0.49+0.25) + (0.45+0.25) + (0.42+0.25) + (0.5+0.25))/4 -> 0.715 | K95: =G95*I95 -> 21.45
D96: QUARTO INFANTIL MASCULINO | G96: 30 | I96: =((0.4+0.25) + (0.42+0.25) + (0.46+0.25) + (0.43+0.25))/4 -> 0.6775 | K96: =G96*I96 -> 20.325
D97: WC (AO LADO DOS QUARTOS INFANTIS) | G97: 14 | I97: =((0.29+0.3) + (0.36+0.25) + (0.34+0.25) + (0.28+0.25))/4 -> 0.58 | K97: =G97*I97 -> 8.12
D98: WC (AO LADO DOS QUARTOS INFANTIS) | G98: 14 | I98: =((0.34+0.25) + (0.39+0.25) + (0.39+0.25) + (0.35+0.25))/4 -> 0.6175 | K98: =G98*I98 -> 8.645
D99: COZINHA | G99: 20 | I99: =((0.34+0.25) + (0.39+0.25) + (0.39+0.25) + (0.35+0.25))/4 -> 0.6175 | K99: =G99*I99 -> 12.35
D100: DESPENSA | G100: 3 | I100: =((0.5+0.25) + (0.58+0.25) + (0.55+0.25) + (0.49+0.25))/4 -> 0.78 | K100: =G100*I100 -> 2.34
D101: WC (QUATO FUNC.) | G101: 4 | I101: =((0.55+0.25) + (0.6+0.25) + (0.6+0.25) + (0.5+0.25))/4 -> 0.8125 | K101: =G101*I101 -> 3.25
D102: QUARTO FUNC. | G102: 12 | I102: =((0.51+0.25) + (0.49+0.25) + (0.58+0.25) + (0.48+0.25))/4 -> 0.765 | K102: =G102*I102 -> 9.18
D103: ÁREA DE SERVIÇO | G103: 20 | I103: =((0.54+0.25) + (0.59+0.25) + (0.62+0.25) + (0.63+0.25) + (0.61+0.25))/5 -> 0.848 | K103: =G103*I103 -> 16.96
D104: DML | G104: 4 | I104: =((0.55+0.25) + (0.61+0.25) + (0.56+0.25) + (0.5+0.25))/4 -> 0.805 | K104: =G104*I104 -> 3.22
D105: WC PCD | G105: 5 | I105: =((0.53+0.25) + (0.5+0.25) + (0.47+0.25) + (0.48+0.25))/4 -> 0.745 | K105: =G105*I105 -> 3.725
D106: ÁREA EXTERNA (RETIRADO DO PROJETO EM DWG) (ÁREA INTERNA AO MURO - VALOR DE ÁREA INTERNA CONSIDERADA) | G106: =1184.23-SUM(G74:H105) -> 582.079 | I106: 0.3 | K106: =G106*I106 -> 174.6237
B107: 1.3 | C107: FUNDAÇÃO
B108: 1.3.1 | C108: composição 12 | D108: ALVENARIA DE EMBASAMENTO COM BLOCO CERÂMICO DE 9X14X19CM E ARGAMASSA DE ASSENTAMENTO COM PREPARO EM BETONEIRA. AF_05/2020. [ADAPTADO SINAPI 101166] | E108: M3 | G108: ALVENARIA DE EMBASAMENTO (CÁLCULO CONSIDERANDO O VOLUME PRISMÁTICO DE CADA SEÇÃO) | J108: 7.34 | K108: =SUM(K110:K153) -> 25.772845 | L108: =J108+K108 -> 33.112845 | M108: ='BOLETIM DE MEDIÇÃO 05'!G26 -> 13.99 | N108: =M108-L108 -> -19.122845
D109: BALDRAMES (ALVENARIA ABAIXO DAS VIGAS) | G109: COMPRIMENTO DA SEÇÃO (M) | H109: LARGURA (M) | I109: (ALTURAS DAS EXTREMIDADES DAS SEÇÕES) (M)
D110: V17 (P73 ATÉ P77) | G110: 15.175 | H110: 0.2 | I110: 0.53; 0.20 | K110: =(((0.53+0.2)/2)*G110)*H110 -> 1.107775
D111: V52 (P77 ATÉ P50) | G111: 11 | H111: 0.2 | I111: 0.20; 0.20 | K111: =(0.2*G111)*H111 -> 0.44
D112: V50 (P76 ATÉ P69) | G112: 1.9 | H112: 0.2 | I112: 0.20; 0.20 | K112: =(0.2*G112)*H112 -> 0.076
D113: V16 (P68 ATÉ P70) | G113: 6.38 | H113: 0.2 | I113: 0.29; 0.20 | K113: =(((0.29+0.2)/2)*G113)*H113 -> 0.31262
D114: V42 (P75 ATÉ V13) | G114: 8.31 | H114: 0.2 | I114: 0.30; 0.33 | K114: =(((0.3+0.33)/2)*G114)*H114 -> 0.52353
D115: V14 (P64 ATÉ P57) | G115: 24.075 | H115: 0.2 | I115: 0.20; 0.60 | K115: =(((0.2+0.6)/2)*G115)*H115 -> 1.926
D116: V53 (P07 ATÉ V04) | G116: 5.31 | H116: 0.2 | I116: 0.48; 0.30 | K116: =(((0.48+0.3)/2)*G116)*H116 -> 0.41418
D117: V54 (P21 ATÉ P38) | G117: 5.47 | H117: 0.2 | I117: 0.38; 0.24 | K117: =(((0.38+0.24)/2)*G117)*H117 -> 0.33914
D118: V04 (P21 ATÉ P16) | G118: 13.42 | H118: 0.2 | I118: 0.38; 0.60 | K118: =(((0.38+0.6)/2)*G118)*H118 -> 1.31516
D119: V44 (P06 ATÉ V04) | G119: 5.31 | H119: 0.2 | I119: 0.43; 0.35 | K119: =(((0.43+0.35)/2)*G119)*H119 -> 0.41418
D120: V37 (P04 ATÉ P16) | G120: 5.31 | H120: 0.2 | I120: 0.47; 0.60 | K120: =(((0.47+0.6)/2)*G120)*H120 -> 0.56817
D121: V01 (P02 ATÉ P07) | G121: 19.97 | H121: 0.2 | I121: 0.62; 0.50 | K121: =(((0.62+0.5)/2)*G121)*H121 -> 2.23664
D122: V02 (P9 ATÉ P12) | G122: 7.83 | H122: 0.2 | I122: 0.63; 0.49 | K122: =(((0.63+0.49)/2)*G122)*H122 -> 0.87696
...

Sheet BOLETIM DE MEDIÇÃO 05
B2: BOLETIM DE MEDIÇÃO 05
B3: OBJETO: | O3: CONTRATO: | P3: LICITAÇÃO Nº: | Q3: VALOR CONTRATADO:
B4: CONSTRUÇÃO DA CASA DE ACOLHIMENTO PARA CRIANÇAS E ADOCESLENTES, "CASA LAR", NO MUNICÍPIO DE SOUSA/PB. | O4: 682/2023 | P4: 03/2023 | Q4: 1240378.4
B5: EMPRESA CONTRATADA: | E5: CNPJ: | O5: CONTRATANTE:
B6: ALX CONSTRUÇÕES E LOCAÇÕES | E6: 17.490.708/0001-70 | O6: PREFEITURA MUNICIPAL DE SOUSA
B7: DATA | D7: PERÍODO DA MEDIÇÃO | E7: VALOR DA MEDIÇÃO: | H7: VALOR ACUMULADO ANTERIOR: | J7: VALOR ACUMULADO ANTERIOR: | K7: VALOR ACUMULADO ANTERIOR: | L7: VALOR ACUMULADO ANTERIOR: | Q7: MEDIÇÃO:
B8: 45422 | D8: 04/04/2024 a 10/05/2024 | E8: =V196 -> 103177.49 | H8: =Y196-E8 -> 274592.68 | J8: =Y196-E8 -> 274592.68 | Q8: 05
B10: ITEM | C10: CÓDIGO | D10: DESCRIÇÃO | E10: UND | F10: CUSTO UNITÁRIO (C/ BDI) | G10: QUANTIDADE | Q10: FINANCEIRO
G11: PREVISTA | H11: MEDIDA NO PERÍODO 1 | I11: MEDIDA NO PERÍODO 2 | J11: MEDIDA NO PERÍODO 3 | K11: MEDIDA NO PERÍODO 4 | L11: MEDIDA NO PERÍODO 5 | M11: MEDIDA NO PERÍODO 6 | N11: MEDIDA NO PERÍODO 7 | O11: ACUMULADA (INCLUSIVE ESTA) | P11: SALDO | Q11: PREVISTA | R11: MEDIDA NO PERÍODO 01 | S11: MEDIDA NO PERÍODO 2 | T11: MEDIDA NO PERÍODO 3 | U11: MEDIDA NO PERÍODO 4 | V11: MEDIDA NO PERÍODO 5 | W11: MEDIDA NO PERÍODO 6 | X11: MEDIDA NO PERÍODO 7 | Y11: ACUMULADA (INCLUSIVE ESTA) | Z11: SALDO
B12: 1 | C12: CONSTRUÇÃO DA CASA DE ACOLHIMENTO PARA CRIANÇAS E ADOLESCENTES - CASA LAR, NO MUNICÍPIO DE SOUSA - PB
B13: 1.1 | C13: SERVIÇOS PRELIMINARES
B14: 1.1.1 | C14: composição 1 | D14: PLACA DE OBRA EM CHAPA DE ACO GALVANIZADO [ADAPTADO SINAPI 74209/01] | E14: M2 | F14: 414.1 | G14: 6 | H14: ='MEMORIAL DE CALCULO 01'!K14 -> 6 | O14: =H14+I14+J14+K14+L14+M14+N14 -> 6 | P14: =G14-O14 -> 0 | Q14: =F14*G14 -> 2484.6 | R14: =F14*H14 -> 2484.6 | S14: =F14*I14 -> 0 | T14: =TRUNC(F14*J14,2) -> 0 | U14: =TRUNC(F14*K14,2) -> 0 | V14: =TRUNC(F14*L14,2) -> 0 | W14: =K14*M14 -> 0 | X14: =L14*N14 -> 0 | Y14: =R14+S14+T14+U14+V14+W14 -> 2484.6 | Z14: =Q14-Y14 -> 0
B15: 1.1.2 | C15: 93209 | D15: EXECUÇÃO DE ALMOXARIFADO EM CANTEIRO DE OBRA EM ALVENARIA, INCLUSO PRATELEIRAS. AF_02/2016 | E15: M2 | F15: 947.21 | G15: 5 | H15: 2.25 | I15: ='MEMORIAL DE CALCULO 02'!K15 -> 2.75 | O15: =H15+I15+J15+K15+L15+M15+N15 -> 5 | P15: =G15-O15 -> 0 | Q15: =F15*G15 -> 4736.05 | R15: =F15*H15 -> 2131.2225 | S15: =F15*I15 -> 2604.8275 | T15: =F15*J15 -> 0 | U15: =TRUNC(F15*K15,2) -> 0 | V15: =TRUNC(F15*L15,2) -> 0 | Y15: =R15+S15+T15+U15+V15+W15 -> 4736.05 | Z15: =Q15-Y15 -> 0
B16: 1.1.3 | C16: 93206 | D16: EXECUÇÃO DE ESCRITÓRIO EM CANTEIRO DE OBRA EM ALVENARIA, NÃO INCLUSO MOBILIÁRIO E EQUIPAMENTOS. AF_02/2016 | E16: M2 | F16: 1086.7 | G16: 5 | H16: 2.25 | I16: ='MEMORIAL DE CALCULO 02'!K16 -> 2.75 | O16: =H16+I16+J16+K16+L16+M16+N16 -> 5 | P16: =G16-O16 -> 0 | Q16: =F16*G16 -> 5433.5 | R16: =F16*H16 -> 2445.075 | S16: =F16*I16 -> 2988.425 | T16: =F16*J16 -> 0 | U16: =TRUNC(F16*K16,2) -> 0 | V16: =TRUNC(F16*L16,2) -> 0 | Y16: =R16+S16+T16+U16+V16+W16 -> 5433.5 | Z16: =Q16-Y16 -> 0
B17: 1.1.4 | C17: composição 11 | D17: Tapume em chapa compensada esp = 10mm (1 uso). [ADAPTADO ORSE 53] | E17: M2 | F17: 102.24 | G17: 277.4 | H17: 258.4 | I17: ='MEMORIAL DE CALCULO 02'!K17 -> 19 | O17: =H17+I17+J17+K17+L17+M17+N17 -> 277.4 | P17: =G17-O17 -> 0 | Q17: =F17*G17 -> 28361.376 | R17: =F17*H17 -> 26418.816 | S17: =F17*I17 -> 1942.56 | T17: =F17*J17 -> 0 | U17: =TRUNC(F17*K17,2) -> 0 | V17: =TRUNC(F17*L17,2) -> 0 | Y17: =R17+S17+T17+U17+V17+W17 -> 28361.376 | Z17: =Q17-Y17 -> 0
B18: 1.1.5 | C18: 98524 | D18: LIMPEZA MANUAL DE VEGETAÇÃO EM TERRENO COM ENXADA.AF_05/2018 | E18: M2 | F18: 2.29 | G18: 1430.2 | O18: =H18+I18+J18+K18+L18+M18+N18 -> 0 | P18: =G18-O18 -> 1430.2 | Q18: =F18*G18 -> 3275.158 | R18: =F18*H18 -> 0 | S18: =F18*I18 -> 0 | T18: =F18*J18 -> 0 | U18: =TRUNC(F18*K18,2) -> 0 | V18: =TRUNC(F18*L18,2) -> 0 | Y18: =R18+S18+T18+U18+V18+W18 -> 0 | Z18: =Q18-Y18 -> 3275.158
B19: 1.1.6 | C19: 100575 | D19: REGULARIZAÇÃO DE SUPERFÍCIES COM MOTONIVELADORA. AF_11/2019 | E19: M2 | F19: 0.12 | G19: 1430.2 | O19: =H19+I19+J19+K19+L19+M19+N19 -> 0 | P19: =G19-O19 -> 1430.2 | Q19: =F19*G19 -> 171.624 | R19: =F19*H19 -> 0 | S19: =F19*I19 -> 0 | T19: =F19*J19 -> 0 | U19: =TRUNC(F19*K19,2) -> 0 | V19: =TRUNC(F19*L19,2) -> 0 | Y19: =R19+S19+T19+U19+V19+W19 -> 0 | Z19: =Q19-Y19 -> 171.624
B20: 1.2 | C20: MOVIMENTO DE TERRA | R20: =F20*H20 -> 0 | S20: =F20*I20 -> 0 | T20: =F20*J20 -> 0 | U20: =TRUNC(F20*K20,2) -> 0 | V20: =TRUNC(F20*L20,2) -> 0 | Y20: =R20+S20+T20+U20+V20+W20 -> 0 | Z20: =Q20-Y20 -> 0
B21: 1.2.1 | C21: 99059 | D21: LOCACAO CONVENCIONAL DE OBRA, UTILIZANDO GABARITO DE TÁBUAS CORRIDAS PONTALETADAS A CADA 2,00M - 2 UTILIZAÇÕES. AF_10/2018 | E21: M | F21: 52.4 | G21: 137.5 | H21: ='MEMORIAL DE CALCULO 01'!K22 -> 137.5 | O21: =H21+I21+J21+K21+L21+M21+N21 -> 137.5 | P21: =G21-O21 -> 0 | Q21: =F21*G21 -> 7205 | R21: =F21*H21 -> 7205 | S21: =F21*I21 -> 0 | T21: =F21*J21 -> 0 | U21: =TRUNC(F21*K21,2) -> 0 | V21: =TRUNC(F21*L21,2) -> 0 | Y21: =R21+S21+T21+U21+V21+W21 -> 7205 | Z21: =Q21-Y21 -> 0
B22: 1.2.2 | C22: 93358 | D22: ESCAVAÇÃO MANUAL DE VALA COM PROFUNDIDADE MENOR OU IGUAL A 1,30 M. AF_02/2021 | E22: M3 | F22: 64.95 | G22: 89.01 | H22: ='MEMORIAL DE CALCULO 01'!K23 -> 69.93925 | I22: ='MEMORIAL DE CALCULO 02'!K25 -> 1.20537 | J22: ='MEMORIAL DE CALCULO 03'!K25 -> 14.04 | O22: =H22+I22+J22+K22+L22+M22+N22 -> 85.18462 | P22: =G22-O22 -> 3.82538 | Q22: =F22*G22 -> 5781.1995 | R22: =F22*H22 -> 4542.5543 | S22: =F22*I22 -> 78.288781 | T22: =F22*J22 -> 911.898 | U22: =TRUNC(F22*K22,2) -> 0 | V22: =TRUNC(F22*L22,2) -> 0 | Y22: =R22+S22+T22+U22+V22+W22 -> 5532.7411 | Z22: =Q22-Y22 -> 248.45843
B23: 1.2.3 | C23: 96995 | D23: REATERRO MANUAL APILOADO COM SOQUETE. AF_10/2017 | E23: M3 | F23: 39.37 | G23: 44.26 | J23: ='MEMORIAL DE CALCULO 03'!K68 -> 43.05 | O23: =H23+I23+J23+K23+L23+M23+N23 -> 43.05 | P23: =G23-O23 -> 1.21 | Q23: =F23*G23 -> 1742.5162 | R23: =F23*H23 -> 0 | S23: =F23*I23 -> 0 | T23: =F23*J23 -> 1694.8785 | U23: =TRUNC(F23*K23,2) -> 0 | V23: =TRUNC(F23*L23,2) -> 0 | Y23: =R23+S23+T23+U23+V23+W23 -> 1694.8785 | Z23: =Q23-Y23 -> 47.6377
B24: 1.2.4 | C24: 94319 | D24: ATERRO MANUAL DE VALAS COM SOLO ARGILO-ARENOSO E COMPACTAÇÃO MECANIZADA. AF_05/2016 | E24: M3 | F24: 74.51 | G24: 93.63 | K24: 0 | O24: =H24+I24+J24+K24+L24+M24+N24 -> 0 | P24: =G24-O24 -> 93.63 | Q24: =F24*G24 -> 6976.3713 | R24: =F24*H24 -> 0 | S24: =F24*I24 -> 0 | T24: =F24*J24 -> 0 | U24: =TRUNC(F24*K24,2) -> 0 | V24: =TRUNC(F24*L24,2) -> 0 | Y24: =R24+S24+T24+U24+V24+W24 -> 0 | Z24: =Q24-Y24 -> 6976.3713
B25: 1.3 | C25: FUNDAÇÃO | R25: =F25*H25 -> 0 | S25: =F25*I25 -> 0 | T25: =F25*J25 -> 0 | U25: =TRUNC(F25*K25,2) -> 0 | V25: =TRUNC(F25*L25,2) -> 0 | Y25: =R25+S25+T25+U25+V25+W25 -> 0 | Z25: =Q25-Y25 -> 0
B26: 1.3.1 | C26: composição 12 | D26: ALVENARIA DE EMBASAMENTO COM BLOCO CERÂMICO DE 9X14X19CM E ARGAMASSA DE ASSENTAMENTO COM PREPARO EM BETONEIRA. AF_05/2020. [ADAPTADO SINAPI 101166] | E26: M3 | F26: 411.48 | G26: 13.99 | I26: ='MEMORIAL DE CALCULO 02'!K54 -> 7.34341 | J26: 6.642 | O26: =H26+I26+J26+K26+L26+M26+N26 -> 13.98541 | P26: =G26-O26 -> 0.00459 | Q26: =F26*G26 -> 5756.6052 | R26: =F26*H26 -> 0 | S26: =F26*I26 -> 3021.6663 | T26: =TRUNC(F26*J26,2) -> 2733.05 | U26: =TRUNC(F26*K26,2) -> 0 | V26: =TRUNC(F26*L26,2) -> 0 | Y26: =R26+S26+T26+U26+V26+W26 -> 5754.7163 | Z26: =Q26-Y26 -> 1.8888532
B27: 1.3.2 | C27: 101616 | D27: PREPARO DE FUNDO DE VALA COM LARGURA MENOR QUE 1,5 M (ACERTO DO SOLO NATURAL). AF_08/2020 | E27: M2 | F27: 4.91 | G27: 37.81 | I27: 37.81 | O27: =H27+I27+J27+K27+L27+M27+N27 -> 37.81 | P27: =G27-O27 -> 0 | Q27: =F27*G27 -> 185.6471 | R27: =F27*H27 -> 0 | S27: =F27*I27 -> 185.6471 | T27: =F27*J27 -> 0 | U27: =TRUNC(F27*K27,2) -> 0 | V27: =TRUNC(F27*L27,2) -> 0 | Y27: =R27+S27+T27+U27+V27+W27 -> 185.6471 | Z27: =Q27-Y27 -> 0
B28: 1.3.3 | C28: 96619 | D28: LASTRO DE CONCRETO MAGRO, APLICADO EM BLOCOS DE COROAMENTO OU SAPATAS, ESPESSURA DE 5 CM. AF_08/2017 | E28: M2 | F28: 30.67 | G28: 77.41 | I28: 37.81 | O28: =H28+I28+J28+K28+L28+M28+N28 -> 37.81 | P28: =G28-O28 -> 39.6 | Q28: =F28*G28 -> 2374.1647 | R28: =F28*H28 -> 0 | S28: =F28*I28 -> 1159.6327 | T28: =F28*J28 -> 0 | U28: =TRUNC(F28*K28,2) -> 0 | V28: =TRUNC(F28*L28,2) -> 0 | Y28: =R28+S28+T28+U28+V28+W28 -> 1159.6327 | Z28: =Q28-Y28 -> 1214.532
B29: 1.3.4 | C29: 96545 | D29: ARMAÇÃO DE BLOCO, VIGA BALDRAME OU SAPATA UTILIZANDO AÇO CA-50 DE 8 MM - MONTAGEM. AF_06/2017 | E29: KG | F29: 15.99 | G29: 537.3 | I29: ='MEMORIAL DE CALCULO 02'!K90 -> 44.52045 | J29: 492.7794 | O29: =H29+I29+J29+K29+L29+M29+N29 -> 537.29985 | P29: =G29-O29 -> 0.00015 | Q29: =F29*G29 -> 8591.427 | R29: =F29*H29 -> 0 | S29: =F29*I29 -> 711.882 | T29: =F29*J29 -> 7879.5426 | U29: =TRUNC(F29*K29,2) -> 0 | V29: =TRUNC(F29*L29,2) -> 0 | Y29: =R29+S29+T29+U29+V29+W29 -> 8591.4246 | Z29: =Q29-Y29 -> 0.0023985
B30: 1.3.5 | C30: 94966 | D30: CONCRETO FCK = 30MPA, TRAÇO 1:2,1:2,5 (EM MASSA SECA DE CIMENTO/ AREIA MÉDIA/ BRITA 1) - PREPARO MECÂNICO COM BETONEIRA 400 L. AF_05/2021 | E30: M3 | F30: 530.88 | G30: 21.16 | I30: ='MEMORIAL DE CALCULO 02'!K99 -> 8.413055 | J30: 12.74692 | O30: =H30+I30+J30+K30+L30+M30+N30 -> 21.159975 | P30: =G30-O30 -> 2.5e-05 | Q30: =F30*G30 -> 11233.421 | R30: =F30*H30 -> 0 | S30: =F30*I30 -> 4466.3226 | T30: =F30*J30 -> 6767.0849 | U30: =TRUNC(F30*K30,2) -> 0 | V30: =TRUNC(F30*L30,2) -> 0 | Y30: =R30+S30+T30+U30+V30+W30 -> 11233.408 | Z30: =Q30-Y30 -> 0.013272
B31: 1.3.6 | C31: 94964 | D31: CONCRETO FCK = 20MPA, TRAÇO 1:2,7:3 (EM MASSA SECA DE CIMENTO/ AREIA MÉDIA/ BRITA 1) - PREPARO MECÂNICO COM BETONEIRA 400 L. AF_05/2021 | E31: M3 | F31: 488.69 | G31: 9.6 | J31: 9.6 | O31: =H31+I31+J31+K31+L31+M31+N31 -> 9.6 | P31: =G31-O31 -> 0 | Q31: =F31*G31 -> 4691.424 | R31: =F31*H31 -> 0 | S31: =F31*I31 -> 0 | T31: =F31*J31 -> 4691.424 | U31: =TRUNC(F31*K31,2) -> 0 | V31: =TRUNC(F31*L31,2) -> 0 | Y31: =R31+S31+T31+U31+V31+W31 -> 4691.424 | Z31: =Q31-Y31 -> 0
B32: 1.3.7 | C32: 103670 | D32: LANÇAMENTO COM USO DE BALDES, ADENSAMENTO E ACABAMENTO DE CONCRETO EM ESTRUTURAS. AF_02/2022 | E32: M3 | F32: 230.55 | G32: 30.76 | I32: ='MEMORIAL DE CALCULO 02'!K151 -> 18.013055 | J32: 12.74697 | O32: =H32+I32+J32+K32+L32+M32+N32 -> 30.760025 | P32: =G32-O32 -> -2.5e-05 | Q32: =F32*G32 -> 7091.718 | R32: =F32*H32 -> 0 | S32: =F32*I32 -> 4152.9098 | T32: =F32*J32 -> 2938.8139 | U32: =TRUNC(F32*K32,2) -> 0 | V32: =TRUNC(F32*L32,2) -> 0 | Y32: =R32+S32+T32+U32+V32+W32 -> 7091.7238 | Z32: =Q32-Y32 -> -0.00576375
B33: 1.3.8 | C33: 96543 | D33: ARMAÇÃO DE BLOCO, VIGA BALDRAME E SAPATA UTILIZANDO AÇO CA-60 DE 5 MM - MONTAGEM. AF_06/2017 | E33: KG | F33: 17.5 | G33: 404.4 | I33: ='MEMORIAL DE CALCULO 02'!K153 -> 194.26804 | J33: ='MEMORIAL DE CALCULO 03'!K262 -> 210.13 | O33: =H33+I33+J33+K33+L33+M33+N33 -> 404.39804 | P33: =G33-O33 -> 0.0019568 | Q33: =F33*G33 -> 7077 | R33: =F33*H33 -> 0 | S33: =F33*I33 -> 3399.6908 | T33: =F33*J33 -> 3677.275 | U33: =TRUNC(F33*K33,2) -> 0 | V33: =TRUNC(F33*L33,2) -> 0 | Y33: =R33+S33+T33+U33+V33+W33 -> 7076.9658 | Z33: =Q33-Y33 -> 0.034244
B34: 1.3.9 | C34: 96544 | D34: ARMAÇÃO DE BLOCO, VIGA BALDRAME OU SAPATA UTILIZANDO AÇO CA-50 DE 6,3 MM - MONTAGEM. AF_06/2017 | E34: KG | F34: 16.59 | G34: 295 | I34: ='MEMORIAL DE CALCULO 02'!K193 -> 295 | O34: =H34+I34+J34+K34+L34+M34+N34 -> 295 | P34: =G34-O34 -> 0 | Q34: =F34*G34 -> 4894.05 | R34: =F34*H34 -> 0 | S34: =F34*I34 -> 4894.05 | T34: =F34*J34 -> 0 | U34: =TRUNC(F34*K34,2) -> 0 | V34: =TRUNC(F34*L34,2) -> 0 | Y34: =R34+S34+T34+U34+V34+W34 -> 4894.05 | Z34: =Q34-Y34 -> 0
B35: 1.3.10 | C35: 96546 | D35: ARMAÇÃO DE BLOCO, VIGA BALDRAME OU SAPATA UTILIZANDO AÇO CA-50 DE 10 MM - MONTAGEM. AF_06/2017 | E35: KG | F35: 14.35 | G35: 534.1 | I35: 534.1 | O35: =H35+I35+J35+K35+L35+M35+N35 -> 534.1 | P35: =G35-O35 -> 0 | Q35: =F35*G35 -> 7664.335 | R35: =F35*H35 -> 0 | S35: =F35*I35 -> 7664.335 | T35: =F35*J35 -> 0 | U35: =TRUNC(F35*K35,2) -> 0 | V35: =TRUNC(F35*L35,2) -> 0 | Y35: =R35+S35+T35+U35+V35+W35 -> 7664.335 | Z35: =Q35-Y35 -> 0
B36: 1.3.11 | C36: 96547 | D36: ARMAÇÃO DE BLOCO, VIGA BALDRAME OU SAPATA UTILIZANDO AÇO CA-50 DE 12,5 MM - MONTAGEM. AF_06/2017 | E36: KG | F36: 11.9 | G36: 152.9 | I36: ='MEMORIAL DE CALCULO 02'!K221 -> 100.55646 | J36: ='MEMORIAL DE CALCULO 03'!K330 -> 52.34 | O36: =H36+I36+J36+K36+L36+M36+N36 -> 152.89646 | P36: =G36-O36 -> 0.00354 | Q36: =F36*G36 -> 1819.51 | R36: =F36*H36 -> 0 | S36: =F36*I36 -> 1196.6219 | T36: =F36*J36 -> 622.846 | U36: =TRUNC(F36*K36,2) -> 0 | V36: =TRUNC(F36*L36,2) -> 0 | Y36: =R36+S36+T36+U36+V36+W36 -> 1819.4679 | Z36: =Q36-Y36 -> 0.042126
B37: 1.3.12 | C37: 96536 | D37: FABRICAÇÃO, MONTAGEM E DESMONTAGEM DE FÔRMA PARA VIGA BALDRAME, EM MADEIRA SERRADA, E=25 MM, 4 UTILIZAÇÕES. AF_06/2017 | E37: M2 | F37: 69.64 | G37: 429.83 | I37: ='MEMORIAL DE CALCULO 02'!K238 -> 206.337 | J37: ='MEMORIAL DE CALCULO 03'!K340 -> 223.49 | O37: =H37+I37+J37+K37+L37+M37+N37 -> 429.827 | P37: =G37-O37 -> 0.003 | Q37: =F37*G37 -> 29933.361 | R37: =F37*H37 -> 0 | S37: =F37*I37 -> 14369.309 | T37: =F37*J37 -> 15563.844 | U37: =TRUNC(F37*K37,2) -> 0 | V37: =TRUNC(F37*L37,2) -> 0 | Y37: =R37+S37+T37+U37+V37+W37 -> 29933.152 | Z37: =Q37-Y37 -> 0.20892
B38: 1.3.13 | C38: 98557 | D38: IMPERMEABILIZAÇÃO DE SUPERFÍCIE COM EMULSÃO ASFÁLTICA, 2 DEMÃOS AF_06/2018 | E38: M2 | F38: 48.22 | G38: 253.95 | K38: ='MEMORIAL DE CALCULO 04'!K381 -> 253.95 | O38: =H38+I38+J38+K38+L38+M38+N38 -> 253.95 | P38: =G38-O38 -> 0 | Q38: =F38*G38 -> 12245.469 | R38: =F38*H38 -> 0 | S38: =F38*I38 -> 0 | T38: =F38*J38 -> 0 | U38: =TRUNC(F38*K38,2) -> 12245.46 | V38: =TRUNC(F38*L38,2) -> 0 | Y38: =R38+S38+T38+U38+V38+W38 -> 12245.46 | Z38: =Q38-Y38 -> 0.009
B39: 1.4 | C39: ESTRUTURA | R39: =F39*H39 -> 0 | S39: =F39*I39 -> 0 | T39: =F39*J39 -> 0 | U39: =TRUNC(F39*K39,2) -> 0 | V39: =TRUNC(F39*L39,2) -> 0 | Y39: =R39+S39+T39+U39+V39+W39 -> 0 | Z39: =Q39-Y39 -> 0
B40: 1.4.1 | C40: 92443 | D40: MONTAGEM E DESMONTAGEM DE FÔRMA DE PILARES RETANGULARES E ESTRUTURAS SIMILARES, PÉ-DIREITO SIMPLES, EM CHAPA DE MADEIRA COMPENSADA PLASTIFICADA, 18 UTILIZAÇÕES. AF_09/2020 | E40: M2 | F40: 40.35 | G40: 408.7 | K40: ='MEMORIAL DE CALCULO 04'!K384 -> 190.617 | L40: ='MEMORIAL DE CALCULO 05'!K384 -> 209.243 | O40: =H40+I40+J40+K40+L40+M40+N40 -> 399.86 | P40: =G40-O40 -> 8.84 | Q40: =F40*G40 -> 16491.045 | R40: =F40*H40 -> 0 | S40: =F40*I40 -> 0 | T40: =F40*J40 -> 0 | U40: =TRUNC(F40*K40,2) -> 7691.39 | V40: =TRUNC(F40*L40,2) -> 8442.95 | Y40: =R40+S40+T40+U40+V40+W40 -> 16134.34 | Z40: =Q40-Y40 -> 356.705
B41: 1.4.2 | C41: 92480 | D41: MONTAGEM E DESMONTAGEM DE FÔRMA DE VIGA, ESCORAMENTO METÁLICO, PÉ-DIREITO SIMPLES, EM CHAPA DE MADEIRA PLASTIFICADA, 18 UTILIZAÇÕES. AF_09/2020 | E41: M2 | F41: 62.17 | G41: 435.33 | O41: =H41+I41+J41+K41+L41+M41+N41 -> 0 | P41: =G41-O41 -> 435.33 | Q41: =F41*G41 -> 27064.466 | R41: =F41*H41 -> 0 | S41: =F41*I41 -> 0 | T41: =F41*J41 -> 0 | U41: =TRUNC(F41*K41,2) -> 0 | V41: =TRUNC(F41*L41,2) -> 0 | Y41: =R41+S41+T41+U41+V41+W41 -> 0 | Z41: =Q41-Y41 -> 27064.466
B42: 1.4.3 | C42: 92267 | D42: FABRICAÇÃO DE FÔRMA PARA LAJES, EM CHAPA DE MADEIRA COMPENSADA RESINADA, E = 17 MM. AF_09/2020 | E42: M2 | F42: 30.99 | G42: 111.15 | O42: =H42+I42+J42+K42+L42+M42+N42 -> 0 | P42: =G42-O42 -> 111.15 | Q42: =F42*G42 -> 3444.5385 | R42: =F42*H42 -> 0 | S42: =F42*I42 -> 0 | T42: =F42*J42 -> 0 | U42: =TRUNC(F42*K42,2) -> 0 | V42: =TRUNC(F42*L42,2) -> 0 | Y42: =R42+S42+T42+U42+V42+W42 -> 0 | Z42: =Q42-Y42 -> 3444.5385
B43: 1.4.4 | C43: 92759 | D43: ARMAÇÃO DE PILAR OU VIGA DE ESTRUTURA CONVENCIONAL DE CONCRETO ARMADO UTILIZANDO AÇO CA-60 DE 5,0 MM - MONTAGEM. AF_06/2022 | E43: KG | F43: 14.67 | G43: 1027.8 | K43: ='MEMORIAL DE CALCULO 04'!K389 -> 222.1 | L43: ='MEMORIAL DE CALCULO 05'!K389 -> 460.6 | O43: =H43+I43+J43+K43+L43+M43+N43 -> 682.7 | P43: =G43-O43 -> 345.1 | Q43: =F43*G43 -> 15077.826 | R43: =F43*H43 -> 0 | S43: =F43*I43 -> 0 | T43: =F43*J43 -> 0 | U43: =TRUNC(F43*K43,2) -> 3258.2 | V43: =TRUNC(F43*L43,2) -> 6757 | Y43: =R43+S43+T43+U43+V43+W43 -> 10015.2 | Z43: =Q43-Y43 -> 5062.626
B44: 1.4.5 | C44: 92760 | D44: ARMAÇÃO DE PILAR OU VIGA DE ESTRUTURA CONVENCIONAL DE CONCRETO ARMADO UTILIZANDO AÇO CA-50 DE 6,3 MM - MONTAGEM. AF_06/2022 | E44: KG | F44: 14.4 | G44: 39.1 | L44: ='MEMORIAL DE CALCULO 05'!K393 -> 23.46 | O44: =H44+I44+J44+K44+L44+M44+N44 -> 23.46 | P44: =G44-O44 -> 15.64 | Q44: =F44*G44 -> 563.04 | R44: =F44*H44 -> 0 | S44: =F44*I44 -> 0 | T44: =F44*J44 -> 0 | U44: =TRUNC(F44*K44,2) -> 0 | V44: =TRUNC(F44*L44,2) -> 337.82 | Y44: =R44+S44+T44+U44+V44+W44 -> 337.82 | Z44: =Q44-Y44 -> 225.22
B45: 1.4.6 | C45: 92761 | D45: ARMAÇÃO DE PILAR OU VIGA DE ESTRUTURA CONVENCIONAL DE CONCRETO ARMADO UTILIZANDO AÇO CA-50 DE 8,0 MM - MONTAGEM. AF_06/2022 | E45: KG | F45: 14.25 | G45: 1000 | L45: ='MEMORIAL DE CALCULO 05'!K395 -> 415.68 | O45: =H45+I45+J45+K45+L45+M45+N45 -> 415.68 | P45: =G45-O45 -> 584.32 | Q45: =F45*G45 -> 14250 | R45: =F45*H45 -> 0 | S45: =F45*I45 -> 0 | T45: =F45*J45 -> 0 | U45: =TRUNC(F45*K45,2) -> 0 | V45: =TRUNC(F45*L45,2) -> 5923.44 | Y45: =R45+S45+T45+U45+V45+W45 -> 5923.44 | Z45: =Q45-Y45 -> 8326.56
B46: 1.4.7 | C46: 92762 | D46: ARMAÇÃO DE PILAR OU VIGA DE ESTRUTURA CONVENCIONAL DE CONCRETO ARMADO UTILIZANDO AÇO CA-50 DE 10,0 MM - MONTAGEM. AF_06/2022 | E46: KG | F46: 12.94 | G46: 1306.1 | K46: ='MEMORIAL DE CALCULO 04'!K393 -> 601.83 | L46: ='MEMORIAL DE CALCULO 05'!K397 -> 635.57 | O46: =H46+I46+J46+K46+L46+M46+N46 -> 1237.4 | P46: =G46-O46 -> 68.7 | Q46: =F46*G46 -> 16900.934 | R46: =F46*H46 -> 0 | S46: =F46*I46 -> 0 | T46: =F46*J46 -> 0 | U46: =TRUNC(F46*K46,2) -> 7787.68 | V46: =TRUNC(F46*L46,2) -> 8224.27 | Y46: =R46+S46+T46+U46+V46+W46 -> 16011.95 | Z46: =Q46-Y46 -> 888.984
B47: 1.4.8 | C47: 92763 | D47: ARMAÇÃO DE PILAR OU VIGA DE ESTRUTURA CONVENCIONAL DE CONCRETO ARMADO UTILIZANDO AÇO CA-50 DE 12,5 MM - MONTAGEM. AF_06/2022 | E47: KG | F47: 10.71 | G47: 168.2 | K47: ='MEMORIAL DE CALCULO 04'!K396 -> 100.42 | L47: ='MEMORIAL DE CALCULO 05'!K401 -> 61.18 | O47: =H47+I47+J47+K47+L47+M47+N47 -> 161.6 | P47: =G47-O47 -> 6.6 | Q47: =F47*G47 -> 1801.422 | R47: =F47*H47 -> 0 | S47: =F47*I47 -> 0 | T47: =F47*J47 -> 0 | U47: =TRUNC(F47*K47,2) -> 1075.49 | V47: =TRUNC(F47*L47,2) -> 655.23 | Y47: =R47+S47+T47+U47+V47+W47 -> 1730.72 | Z47: =Q47-Y47 -> 70.702
B48: 1.4.9 | C48: 92768 | D48: ARMAÇÃO DE LAJE DE ESTRUTURA CONVENCIONAL DE CONCRETO ARMADO UTILIZANDO AÇO CA-60 DE 5,0 MM - MONTAGEM. AF_06/2022 | E48: KG | F48: 14.31 | G48: 158.7 | O48: =H48+I48+J48+K48+L48+M48+N48 -> 0 | P48: =G48-O48 -> 158.7 | Q48: =F48*G48 -> 2270.997 | R48: =F48*H48 -> 0 | S48: =F48*I48 -> 0 | T48: =F48*J48 -> 0 | U48: =TRUNC(F48*K48,2) -> 0 | V48: =TRUNC(F48*L48,2) -> 0 | Y48: =R48+S48+T48+U48+V48+W48 -> 0 | Z48: =Q48-Y48 -> 2270.997
B49: 1.4.10 | C49: 92769 | D49: ARMAÇÃO DE LAJE DE ESTRUTURA CONVENCIONAL DE CONCRETO ARMADO UTILIZANDO AÇO CA-50 DE 6,3 MM - MONTAGEM. AF_06/2022 | E49: KG | F49: 14.01 | G49: 170.5 | O49: =H49+I49+J49+K49+L49+M49+N49 -> 0 | P49: =G49-O49 -> 170.5 | Q49: =F49*G49 -> 2388.705 | R49: =F49*H49 -> 0 | S49: =F49*I49 -> 0 | T49: =F49*J49 -> 0 | U49: =TRUNC(F49*K49,2) -> 0 | V49: =TRUNC(F49*L49,2) -> 0 | Y49: =R49+S49+T49+U49+V49+W49 -> 0 | Z49: =Q49-Y49 -> 2388.705
B50: 1.4.11 | C50: 92770 | D50: ARMAÇÃO DE LAJE DE ESTRUTURA CONVENCIONAL DE CONCRETO ARMADO UTILIZANDO AÇO CA-50 DE 8,0 MM - MONTAGEM. AF_06/2022 | E50: KG | F50: 13.86 | G50: 279.1 | O50: =H50+I50+J50+K50+L50+M50+N50 -> 0 | P50: =G50-O50 -> 279.1 | Q50: =F50*G50 -> 3868.326 | R50: =F50*H50 -> 0 | S50: =F50*I50 -> 0 | T50: =F50*J50 -> 0 | U50: =TRUNC(F50*K50,2) -> 0 | V50: =TRUNC(F50*L50,2) -> 0 | Y50: =R50+S50+T50+U50+V50+W50 -> 0 | Z50: =Q50-Y50 -> 3868.326
B51: 1.4.12 | C51: 94966 | D51: CONCRETO FCK = 30MPA, TRAÇO 1:2,1:2,5 (EM MASSA SECA DE CIMENTO/ AREIA MÉDIA/ BRITA 1) - PREPARO MECÂNICO COM BETONEIRA 400 L. AF_05/2021 | E51: M3 | F51: 530.88 | G51: 61.56 | K51: ='MEMORIAL DE CALCULO 04'!K402 -> 10.246 | L51: ='MEMORIAL DE CALCULO 05'!K406 -> 9.184 | O51: =H51+I51+J51+K51+L51+M51+N51 -> 19.43 | P51: =G51-O51 -> 42.13 | Q51: =F51*G51 -> 32680.973 | R51: =F51*H51 -> 0 | S51: =F51*I51 -> 0 | T51: =F51*J51 -> 0 | U51: =TRUNC(F51*K51,2) -> 5439.39 | V51: =TRUNC(F51*L51,2) -> 4875.6 | Y51: =R51+S51+T51+U51+V51+W51 -> 10314.99 | Z51: =Q51-Y51 -> 22365.983
B52: 1.4.13 | C52: 103670 | D52: LANÇAMENTO COM USO DE BALDES, ADENSAMENTO E ACABAMENTO DE CONCRETO EM ESTRUTURAS. AF_02/2022 | E52: M3 | F52: 230.55 | G52: 61.56 | K52: ='MEMORIAL DE CALCULO 04'!K405 -> 10.246 | L52: ='MEMORIAL DE CALCULO 05'!K406 -> 9.184 | O52: =H52+I52+J52+K52+L52+M52+N52 -> 19.43 | P52: =G52-O52 -> 42.13 | Q52: =F52*G52 -> 14192.658 | R52: =F52*H52 -> 0 | S52: =F52*I52 -> 0 | T52: =F52*J52 -> 0 | U52: =TRUNC(F52*K52,2) -> 2362.21 | V52: =TRUNC(F52*L52,2) -> 2117.37 | Y52: =R52+S52+T52+U52+V52+W52 -> 4479.58 | Z52: =Q52-Y52 -> 9713.078
B53: 1.4.14 | C53: 92771 | D53: ARMAÇÃO DE LAJE DE ESTRUTURA CONVENCIONAL DE CONCRETO ARMADO UTILIZANDO AÇO CA-50 DE 10,0 MM - MONTAGEM. AF_06/2022 | E53: KG | F53: 12.55 | G53: 312.3 | O53: =H53+I53+J53+K53+L53+M53+N53 -> 0 | P53: =G53-O53 -> 312.3 | Q53: =F53*G53 -> 3919.365 | R53: =F53*H53 -> 0 | S53: =F53*I53 -> 0 | T53: =F53*J53 -> 0 | U53: =TRUNC(F53*K53,2) -> 0 | V53: =TRUNC(F53*L53,2) -> 0 | Y53: =R53+S53+T53+U53+V53+W53 -> 0 | Z53: =Q53-Y53 -> 3919.365
B54: 1.4.15 | C54: 92772 | D54: ARMAÇÃO DE LAJE DE ESTRUTURA CONVENCIONAL DE CONCRETO ARMADO UTILIZANDO AÇO CA-50 DE 12,5 MM - MONTAGEM. AF_06/2022 | E54: KG | F54: 10.39 | G54: 154.8 | O54: =H54+I54+J54+K54+L54+M54+N54 -> 0 | P54: =G54-O54 -> 154.8 | Q54: =F54*G54 -> 1608.372 | R54: =F54*H54 -> 0 | S54: =F54*I54 -> 0 | T54: =F54*J54 -> 0 | U54: =TRUNC(F54*K54,2) -> 0 | V54: =TRUNC(F54*L54,2) -> 0 | Y54: =R54+S54+T54+U54+V54+W54 -> 0 | Z54: =Q54-Y54 -> 1608.372
B55: 1.5 | C55: PAREDES | R55: =F55*H55 -> 0 | S55: =F55*I55 -> 0 | T55: =F55*J55 -> 0 | U55: =TRUNC(F55*K55,2) -> 0 | V55: =TRUNC(F55*L55,2) -> 0 | Y55: =R55+S55+T55+U55+V55+W55 -> 0 | Z55: =Q55-Y55 -> 0
B56: 1.5.1 | C56: 103356 | D56: ALVENARIA DE VEDAÇÃO DE BLOCOS CERÂMICOS FURADOS NA HORIZONTAL DE 9X19X29 CM (ESPESSURA 9 CM) E ARGAMASSA DE ASSENTAMENTO COM PREPARO EM BETONEIRA. AF_12/2021 | E56: M2 | F56: 46.86 | G56: 1131.99 | K56: ='MEMORIAL DE CALCULO 04'!K410 -> 354.685 | L56: ='MEMORIAL DE CALCULO 05'!K413 -> 492.16 | O56: =H56+I56+J56+K56+L56+M56+N56 -> 846.845 | P56: =G56-O56 -> 285.145 | Q56: =F56*G56 -> 53045.051 | R56: =F56*H56 -> 0 | S56: =F56*I56 -> 0 | T56: =F56*J56 -> 0 | U56: =TRUNC(F56*K56,2) -> 16620.53 | V56: =TRUNC(F56*L56,2) -> 23062.61 | Y56: =R56+S56+T56+U56+V56+W56 -> 39683.14 | Z56: =Q56-Y56 -> 13361.911
B57: 1.5.2 | C57: 93189 | D57: VERGA MOLDADA IN LOCO EM CONCRETO PARA PORTAS COM MAIS DE 1,5 M DE VÃO. AF_03/2016 | E57: M | F57: 99.36 | G57: 64.1 | K57: ='MEMORIAL DE CALCULO 04'!K484 -> 10.2 | L57: ='MEMORIAL DE CALCULO 05'!K479 -> 53.9 | O57: =H57+I57+J57+K57+L57+M57+N57 -> 64.1 | P57: =G57-O57 -> 0 | Q57: =F57*G57 -> 6368.976 | R57: =F57*H57 -> 0 | S57: =F57*I57 -> 0 | T57: =F57*J57 -> 0 | U57: =TRUNC(F57*K57,2) -> 1013.47 | V57: =TRUNC(F57*L57,2) -> 5355.5 | Y57: =R57+S57+T57+U57+V57+W57 -> 6368.97 | Z57: =Q57-Y57 -> 0.006
B58: 1.5.3 | C58: 93191 | D58: VERGA MOLDADA IN LOCO COM UTILIZAÇÃO DE BLOCOS CANALETA PARA JANELAS COM MAIS DE 1,5 M DE VÃO. AF_03/2016 | E58: M | F58: 50.71 | G58: 72.2 | K58: ='MEMORIAL DE CALCULO 04'!K488 -> 11.6 | L58: ='MEMORIAL DE CALCULO 05'!K486 -> 60.6 | O58: =H58+I58+J58+K58+L58+M58+N58 -> 72.2 | P58: =G58-O58 -> 0 | Q58: =F58*G58 -> 3661.262 | R58: =F58*H58 -> 0 | S58: =F58*I58 -> 0 | T58: =F58*J58 -> 0 | U58: =TRUNC(F58*K58,2) -> 588.23 | V58: =TRUNC(F58*L58,2) -> 3073.02 | Y58: =R58+S58+T58+U58+V58+W58 -> 3661.25 | Z58: =Q58-Y58 -> 0.012
B59: 1.5.4 | C59: 93197 | D59: CONTRAVERGA MOLDADA IN LOCO EM CONCRETO PARA VÃOS DE MAIS DE 1,5 M DE COMPRIMENTO. AF_03/2016 | E59: M | F59: 90.23 | G59: 72.2 | K59: ='MEMORIAL DE CALCULO 04'!K492 -> 11.6 | L59: ='MEMORIAL DE CALCULO 05'!K493 -> 60.6 | O59: =H59+I59+J59+K59+L59+M59+N59 -> 72.2 | P59: =G59-O59 -> 0 | Q59: =F59*G59 -> 6514.606 | R59: =F59*H59 -> 0 | S59: =F59*I59 -> 0 | T59: =F59*J59 -> 0 | U59: =TRUNC(F59*K59,2) -> 1046.66 | V59: =TRUNC(F59*L59,2) -> 5467.93 | Y59: =R59+S59+T59+U59+V59+W59 -> 6514.59 | Z59: =Q59-Y59 -> 0.016
B60: 1.6 | C60: REVESTIMENTOS INTERNOS | R60: =F60*H60 -> 0 | S60: =F60*I60 -> 0 | T60: =F60*J60 -> 0 | U60: =TRUNC(F60*K60,2) -> 0 | V60: =TRUNC(F60*L60,2) -> 0 | Y60: =R60+S60+T60+U60+V60+W60 -> 0 | Z60: =Q60-Y60 -> 0
B61: 1.6.1 | C61: 87893 | D61: CHAPISCO APLICADO EM ALVENARIA (SEM PRESENÇA DE VÃOS) E ESTRUTURAS DE CONCRETO DE FACHADA, COM COLHER DE PEDREIRO. ARGAMASSA TRAÇO 1:3 COM PREPARO MANUAL. AF_10/2022 | E61: M2 | F61: 6.08 | G61: 1348.98 | L61: 1348.98 | O61: =H61+I61+J61+K61+L61+M61+N61 -> 1348.98 | P61: =G61-O61 -> 0 | Q61: =F61*G61 -> 8201.7984 | R61: =F61*H61 -> 0 | S61: =F61*I61 -> 0 | T61: =F61*J61 -> 0 | U61: =TRUNC(F61*K61,2) -> 0 | V61: =TRUNC(F61*L61,2) -> 8201.79 | Y61: =R61+S61+T61+U61+V61+W61 -> 8201.79 | Z61: =Q61-Y61 -> 0.0084
B62: 1.6.2 | C62: 87548 | D62: MASSA ÚNICA, PARA RECEBIMENTO DE PINTURA, EM ARGAMASSA TRAÇO 1:2:8, PREPARO MANUAL, APLICADA MANUALMENTE EM FACES INTERNAS DE PAREDES, ESPESSURA DE 10MM, COM EXECUÇÃO DE TALISCAS. AF_06/2014 | E62: M2 | F62: 22.4 | G62: 997.11 | O62: =H62+I62+J62+K62+L62+M62+N62 -> 0 | P62: =G62-O62 -> 997.11 | Q62: =F62*G62 -> 22335.264 | R62: =F62*H62 -> 0 | S62: =F62*I62 -> 0 | T62: =F62*J62 -> 0 | U62: =TRUNC(F62*K62,2) -> 0 | V62: =TRUNC(F62*L62,2) -> 0 | Y62: =R62+S62+T62+U62+V62+W62 -> 0 | Z62: =Q62-Y62 -> 22335.264
B63: 1.6.3 | C63: 87536 | D63: EMBOÇO, PARA RECEBIMENTO DE CERÂMICA, EM ARGAMASSA TRAÇO 1:2:8, PREPARO MANUAL, APLICADO MANUALMENTE EM FACES INTERNAS DE PAREDES, PARA AMBIENTE COM ÁREA MAIOR QUE 10M2, ESPESSURA DE 20MM, COM EXECUÇÃO DE TALISCAS. AF_06/2014 | E63: M2 | F63: 31.26 | G63: 351.87 | O63: =H63+I63+J63+K63+L63+M63+N63 -> 0 | P63: =G63-O63 -> 351.87 | Q63: =F63*G63 -> 10999.456 | R63: =F63*H63 -> 0 | S63: =F63*I63 -> 0 | T63: =F63*J63 -> 0 | U63: =TRUNC(F63*K63,2) -> 0 | V63: =TRUNC(F63*L63,2) -> 0 | Y63: =R63+S63+T63+U63+V63+W63 -> 0 | Z63: =Q63-Y63 -> 10999.456
B64: 1.6.4 | C64: 87275 | D64: REVESTIMENTO CERÂMICO PARA PAREDES INTERNAS COM PLACAS TIPO ESMALTADA EXTRA DE DIMENSÕES 33X45 CM APLICADAS A MEIA ALTURA DAS PAREDES. AF_02/2023_PE | E64: M2 | F64: 75.14 | G64: 351.87 | O64: =H64+I64+J64+K64+L64+M64+N64 -> 0 | P64: =G64-O64 -> 351.87 | Q64: =F64*G64 -> 26439.512 | R64: =F64*H64 -> 0 | S64: =F64*I64 -> 0 | T64: =F64*J64 -> 0 | U64: =TRUNC(F64*K64,2) -> 0 | V64: =TRUNC(F64*L64,2) -> 0 | Y64: =R64+S64+T64+U64+V64+W64 -> 0 | Z64: =Q64-Y64 -> 26439.512
B65: 1.7 | C65: ESQUADRIAS | R65: =F65*H65 -> 0 | S65: =F65*I65 -> 0 | T65: =F65*J65 -> 0 | U65: =TRUNC(F65*K65,2) -> 0 | V65: =TRUNC(F65*L65,2) -> 0 | Y65: =R65+S65+T65+U65+V65+W65 -> 0 | Z65: =Q65-Y65 -> 0
B66: 1.7.1 | C66: 91315 | D66: KIT DE PORTA DE MADEIRA PARA PINTURA, SEMI-OCA (LEVE OU MÉDIA), PADRÃO POPULAR, 90X210CM, ESPESSURA DE 3,5CM, ITENS INCLUSOS: DOBRADIÇAS, MONTAGEM E INSTALAÇÃO DO BATENTE, FECHADURA COM EXECUÇÃO DO FURO - FORNECIMENTO E INSTALAÇÃO. AF_12/2019 | E66: UN | F66: 919.01 | G66: 18 | O66: =H66+I66+J66+K66+L66+M66+N66 -> 0 | P66: =G66-O66 -> 18 | Q66: =F66*G66 -> 16542.18 | R66: =F66*H66 -> 0 | S66: =F66*I66 -> 0 | T66: =F66*J66 -> 0 | U66: =TRUNC(F66*K66,2) -> 0 | V66: =TRUNC(F66*L66,2) -> 0 | Y66: =R66+S66+T66+U66+V66+W66 -> 0 | Z66: =Q66-Y66 -> 16542.18
B67: 1.7.2 | C67: 94570 | D67: JANELA DE ALUMÍNIO DE CORRER COM 2 FOLHAS PARA VIDROS, COM VIDROS, BATENTE, ACABAMENTO COM ACETATO OU BRILHANTE E FERRAGENS. EXCLUSIVE ALIZAR E CONTRAMARCO. FORNECIMENTO E INSTALAÇÃO. AF_12/2019 | E67: M2 | F67: 960.32 | G67: 49.7 | O67: =H67+I67+J67+K67+L67+M67+N67 -> 0 | P67: =G67-O67 -> 49.7 | Q67: =F67*G67 -> 47727.904 | R67: =F67*H67 -> 0 | S67: =F67*I67 -> 0 | T67: =F67*J67 -> 0 | U67: =TRUNC(F67*K67,2) -> 0 | V67: =TRUNC(F67*L67,2) -> 0 | Y67: =R67+S67+T67+U67+V67+W67 -> 0 | Z67: =Q67-Y67 -> 47727.904
B68: 1.7.3 | C68: 100689 | D68: KIT DE PORTA DE MADEIRA FRISADA, SEMI-OCA (LEVE OU MÉDIA), PADRÃO MÉDIO, 80X210CM, ESPESSURA DE 3,5CM, ITENS INCLUSOS: DOBRADIÇAS, MONTAGEM E INSTALAÇÃO DE BATENTE, FECHADURA COM EXECUÇÃO DO FURO - FORNECIMENTO E INSTALAÇÃO. AF_12/2019 | E68: UN | F68: 1069.74 | G68: 5 | O68: =H68+I68+J68+K68+L68+M68+N68 -> 0 | P68: =G68-O68 -> 5 | Q68: =F68*G68 -> 5348.7 | R68: =F68*H68 -> 0 | S68: =F68*I68 -> 0 | T68: =F68*J68 -> 0 | U68: =TRUNC(F68*K68,2) -> 0 | V68: =TRUNC(F68*L68,2) -> 0 | Y68: =R68+S68+T68+U68+V68+W68 -> 0 | Z68: =Q68-Y68 -> 5348.7
B69: 1.7.4 | C69: composição 3 | D69: PORTA EM MADEIRA , LISA, SEMI-ÔCA, 1.46 X 2.10 M, COM DUAS FOLHAS, INCLUSIVE BATENTES E FERRAGENS - REV 02[ADAPTADO DE ORSE 7149] | E69: UND | F69: 2030.34 | G69: 1 | O69: =H69+I69+J69+K69+L69+M69+N69 -> 0 | P69: =G69-O69 -> 1 | Q69: =F69*G69 -> 2030.34 | R69: =F69*H69 -> 0 | S69: =F69*I69 -> 0 | T69: =F69*J69 -> 0 | U69: =TRUNC(F69*K69,2) -> 0 | V69: =TRUNC(F69*L69,2) -> 0 | Y69: =R69+S69+T69+U69+V69+W69 -> 0 | Z69: =Q69-Y69 -> 2030.34
B70: 1.7.5 | C70: composição 4 | D70: PORTÃO EM ALUMÍNIO, COR N/B/P, EM PERFÍS BÚZIO QUADRADO OU LAMBRIL, COMPLETO INCLUSIVE RODÍZIOS, PERFÍS E FECHADURA- ORSE - ORSE 11955 | E70: UND | F70: 4697.45 | G70: 3 | O70: =H70+I70+J70+K70+L70+M70+N70 -> 0 | P70: =G70-O70 -> 3 | Q70: =F70*G70 -> 14092.35 | R70: =F70*H70 -> 0 | S70: =F70*I70 -> 0 | T70: =F70*J70 -> 0 | U70: =TRUNC(F70*K70,2) -> 0 | V70: =TRUNC(F70*L70,2) -> 0 | Y70: =R70+S70+T70+U70+V70+W70 -> 0 | Z70: =Q70-Y70 -> 14092.35
B71: 1.7.6 | C71: 91341 | D71: PORTA EM ALUMÍNIO DE ABRIR TIPO VENEZIANA COM GUARNIÇÃO, FIXAÇÃO COM PARAFUSOS - FORNECIMENTO E INSTALAÇÃO. AF_12/2019 | E71: M2 | F71: 976.37 | G71: 12.96 | O71: =H71+I71+J71+K71+L71+M71+N71 -> 0 | P71: =G71-O71 -> 12.96 | Q71: =F71*G71 -> 12653.755 | R71: =F71*H71 -> 0 | S71: =F71*I71 -> 0 | T71: =F71*J71 -> 0 | U71: =TRUNC(F71*K71,2) -> 0 | V71: =TRUNC(F71*L71,2) -> 0 | Y71: =R71+S71+T71+U71+V71+W71 -> 0 | Z71: =Q71-Y71 -> 12653.755
B72: 1.7.7 | C72: 100702 | D72: PORTA DE CORRER DE ALUMÍNIO, COM DUAS FOLHAS PARA VIDRO, INCLUSO VIDRO LISO INCOLOR, FECHADURA E PUXADOR, SEM ALIZAR. AF_12/2019 | E72: M2 | F72: 579.9 | G72: 19.96 | O72: =H72+I72+J72+K72+L72+M72+N72 -> 0 | P72: =G72-O72 -> 19.96 | Q72: =F72*G72 -> 11574.804 | R72: =F72*H72 -> 0 | S72: =F72*I72 -> 0 | T72: =F72*J72 -> 0 | U72: =TRUNC(F72*K72,2) -> 0 | V72: =TRUNC(F72*L72,2) -> 0 | Y72: =R72+S72+T72+U72+V72+W72 -> 0 | Z72: =Q72-Y72 -> 11574.804
B73: 1.7.8 | C73: 90831 | D73: FECHADURA DE EMBUTIR PARA PORTA DE BANHEIRO, COMPLETA, ACABAMENTO PADRÃO MÉDIO, INCLUSO EXECUÇÃO DE FURO - FORNECIMENTO E INSTALAÇÃO. AF_12/2019 | E73: UN | F73: 137.3 | G73: 8 | O73: =H73+I73+J73+K73+L73+M73+N73 -> 0 | P73: =G73-O73 -> 8 | Q73: =F73*G73 -> 1098.4 | R73: =F73*H73 -> 0 | S73: =F73*I73 -> 0 | T73: =F73*J73 -> 0 | U73: =TRUNC(F73*K73,2) -> 0 | V73: =TRUNC(F73*L73,2) -> 0 | Y73: =R73+S73+T73+U73+V73+W73 -> 0 | Z73: =Q73-Y73 -> 1098.4
B74: 1.8 | C74: PINTURA | R74: =F74*H74 -> 0 | S74: =F74*I74 -> 0 | T74: =F74*J74 -> 0 | U74: =TRUNC(F74*K74,2) -> 0 | V74: =TRUNC(F74*L74,2) -> 0 | Y74: =R74+S74+T74+U74+V74+W74 -> 0 | Z74: =Q74-Y74 -> 0
B75: 1.8.1 | C75: 88485 | D75: APLICAÇÃO DE FUNDO SELADOR ACRÍLICO EM PAREDES, UMA DEMÃO. AF_06/2014 | E75: M2 | F75: 2.74 | G75: 997.11 | O75: =H75+I75+J75+K75+L75+M75+N75 -> 0 | P75: =G75-O75 -> 997.11 | Q75: =F75*G75 -> 2732.0814 | R75: =F75*H75 -> 0 | S75: =F75*I75 -> 0 | T75: =F75*J75 -> 0 | U75: =TRUNC(F75*K75,2) -> 0 | V75: =TRUNC(F75*L75,2) -> 0 | Y75: =R75+S75+T75+U75+V75+W75 -> 0 | Z75: =Q75-Y75 -> 2732.0814
B76: 1.8.2 | C76: 88495 | D76: APLICAÇÃO E LIXAMENTO DE MASSA LÁTEX EM PAREDES, UMA DEMÃO. AF_06/2014 | E76: M2 | F76: 9.86 | G76: 997.11 | O76: =H76+I76+J76+K76+L76+M76+N76 -> 0 | P76: =G76-O76 -> 997.11 | Q76: =F76*G76 -> 9831.5046 | R76: =F76*H76 -> 0 | S76: =F76*I76 -> 0 | T76: =F76*J76 -> 0 | U76: =TRUNC(F76*K76,2) -> 0 | V76: =TRUNC(F76*L76,2) -> 0 | Y76: =R76+S76+T76+U76+V76+W76 -> 0 | Z76: =Q76-Y76 -> 9831.5046
B77: 1.8.3 | C77: 88489 | D77: APLICAÇÃO MANUAL DE PINTURA COM TINTA LÁTEX ACRÍLICA EM PAREDES, DUAS DEMÃOS. AF_06/2014 | E77: M2 | F77: 12.16 | G77: 997.11 | O77: =H77+I77+J77+K77+L77+M77+N77 -> 0 | P77: =G77-O77 -> 997.11 | Q77: =F77*G77 -> 12124.858 | R77: =F77*H77 -> 0 | S77: =F77*I77 -> 0 | T77: =F77*J77 -> 0 | U77: =TRUNC(F77*K77,2) -> 0 | V77: =TRUNC(F77*L77,2) -> 0 | Y77: =R77+S77+T77+U77+V77+W77 -> 0 | Z77: =Q77-Y77 -> 12124.858
B78: 1.8.4 | C78: 88484 | D78: APLICAÇÃO DE FUNDO SELADOR ACRÍLICO EM TETO, UMA DEMÃO. AF_06/2014 | E78: M2 | F78: 3.1 | G78: 634.5 | O78: =H78+I78+J78+K78+L78+M78+N78 -> 0 | P78: =G78-O78 -> 634.5 | Q78: =F78*G78 -> 1966.95 | R78: =F78*H78 -> 0 | S78: =F78*I78 -> 0 | T78: =F78*J78 -> 0 | U78: =TRUNC(F78*K78,2) -> 0 | V78: =TRUNC(F78*L78,2) -> 0 | Y78: =R78+S78+T78+U78+V78+W78 -> 0 | Z78: =Q78-Y78 -> 1966.95
B79: 1.8.5 | C79: 88494 | D79: APLICAÇÃO E LIXAMENTO DE MASSA LÁTEX EM TETO, UMA DEMÃO. AF_06/2014 | E79: M2 | F79: 17.43 | G79: 634.5 | O79: =H79+I79+J79+K79+L79+M79+N79 -> 0 | P79: =G79-O79 -> 634.5 | Q79: =F79*G79 -> 11059.335 | R79: =F79*H79 -> 0 | S79: =F79*I79 -> 0 | T79: =F79*J79 -> 0 | U79: =TRUNC(F79*K79,2) -> 0 | V79: =TRUNC(F79*L79,2) -> 0 | Y79: =R79+S79+T79+U79+V79+W79 -> 0 | Z79: =Q79-Y79 -> 11059.335
B80: 1.8.6 | C80: 88488 | D80: APLICAÇÃO MANUAL DE PINTURA COM TINTA LÁTEX ACRÍLICA EM TETO, DUAS DEMÃOS. AF_06/2014 | E80: M2 | F80: 13.74 | G80: 634.5 | O80: =H80+I80+J80+K80+L80+M80+N80 -> 0 | P80: =G80-O80 -> 634.5 | Q80: =F80*G80 -> 8718.03 | R80: =F80*H80 -> 0 | S80: =F80*I80 -> 0 | T80: =F80*J80 -> 0 | U80: =TRUNC(F80*K80,2) -> 0 | V80: =TRUNC(F80*L80,2) -> 0 | Y80: =R80+S80+T80+U80+V80+W80 -> 0 | Z80: =Q80-Y80 -> 8718.03
B81: 1.9 | C81: REVESTIMENTOS EXTERNOS | R81: =F81*H81 -> 0 | S81: =F81*I81 -> 0 | T81: =F81*J81 -> 0 | U81: =TRUNC(F81*K81,2) -> 0 | V81: =TRUNC(F81*L81,2) -> 0 | Y81: =R81+S81+T81+U81+V81+W81 -> 0 | Z81: =Q81-Y81 -> 0
B82: 1.9.1 | C82: 87894 | D82: CHAPISCO APLICADO EM ALVENARIA (SEM PRESENÇA DE VÃOS) E ESTRUTURAS DE CONCRETO DE FACHADA, COM COLHER DE PEDREIRO. ARGAMASSA TRAÇO 1:3 COM PREPARO EM BETONEIRA 400L. AF_10/2022 | E82: M2 | F82: 5.72 | G82: 466.37 | O82: =H82+I82+J82+K82+L82+M82+N82 -> 0 | P82: =G82-O82 -> 466.37 | Q82: =F82*G82 -> 2667.6364 | R82: =F82*H82 -> 0 | S82: =F82*I82 -> 0 | T82: =F82*J82 -> 0 | U82: =TRUNC(F82*K82,2) -> 0 | V82: =TRUNC(F82*L82,2) -> 0 | Y82: =R82+S82+T82+U82+V82+W82 -> 0 | Z82: =Q82-Y82 -> 2667.6364
B83: 1.9.2 | C83: 104233 | D83: EMBOÇO OU MASSA ÚNICA EM ARGAMASSA TRAÇO 1:2:8, PREPARO MECÂNICA COM BETONEIRA 400 L, APLICADA MANUALMENTE EM PANOS DE FACHADA SEM PRESENÇA DE VÃOS, ESPESSURA DE 25 MM, ACESSO POR ANDAIME. AF_08/2022 | E83: M2 | F83: 31.53 | G83: 466.37 | O83: =H83+I83+J83+K83+L83+M83+N83 -> 0 | P83: =G83-O83 -> 466.37 | Q83: =F83*G83 -> 14704.646 | R83: =F83*H83 -> 0 | S83: =F83*I83 -> 0 | T83: =F83*J83 -> 0 | U83: =TRUNC(F83*K83,2) -> 0 | V83: =TRUNC(F83*L83,2) -> 0 | Y83: =R83+S83+T83+U83+V83+W83 -> 0 | Z83: =Q83-Y83 -> 14704.646
B84: 1.9.3 | C84: composição 6 | D84: REVESTIMENTO PORCELANATO MADEIRADO PARA PAREDES COM PLACAS TIPO ESMALTADA EXTRA DE DIMENSÕES 20X120 CM [ADAPTADO SINAPI 87244] | E84: M2 | F84: 154.75 | G84: 32.5 | O84: =H84+I84+J84+K84+L84+M84+N84 -> 0 | P84: =G84-O84 -> 32.5 | Q84: =F84*G84 -> 5029.375 | R84: =F84*H84 -> 0 | S84: =F84*I84 -> 0 | T84: =F84*J84 -> 0 | U84: =TRUNC(F84*K84,2) -> 0 | V84: =TRUNC(F84*L84,2) -> 0 | Y84: =R84+S84+T84+U84+V84+W84 -> 0 | Z84: =Q84-Y84 -> 5029.375
B85: 1.9.4 | C85: composição 7 | D85: REVESTIMENTO PORCELANATO MARMORIZADO PARA PAREDES E PISO COM PLACAS TIPO ESMALTADA EXTRA DE DIMENSÕES 80X80 CM [ADAPTADO SINAPI 87244] | E85: M² | F85: 228.6 | G85: 29.5 | O85: =H85+I85+J85+K85+L85+M85+N85 -> 0 | P85: =G85-O85 -> 29.5 | Q85: =F85*G85 -> 6743.7 | R85: =F85*H85 -> 0 | S85: =F85*I85 -> 0 | T85: =F85*J85 -> 0 | U85: =TRUNC(F85*K85,2) -> 0 | V85: =TRUNC(F85*L85,2) -> 0 | Y85: =R85+S85+T85+U85+V85+W85 -> 0 | Z85: =Q85-Y85 -> 6743.7
B86: 1.9.5 | C86: 88485 | D86: APLICAÇÃO DE FUNDO SELADOR ACRÍLICO EM PAREDES, UMA DEMÃO. AF_06/2014 | E86: M2 | F86: 2.74 | G86: 404.37 | O86: =H86+I86+J86+K86+L86+M86+N86 -> 0 | P86: =G86-O86 -> 404.37 | Q86: =F86*G86 -> 1107.9738 | R86: =F86*H86 -> 0 | S86: =F86*I86 -> 0 | T86: =F86*J86 -> 0 | U86: =TRUNC(F86*K86,2) -> 0 | V86: =TRUNC(F86*L86,2) -> 0 | Y86: =R86+S86+T86+U86+V86+W86 -> 0 | Z86: =Q86-Y86 -> 1107.9738
B87: 1.9.6 | C87: 96130 | D87: APLICAÇÃO MANUAL DE MASSA ACRÍLICA EM PAREDES EXTERNAS DE CASAS, UMA DEMÃO. AF_05/2017 | E87: M2 | F87: 17.11 | G87: 404.37 | O87: =H87+I87+J87+K87+L87+M87+N87 -> 0 | P87: =G87-O87 -> 404.37 | Q87: =F87*G87 -> 6918.7707 | R87: =F87*H87 -> 0 | S87: =F87*I87 -> 0 | T87: =F87*J87 -> 0 | U87: =TRUNC(F87*K87,2) -> 0 | V87: =TRUNC(F87*L87,2) -> 0 | Y87: =R87+S87+T87+U87+V87+W87 -> 0 | Z87: =Q87-Y87 -> 6918.7707
B88: 1.9.7 | C88: 88489 | D88: APLICAÇÃO MANUAL DE PINTURA COM TINTA LÁTEX ACRÍLICA EM PAREDES, DUAS DEMÃOS. AF_06/2014 | E88: M2 | F88: 12.16 | G88: 404.37 | O88: =H88+I88+J88+K88+L88+M88+N88 -> 0 | P88: =G88-O88 -> 404.37 | Q88: =F88*G88 -> 4917.1392 | R88: =F88*H88 -> 0 | S88: =F88*I88 -> 0 | T88: =F88*J88 -> 0 | U88: =TRUNC(F88*K88,2) -> 0 | V88: =TRUNC(F88*L88,2) -> 0 | Y88: =R88+S88+T88+U88+V88+W88 -> 0 | Z88: =Q88-Y88 -> 4917.1392
B89: 1.1 | C89: INSTALAÇÃO ELÉTRICA | R89: =F89*H89 -> 0 | S89: =F89*I89 -> 0 | T89: =F89*J89 -> 0 | U89: =TRUNC(F89*K89,2) -> 0 | V89: =TRUNC(F89*L89,2) -> 0 | Y89: =R89+S89+T89+U89+V89+W89 -> 0 | Z89: =Q89-Y89 -> 0
B90: 1.10.1 | C90: 92868 | D90: CAIXA RETANGULAR 4" X 2" MÉDIA (1,30 M DO PISO), METÁLICA, INSTALADA EM PAREDE - FORNECIMENTO E INSTALAÇÃO. AF_03/2023 | E90: UN | F90: 13.45 | G90: 117 | O90: =H90+I90+J90+K90+L90+M90+N90 -> 0 | P90: =G90-O90 -> 117 | Q90: =F90*G90 -> 1573.65 | R90: =F90*H90 -> 0 | S90: =F90*I90 -> 0 | T90: =F90*J90 -> 0 | U90: =TRUNC(F90*K90,2) -> 0 | V90: =TRUNC(F90*L90,2) -> 0 | Y90: =R90+S90+T90+U90+V90+W90 -> 0 | Z90: =Q90-Y90 -> 1573.65
B91: 1.10.2 | C91: 91937 | D91: CAIXA OCTOGONAL 3" X 3", PVC, INSTALADA EM LAJE - FORNECIMENTO E INSTALAÇÃO. AF_03/2023 | E91: UN | F91: 11.14 | G91: 76 | O91: =H91+I91+J91+K91+L91+M91+N91 -> 0 | P91: =G91-O91 -> 76 | Q91: =F91*G91 -> 846.64 | R91: =F91*H91 -> 0 | S91: =F91*I91 -> 0 | T91: =F91*J91 -> 0 | U91: =TRUNC(F91*K91,2) -> 0 | V91: =TRUNC(F91*L91,2) -> 0 | Y91: =R91+S91+T91+U91+V91+W91 -> 0 | Z91: =Q91-Y91 -> 846.64
B92: 1.10.3 | C92: 91924 | D92: CABO DE COBRE FLEXÍVEL ISOLADO, 1,5 MM², ANTI-CHAMA 450/750 V, PARA CIRCUITOS TERMINAIS - FORNECIMENTO E INSTALAÇÃO. AF_03/2023 | E92: M | F92: 2.7 | G92: 1253.8 | O92: =H92+I92+J92+K92+L92+M92+N92 -> 0 | P92: =G92-O92 -> 1253.8 | Q92: =F92*G92 -> 3385.26 | R92: =F92*H92 -> 0 | S92: =F92*I92 -> 0 | T92: =F92*J92 -> 0 | U92: =TRUNC(F92*K92,2) -> 0 | V92: =TRUNC(F92*L92,2) -> 0 | Y92: =R92+S92+T92+U92+V92+W92 -> 0 | Z92: =Q92-Y92 -> 3385.26
B93: 1.10.4 | C93: 91926 | D93: CABO DE COBRE FLEXÍVEL ISOLADO, 2,5 MM², ANTI-CHAMA 450/750 V, PARA CIRCUITOS TERMINAIS - FORNECIMENTO E INSTALAÇÃO. AF_03/2023 | E93: M | F93: 3.98 | G93: 1496.3 | O93: =H93+I93+J93+K93+L93+M93+N93 -> 0 | P93: =G93-O93 -> 1496.3 | Q93: =F93*G93 -> 5955.274 | R93: =F93*H93 -> 0 | S93: =F93*I93 -> 0 | T93: =F93*J93 -> 0 | U93: =TRUNC(F93*K93,2) -> 0 | V93: =TRUNC(F93*L93,2) -> 0 | Y93: =R93+S93+T93+U93+V93+W93 -> 0 | Z93: =Q93-Y93 -> 5955.274
B94: 1.10.5 | C94: 91928 | D94: CABO DE COBRE FLEXÍVEL ISOLADO, 4 MM², ANTI-CHAMA 450/750 V, PARA CIRCUITOS TERMINAIS - FORNECIMENTO E INSTALAÇÃO. AF_03/2023 | E94: M | F94: 6.23 | G94: 284.6 | O94: =H94+I94+J94+K94+L94+M94+N94 -> 0 | P94: =G94-O94 -> 284.6 | Q94: =F94*G94 -> 1773.058 | R94: =F94*H94 -> 0 | S94: =F94*I94 -> 0 | T94: =F94*J94 -> 0 | U94: =TRUNC(F94*K94,2) -> 0 | V94: =TRUNC(F94*L94,2) -> 0 | Y94: =R94+S94+T94+U94+V94+W94 -> 0 | Z94: =Q94-Y94 -> 1773.058
B95: 1.10.6 | C95: 91931 | D95: CABO DE COBRE FLEXÍVEL ISOLADO, 6 MM², ANTI-CHAMA 0,6/1,0 KV, PARA CIRCUITOS TERMINAIS - FORNECIMENTO E INSTALAÇÃO. AF_03/2023 | E95: M | F95: 9.51 | G95: 224 | O95: =H95+I95+J95+K95+L95+M95+N95 -> 0 | P95: =G95-O95 -> 224 | Q95: =F95*G95 -> 2130.24 | R95: =F95*H95 -> 0 | S95: =F95*I95 -> 0 | T95: =F95*J95 -> 0 | U95: =TRUNC(F95*K95,2) -> 0 | V95: =TRUNC(F95*L95,2) -> 0 | Y95: =R95+S95+T95+U95+V95+W95 -> 0 | Z95: =Q95-Y95 -> 2130.24
B96: 1.10.7 | C96: 39773 | D96: CAIXA DE PASSAGEM METALICA DE SOBREPOR COM TAMPA PARAFUSADA, DIMENSOES 40 X 40 X 15 CM | E96: UN | F96: 101.17 | G96: 2 | O96: =H96+I96+J96+K96+L96+M96+N96 -> 0 | P96: =G96-O96 -> 2 | Q96: =F96*G96 -> 202.34 | R96: =F96*H96 -> 0 | S96: =F96*I96 -> 0 | T96: =F96*J96 -> 0 | U96: =TRUNC(F96*K96,2) -> 0 | V96: =TRUNC(F96*L96,2) -> 0 | Y96: =R96+S96+T96+U96+V96+W96 -> 0 | Z96: =Q96-Y96 -> 202.34
B97: 1.10.8 | C97: 101890 | D97: DISJUNTOR MONOPOLAR TIPO NEMA, CORRENTE NOMINAL DE 10 ATÉ 30A - FORNECIMENTO E INSTALAÇÃO. AF_10/2020 | E97: UN | F97: 15.35 | G97: 19 | O97: =H97+I97+J97+K97+L97+M97+N97 -> 0 | P97: =G97-O97 -> 19 | Q97: =F97*G97 -> 291.65 | R97: =F97*H97 -> 0 | S97: =F97*I97 -> 0 | T97: =F97*J97 -> 0 | U97: =TRUNC(F97*K97,2) -> 0 | V97: =TRUNC(F97*L97,2) -> 0 | Y97: =R97+S97+T97+U97+V97+W97 -> 0 | Z97: =Q97-Y97 -> 291.65
B98: 1.10.9 | C98: 93670 | D98: DISJUNTOR TRIPOLAR TIPO DIN, CORRENTE NOMINAL DE 25A - FORNECIMENTO E INSTALAÇÃO. AF_10/2020 | E98: UN | F98: 73.97 | G98: 1 | O98: =H98+I98+J98+K98+L98+M98+N98 -> 0 | P98: =G98-O98 -> 1 | Q98: =F98*G98 -> 73.97 | R98: =F98*H98 -> 0 | S98: =F98*I98 -> 0 | T98: =F98*J98 -> 0 | U98: =TRUNC(F98*K98,2) -> 0 | V98: =TRUNC(F98*L98,2) -> 0 | Y98: =R98+S98+T98+U98+V98+W98 -> 0 | Z98: =Q98-Y98 -> 73.97
B99: 1.10.10 | C99: 93671 | D99: DISJUNTOR TRIPOLAR TIPO DIN, CORRENTE NOMINAL DE 32A - FORNECIMENTO E INSTALAÇÃO. AF_10/2020 | E99: UN | F99: 77.57 | G99: 1 | O99: =H99+I99+J99+K99+L99+M99+N99 -> 0 | P99: =G99-O99 -> 1 | Q99: =F99*G99 -> 77.57 | R99: =F99*H99 -> 0 | S99: =F99*I99 -> 0 | T99: =F99*J99 -> 0 | U99: =TRUNC(F99*K99,2) -> 0 | V99: =TRUNC(F99*L99,2) -> 0 | Y99: =R99+S99+T99+U99+V99+W99 -> 0 | Z99: =Q99-Y99 -> 77.57
B100: 1.10.11 | C100: 39466 | D100: DISPOSITIVO DPS CLASSE II, 1 POLO, TENSAO MAXIMA DE 175 V, CORRENTE MAXIMA DE *30* KA (TIPO AC) | E100: UN | F100: 74.81 | G100: 6 | O100: =H100+I100+J100+K100+L100+M100+N100 -> 0 | P100: =G100-O100 -> 6 | Q100: =F100*G100 -> 448.86 | R100: =F100*H100 -> 0 | S100: =F100*I100 -> 0 | T100: =F100*J100 -> 0 | U100: =TRUNC(F100*K100,2) -> 0 | V100: =TRUNC(F100*L100,2) -> 0 | Y100: =R100+S100+T100+U100+V100+W100 -> 0 | Z100: =Q100-Y100 -> 448.86
B101: 1.10.12 | C101: 39445 | D101: DISPOSITIVO DR, 2 POLOS, SENSIBILIDADE DE 30 MA, CORRENTE DE 25 A, TIPO AC | E101: UN | F101: 136.8 | G101: 1 | O101: =H101+I101+J101+K101+L101+M101+N101 -> 0 | P101: =G101-O101 -> 1 | Q101: =F101*G101 -> 136.8 | R101: =F101*H101 -> 0 | S101: =F101*I101 -> 0 | T101: =F101*J101 -> 0 | U101: =TRUNC(F101*K101,2) -> 0 | V101: =TRUNC(F101*L101,2) -> 0 | Y101: =R101+S101+T101+U101+V101+W101 -> 0 | Z101: =Q101-Y101 -> 136.8
... B117: 1.10.28 | C117: 92023 | D117: INTERRUPTOR SIMPLES (1 MÓDULO) COM 1 TOMADA DE EMBUTIR 2P+T 10 A, INCLUINDO SUPORTE E PLACA - FORNECIMENTO E INSTALAÇÃO. AF_03/2023 | E117: UN | F117: 43.88 | G117: 5 | O117: =H117+I117+J117+K117+L117+M117+N117 -> 0 | P117: =G117-O117 -> 5 | Q117: =F117*G117 -> 219.4 | R117: =F117*H117 -> 0 | S117: =F117*I117 -> 0 | T117: =F117*J117 -> 0 | U117: =TRUNC(F117*K117,2) -> 0 | V117: =TRUNC(F117*L117,2) -> 0 | Y117: =R117+S117+T117+U117+V117+W117 -> 0 | Z117: =Q117-Y117 -> 219.4
...

Sheet MEMORIAL DE CALCULO 05
B2: BOLETIM DE MEDIÇÃO 05 - MEMORIAL DE CÁLCULO
B3: OBJETO: | I3: CONTRATO: | J3: VALOR CONTRATADO:
B4: CONSTRUÇÃO DA CASA DE ACOLHIMENTO PARA CRIANÇAS E ADOCESLENTES, "CASA LAR", NO MUNICÍPIO DE SOUSA/PB. | I4: 682/2023 | J4: 1240378.4
B5: EMPRESA CONTRATADA: | E5: CNPJ: | I5: CONTRATANTE:
B6: ALX CONSTRUÇÕES E LOCAÇÕES | E6: 17.490.708/0001-70 | I6: PREFEITURA MUNICIPAL DE SOUSA
B7: DATA | D7: PERÍODO DA MEDIÇÃO | E7: VALOR DA MEDIÇÃO: | H7: VALOR ACUMULADO ANTERIOR: | J7: MEDIÇÃO:
B8: 45422 | D8: 04/04/2024 a 10/05/2024 | E8: ='BOLETIM DE MEDIÇÃO 05'!E8 -> 103177.49 | H8: ='BOLETIM DE MEDIÇÃO 05'!H8 -> 274592.68 | J8: 05
B10: ITEM | C10: CÓDIGO | D10: DESCRIÇÃO | E10: UND | F10: VEZ | G10: DADOS | J10: RESULTADO
G11: L | H11: C | I11: H | J11: ACUMULADO ANTERIOR | K11: PARCIAL | L11: TOTAL | M11: CONTRATADO | N11: SALDO
B12: 1 | C12: CONSTRUÇÃO DA CASA DE ACOLHIMENTO PARA CRIANÇAS E ADOLESCENTES - CASA LAR, NO MUNICÍPIO DE SOUSA - PB
B13: 1.1 | C13: SERVIÇOS PRELIMINARES
B14: 1.1.1 | C14: composição 1 | D14: PLACA DE OBRA EM CHAPA DE ACO GALVANIZADO [ADAPTADO SINAPI 74209/01] | E14: M2 | F14: 1 | G14: 2 | I14: 3 | J14: ='BOLETIM DE MEDIÇÃO 05'!O14-'MEMORIAL DE CALCULO 05'!K14 -> 0 | K14: =G14*I14*F14 -> 6 | L14: =J14+K14 -> 6 | M14: ='BOLETIM DE MEDIÇÃO 05'!G14 -> 6 | N14: =M14-L14 -> 0
B15: 1.1.2 | C15: 93209 | D15: EXECUÇÃO DE ALMOXARIFADO EM CANTEIRO DE OBRA EM ALVENARIA, INCLUSO PRATELEIRAS. AF_02/2016 | E15: M2 | F15: 1 | G15: 1 | H15: 2.75 | J15: ='BOLETIM DE MEDIÇÃO 05'!O15-'MEMORIAL DE CALCULO 05'!K15 -> 2.25 | K15: =F15*G15*H15 -> 2.75 | L15: =J15+K15 -> 5 | M15: ='BOLETIM DE MEDIÇÃO 05'!G15 -> 5 | N15: =M15-L15 -> 0
B16: 1.1.3 | C16: 93206 | D16: EXECUÇÃO DE ESCRITÓRIO EM CANTEIRO DE OBRA EM ALVENARIA, NÃO INCLUSO MOBILIÁRIO E EQUIPAMENTOS. AF_02/2016 | E16: M2 | F16: 1 | G16: 1 | H16: 2.75 | J16: ='BOLETIM DE MEDIÇÃO 05'!O16-'MEMORIAL DE CALCULO 05'!K16 -> 2.25 | K16: =F16*G16*H16 -> 2.75 | L16: =J16+K16 -> 5 | M16: ='BOLETIM DE MEDIÇÃO 05'!G16 -> 5 | N16: =M16-L16 -> 0
B17: 1.1.4 | C17: composição 11 | D17: Tapume em chapa compensada esp = 10mm (1 uso). [ADAPTADO ORSE 53] | E17: M2 | J17: ='BOLETIM DE MEDIÇÃO 05'!O17-'MEMORIAL DE CALCULO 05'!K17 -> 258.4 | K17: =K18 -> 19 | L17: =J17+K17 -> 277.4 | M17: ='BOLETIM DE MEDIÇÃO 05'!G17 -> 277.4 | N17: =M17-L17 -> 0
D18: PERÍMETRO DA INTERVENÇÃO | F18: 1 | G18: 9.5 | I18: 2 | K18: =F18*(G18*I18) -> 19
B19: 1.1.5 | C19: 98524 | D19: LIMPEZA MANUAL DE VEGETAÇÃO EM TERRENO COM ENXADA.AF_05/2018 | E19: M2 | J19: ='BOLETIM DE MEDIÇÃO 05'!O18-'MEMORIAL DE CALCULO 05'!K19 -> 0 | K19: =K20 -> 0 | L19: =J19+K19 -> 0 | M19: ='BOLETIM DE MEDIÇÃO 05'!G18 -> 1430.2 | N19: =M19-L19 -> 1430.2
D20: ÁREA DA INTERVENÇÃO | F20: 0 | G20: 1430.2 | K20: =F20*G20 -> 0
B21: 1.1.6 | C21: 100575 | D21: REGULARIZAÇÃO DE SUPERFÍCIES COM MOTONIVELADORA. AF_11/2019 | E21: M2 | J21: ='BOLETIM DE MEDIÇÃO 05'!O19-'MEMORIAL DE CALCULO 05'!K21 -> 0 | K21: =K22 -> 0 | L21: =J21+K21 -> 0 | M21: ='BOLETIM DE MEDIÇÃO 05'!G19 -> 1430.2 | N21: =M21-L21 -> 1430.2
D22: ÁREA DA INTERVENÇÃO | F22: 0 | G22: 1430.2 | K22: =F22*G22 -> 0
B23: 1.2 | C23: MOVIMENTO DE TERRA
B24: 1.2.1 | C24: 99059 | D24: LOCACAO CONVENCIONAL DE OBRA, UTILIZANDO GABARITO DE TÁBUAS CORRIDAS PONTALETADAS A CADA 2,00M - 2 UTILIZAÇÕES. AF_10/2018 | E24: M | F24: 1 | G24: 137.5 | J24: ='BOLETIM DE MEDIÇÃO 05'!O21-'MEMORIAL DE CALCULO 05'!K24 -> 0 | K24: =F24*G24 -> 137.5 | L24: =J24+K24 -> 137.5 | M24: ='BOLETIM DE MEDIÇÃO 05'!G21 -> 137.5 | N24: =M24-L24 -> 0
B25: 1.2.2 | C25: 93358 | D25: ESCAVAÇÃO MANUAL DE VALA COM PROFUNDIDADE MENOR OU IGUAL A 1,30 M. AF_02/2021 | E25: M3 | J25: ='BOLETIM DE MEDIÇÃO 05'!O22-'MEMORIAL DE CALCULO 05'!K25 -> 71.14462 | K25: =F34*(G34*H34*I34) -> 14.04 | L25: =J25+K25 -> 85.18462 | M25: ='BOLETIM DE MEDIÇÃO 05'!G22 -> 89.01 | N25: =M25-L25 -> 3.82538
D26: SAPATAS
D27: S46=S52=S53=S54=S55=S56=S57=S58=S59=S60=S61=S62=S63=S64=S65=S66=S68=S69=S70=S71=S72=S74=S76=S77=S78=S79=S80=S84=S85=S86=S87=S88 | F27: 0 | G27: 0.6 | H27: 0.7 | I27: 1.85 | K27: =F27*(G27*H27*I27) -> 0
D28: S1=S2=S3=S4=S6=S8=S9=S10=S11=S12=S13=S14=S15=S16=S17=S21=S22=S23=S24=S25=S26=S27=S28=S29=S30=S31=S32=S36=S37=S38=S39=S40=S41=S42=S43=S44=S47=S48=S49=S50=S51 | F28: 0 | G28: 0.6 | H28: 0.7 | I28: 1.85 | K28: =F28*(G28*H28*I28) -> 0
D29: S33 | F29: 0 | G29: 0.6 | H29: 0.8 | I29: 1.85 | K29: =F29*(G29*H29*I29) -> 0
D30: S7=S83 | F30: 0 | G30: 0.9 | H30: 0.9 | I30: 1.85 | K30: =F30*(G30*H30*I30) -> 0
D31: S5=S18=S19=S20=S35=S45=S75 | F31: 0 | G31: 0.65 | H31: 0.65 | I31: 1.85 | K31: =F31*(G31*H31*I31) -> 0
D32: S34=S67=S73 | F32: 0 | G32: 0.65 | H32: 0.75 | I32: 1.85 | K32: =F32*(G32*H32*I32) -> 0
D33: S81=S82 | F33: 0 | G33: 0.55 | H33: 0.95 | I33: 1.85 | K33: =F33*(G33*H33*I33) -> 0
D34: VIGAS BALDRAME | F34: 1 | G34: 312 | H34: 0.15 | I34: 0.3 | K34: =F34*(G34*H34*I34) -> 14.04
D35: V22 | F35: 1 | G35: 4.758 | H35: 0.15 | I35: 0.3 | K35: =F35*G35*H35*I35 -> 0.21411
D36: V51 | F36: 1 | G36: 3.097 | H36: 0.15 | I36: 0.3 | K36: =F36*G36*H36*I36 -> 0.139365
D37: V46 | F37: 1 | G37: 3.047 | H37: 0.15 | I37: 0.3 | K37: =F37*G37*H37*I37 -> 0.137115
D38: V55 | F38: 1 | G38: 5.109 | H38: 0.15 | I38: 0.3 | K38: =F38*G38*H38*I38 -> 0.229905
D39: V20 | F39: 1 | G39: 2.564 | H39: 0.15 | I39: 0.3 | K39: =F39*G39*H39*I39 -> 0.11538
D40: V21 | F40: 1 | G40: 1.678 | H40: 0.15 | I40: 0.3 | K40: =F40*G40*H40*I40 -> 0.07551
D41: V19 | F41: 1 | G41: 6.533 | H41: 0.15 | I41: 0.3 | K41: =F41*G41*H41*I41 -> 0.293985
D42: V17 | F42: 1 | G42: 15.175 | H42: 0.15 | I42: 0.3 | K42: =F42*G42*H42*I42 -> 0.682875
D43: V52 | F43: 1 | G43: 11 | H43: 0.15 | I43: 0.3 | K43: =F43*G43*H43*I43 -> 0.495
D44: V50 | F44: 1 | G44: 1.9 | H44: 0.15 | I44: 0.3 | K44: =F44*G44*H44*I44 -> 0.0855
D45: V16 | F45: 1 | G45: 6.38 | H45: 0.15 | I45: 0.3 | K45: =F45*G45*H45*I45 -> 0.2871
D46: V42 | F46: 1 | G46: 8.31 | H46: 0.15 | I46: 0.3 | K46: =F46*G46*H46*I46 -> 0.37395
... D67: V45 | F67: 1 | G67: 2.69 | H67: 0.15 | I67: 0.3 | K67: =F67*G67*H67*I67 -> 0.12105
B68: 1.2.3 | C68: 96995 | D68: REATERRO MANUAL APILOADO COM SOQUETE. AF_10/2017 | E68: M3 | J68: ='BOLETIM DE MEDIÇÃO 05'!I22 -> 1.20537 | K68: =G70*F70 -> 43.05 | L68: =J68+K68 -> 44.25537 | M68: ='BOLETIM DE MEDIÇÃO 05'!G23 -> 44.26 | N68: =M68-L68 -> 0.00463
D69: VOLUME DE ESCAVAÇÃO - VOLUME DE CONCRETO DA FUNDAÇÃO
D70: VOLUME DE ESCAVAÇÃO (SAPATAS + BALDRAME) | F70: 1 | G70: =43.05 -> 43.05
D71: VOLUME DE CONTRETO (SAPATAS + BALDRAME) | L71: =J71+K71 -> 0
B72: 1.2.4 | C72: 94319 | D72: ATERRO MANUAL DE VALAS COM SOLO ARGILO-ARENOSO E COMPACTAÇÃO MECANIZADA. AF_05/2016 | E72: M3 | G72: CÁLCULO DO VOLUME DE ATERRO COMPACTADO (ÁREA INTERNA E EXTERNA DA OBRA ESPECIFICADAS) | J72: =0 -> 0 | K72: =SUM(K75:K106) -> 599.17246 | L72: =J72+K72 -> 599.17246 | M72: ='BOLETIM DE MEDIÇÃO 05'!G24 -> 93.63 | N72: =M72-L72 -> -505.54246
D73: ATERRO (PARTE INTERNA) CAIXÃO REFERENTE AOS AMBIENTES | G73: ÁREA (M²) | I73: SOMATÓRIA E MÉDIA DAS ALTURAS ENCONTRADAS DO EMBASAMENTO + ALTURA DA VIGA BALDRAME (M) EM CADA AMBIENTE (PARTE INTERNA DA OBRA)
D74: GUARITA | G74: 9 | I74: =((0.49+0.35) + (0.35+0.25) + (0.62+0.35) + (0.49+0.35))/4 -> 0.8125 | K74: =G74*I74 -> 7.3125
D75: HALL | G75: 5 | I75: =((0.62+0.35) + (0.62+0.25) + (0.62+0.35) + (0.62+0.35))/4 -> 0.945 | K75: =G75*I75 -> 4.725
D76: ENTRADA (ENTRE A SALA DE ESTAR E A ÁREA EXTERNA - ÁREA ONDE ESTÁ A LAJE) | G76: =(13.03 * 2.7) -> 35.181 | I76: =((0.41+0.25) + (0.58+0.25) + (0.64+0.25) + (0.42+0.25)+ (0.35+0.25)+ (0.25+0.25))/6 -> 0.69166667 | K76: =G76*I76 -> 24.333525
D77: WC (AO LADO DO DEPÓSITO E COORDENAÇÃO) | G77: 3 | I77: =((0.2+0.25) + (0.2+0.25) + (0.2+0.25) + (0.2+0.25))/4 -> 0.45 | K77: =G77*I77 -> 1.35
D78: DEPÓSITO | G78: 7 | I78: =((0.25+0.25) + (0.25+0.25) + (0.2+0.25) + (0.3+0.25))/4 -> 0.5 | K78: =G78*I78 -> 3.5
D79: COORDENAÇÃO | G79: 21 | I79: =((0.25+0.25) + (0.31+0.25) + (0.27+0.25) + (0.2+0.25))/4 -> 0.5075 | K79: =G79*I79 -> 10.6575
D80: QUARTO FEMININO ADOLESCENTE | G80: 27 | I80: =((0.5+0.25) + (0.46+0.3) + (0.41+0.3) + (0.45+0.3))/4 -> 0.7425 | K80: =G80*I80 -> 20.0475
D81: QUARTO MASCULINO ADOLESCENTE | G81: 26 | I81: =((0.25+0.3) + (0.3+0.3) + (0.27+0.3) + (0.22+0.25))/4 -> 0.5475 | K81: =G81*I81 -> 14.235
D82: WC (QUARTO FEMININO ADOLESCENTE) | G82: 1.6 | I82: =((0.3+0.3) + (0.32+0.3) + (0.33+0.3) + (0.3+0.25))/4 -> 0.6 | K82: =G82*I82 -> 0.96
D83: WC (QUARTO MASCULINO ADOLESCENTE) | G83: 1.6 | I83: =((0.35+0.3) + (0.38+0.25) + (0.33+0.3) + (0.32+0.25))/4 -> 0.62 | K83: =G83*I83 -> 0.992
D84: SALA DE ESTAR | G84: 45 | I84: =((0.42+0.25) + (0.55+0.25) + (0.48+0.25) + (0.31+0.25))/4 -> 0.69 | K84: =G84*I84 -> 31.05
D85: SALA DE REUNIÃO | G85: 19 | I85: =((0.64+0.25) + (0.64+0.25) + (0.64+0.25) + (0.63+0.25))/4 -> 0.8875 | K85: =G85*I85 -> 16.8625
D86: PSICÓLOGO | G86: 19 | I86: =((0.61+0.25) + (0.59+0.25) + (0.62+0.25) + (0.64+0.25))/4 -> 0.865 | K86: =G86*I86 -> 16.435
D87: WC SOCIAL | G87: 5 | I87: =((0.61+0.25) + (0.6+0.25) + (0.55+0.25) + (0.55+0.25))/4 -> 0.8275 | K87: =G87*I87 -> 4.1375
D88: CIRCULAÇÃO 01 | G88: 14 | I88: =((0.55+0.25) + (0.53+0.25) + (0.6+0.25) + (0.63+0.25))/4 -> 0.8275 | K88: =G88*I88 -> 11.585
D89: CIRCULAÇÃO 02 | G89: 36 | I89: =((0.64+0.25) + (0.55+0.25) + (0.57+0.25) + (0.53+0.25) + (0.5+0.25) + (0.44+0.25) + (0.4+0.3) + (0.42+0.25) + (0.4+0.25) + (0.41+0.25) + (0.38+0.25) + (0.36+0.25) + (0.34+0.25))/12 -> 0.77 | K89: =G89*I89 -> 27.72
D90: SALA DE ESTUDOS | G90: 46 | I90: =((0.58+0.25) + (0.56+0.25) + (0.51+0.25) + (0.53+0.25))/4 -> 0.795 | K90: =G90*I90 -> 36.57
D91: REFEITÓRIO | G91: 41 | I91: =((0.5+0.25) + (0.5+0.25) + (0.48+0.25) + (0.5+0.3))/4 -> 0.7575 | K91: =G91*I91 -> 31.0575
D92: BRINQUEDOTECA | G92: 27 | I92: =((0.38+0.25) + (0.45+0.3) + (0.41+0.3) + (0.34+0.25))/4 -> 0.67 | K92: =G92*I92 -> 18.09
D93: CIRCULAÇÃO 03 | G93: 53 | I93: =((0.41+0.3) + (0.48+0.25) + (0.53+0.3) + (0.5+0.25)+ (0.37+0.25)+ (0.38+0.25))/6 -> 0.71166667 | K93: =G93*I93 -> 37.718333
D94: CLARABOIA (ENTRE A BRINQUEDOTECA E OS QUARTOS INFANTIS) | G94: =(2.65*1.8) -> 4.77 | I94: =((0.33+0.25) + (0.38+0.3) + (0.36+0.3) + (0.31+0.25))/4 -> 0.62 | K94: =G94*I94 -> 2.9574
D95: QUARTO INFANTIL FEMININO | G95: 30 | I95: =((0.49+0.25) + (0.45+0.25) + (0.42+0.25) + (0.5+0.25))/4 -> 0.715 | K95: =G95*I95 -> 21.45
D96: QUARTO INFANTIL MASCULINO | G96: 30 | I96: =((0.4+0.25) + (0.42+0.25) + (0.46+0.25) + (0.43+0.25))/4 -> 0.6775 | K96: =G96*I96 -> 20.325
D97: WC (AO LADO DOS QUARTOS INFANTIS) | G97: 14 | I97: =((0.29+0.3) + (0.36+0.25) + (0.34+0.25) + (0.28+0.25))/4 -> 0.58 | K97: =G97*I97 -> 8.12
D98: WC (AO LADO DOS QUARTOS INFANTIS) | G98: 14 | I98: =((0.34+0.25) + (0.39+0.25) + (0.39+0.25) + (0.35+0.25))/4 -> 0.6175 | K98: =G98*I98 -> 8.645
D99: COZINHA | G99: 20 | I99: =((0.34+0.25) + (0.39+0.25) + (0.39+0.25) + (0.35+0.25))/4 -> 0.6175 | K99: =G99*I99 -> 12.35
D100: DESPENSA | G100: 3 | I100: =((0.5+0.25) + (0.58+0.25) + (0.55+0.25) + (0.49+0.25))/4 -> 0.78 | K100: =G100*I100 -> 2.34
D101: WC (QUATO FUNC.) | G101: 4 | I101: =((0.55+0.25) + (0.6+0.25) + (0.6+0.25) + (0.5+0.25))/4 -> 0.8125 | K101: =G101*I101 -> 3.25
D102: QUARTO FUNC. | G102: 12 | I102: =((0.51+0.25) + (0.49+0.25) + (0.58+0.25) + (0.48+0.25))/4 -> 0.765 | K102: =G102*I102 -> 9.18
D103: ÁREA DE SERVIÇO | G103: 20 | I103: =((0.54+0.25) + (0.59+0.25) + (0.62+0.25) + (0.63+0.25) + (0.61+0.25))/5 -> 0.848 | K103: =G103*I103 -> 16.96
D104: DML | G104: 4 | I104: =((0.55+0.25) + (0.61+0.25) + (0.56+0.25) + (0.5+0.25))/4 -> 0.805 | K104: =G104*I104 -> 3.22
D105: WC PCD | G105: 5 | I105: =((0.53+0.25) + (0.5+0.25) + (0.47+0.25) + (0.48+0.25))/4 -> 0.745 | K105: =G105*I105 -> 3.725
D106: ÁREA EXTERNA (RETIRADO DO PROJETO EM DWG) (ÁREA INTERNA AO MURO - VALOR DE ÁREA INTERNA CONSIDERADA) | G106: =1184.23-SUM(G74:H105) -> 582.079 | I106: 0.3 | K106: =G106*I106 -> 174.6237
B107: 1.3 | C107: FUNDAÇÃO
B108: 1.3.1 | C108: composição 12 | D108: ALVENARIA DE EMBASAMENTO COM BLOCO CERÂMICO DE 9X14X19CM E ARGAMASSA DE ASSENTAMENTO COM PREPARO EM BETONEIRA. AF_05/2020. [ADAPTADO SINAPI 101166] | E108: M3 | G108: ALVENARIA DE EMBASAMENTO (CÁLCULO CONSIDERANDO O VOLUME PRISMÁTICO DE CADA SEÇÃO) | J108: 7.34 | K108: =SUM(K110:K153) -> 25.772845 | L108: =J108+K108 -> 33.112845 | M108: ='BOLETIM DE MEDIÇÃO 05'!G26 -> 13.99 | N108: =M108-L108 -> -19.122845
D109: BALDRAMES (ALVENARIA ABAIXO DAS VIGAS) | G109: COMPRIMENTO DA SEÇÃO (M) | H109: LARGURA (M) | I109: (ALTURAS DAS EXTREMIDADES DAS SEÇÕES) (M)
D110: V17 (P73 ATÉ P77) | G110: 15.175 | H110: 0.2 | I110: 0.53; 0.20 | K110: =(((0.53+0.2)/2)*G110)*H110 -> 1.107775
D111: V52 (P77 ATÉ P50) | G111: 11 | H111: 0.2 | I111: 0.20; 0.20 | K111: =(0.2*G111)*H111 -> 0.44
D112: V50 (P76 ATÉ P69) | G112: 1.9 | H112: 0.2 | I112: 0.20; 0.20 | K112: =(0.2*G112)*H112 -> 0.076
D113: V16 (P68 ATÉ P70) | G113: 6.38 | H113: 0.2 | I113: 0.29; 0.20 | K113: =(((0.29+0.2)/2)*G113)*H113 -> 0.31262
D114: V42 (P75 ATÉ V13) | G114: 8.31 | H114: 0.2 | I114: 0.30; 0.33 | K114: =(((0.3+0.33)/2)*G114)*H114 -> 0.52353
D115: V14 (P64 ATÉ P57) | G115: 24.075 | H115: 0.2 | I115: 0.20; 0.60 | K115: =(((0.2+0.6)/2)*G115)*H115 -> 1.926
D116: V53 (P07 ATÉ V04) | G116: 5.31 | H116: 0.2 | I116: 0.48; 0.30 | K116: =(((0.48+0.3)/2)*G116)*H116 -> 0.41418
D117: V54 (P21 ATÉ P38) | G117: 5.47 | H117: 0.2 | I117: 0.38; 0.24 | K117: =(((0.38+0.24)/2)*G117)*H117 -> 0.33914
D118: V04 (P21 ATÉ P16) | G118: 13.42 | H118: 0.2 | I118: 0.38; 0.60 | K118: =(((0.38+0.6)/2)*G118)*H118 -> 1.31516
D119: V44 (P06 ATÉ V04) | G119: 5.31 | H119: 0.2 | I119: 0.43; 0.35 | K119: =(((0.43+0.35)/2)*G119)*H119 -> 0.41418
D120: V37 (P04 ATÉ P16) | G120: 5.31 | H120: 0.2 | I120: 0.47; 0.60 | K120: =(((0.47+0.6)/2)*G120)*H120 -> 0.56817
D121: V01 (P02 ATÉ P07) | G121: 19.97 | H121: 0.2 | I121: 0.62; 0.50 | K121: =(((0.62+0.5)/2)*G121)*H121 -> 2.23664
D122: V02 (P9 ATÉ P12) | G122: 7.83 | H122: 0.2 | I122: 0.63; 0.49 | K122: =(((0.63+0.49)/2)*G122)*H122 -> 0.87696
...

Sheet MEMORIAL FOTOGRÁFICO 04
B2: BOLETIM 04 - MEMORIAL FOTOGRÁFICO
B3: OBJETO: | O3: CONTRATO: | P3: LICITAÇÃO Nº: | Q3: VALOR CONTRATADO:
B4: CONSTRUÇÃO DA CASA DE ACOLHIMENTO PARA CRIANÇAS E ADOCESLENTES, "CASA LAR", NO MUNICÍPIO DE SOUSA/PB. | O4: 682/2023 | P4: 03/2023 | Q4: 1240378.4
B5: EMPRESA CONTRATADA: | E5: CNPJ: | O5: CONTRATANTE:
B6: ALX CONSTRUÇÕES E LOCAÇÕES | E6: 17.490.708/0001-70 | O6: PREFEITURA MUNICIPAL DE SOUSA
B7: DATA | D7: PERÍODO DA MEDIÇÃO | E7: VALOR DA MEDIÇÃO: | H7: VALOR ACUMULADO ANTERIOR: | J7: VALOR ACUMULADO ANTERIOR: | Q7: MEDIÇÃO:
B8: 45386 | D8: 02/03/2024 a 04/04/2024 | E8: ='BOLETIM DE MEDIÇÃO 05'!E8 -> 103177.49 | H8: ='BOLETIM DE MEDIÇÃO 05'!H8 -> 274592.68 | Q8: 04
B10: FOTOGRAFIAS

Sheet MEMORIAL FOTOGRÁFICO 05
B2: BOLETIM 05 - MEMORIAL FOTOGRÁFICO
B3: OBJETO: | O3: CONTRATO: | P3: LICITAÇÃO Nº: | Q3: VALOR CONTRATADO:
B4: CONSTRUÇÃO DA CASA DE ACOLHIMENTO PARA CRIANÇAS E ADOCESLENTES, "CASA LAR", NO MUNICÍPIO DE SOUSA/PB. | O4: 682/2023 | P4: 03/2023 | Q4: 1240378.4
B5: EMPRESA CONTRATADA: | E5: CNPJ: | O5: CONTRATANTE:
B6: ALX CONSTRUÇÕES E LOCAÇÕES | E6: 17.490.708/0001-70 | O6: PREFEITURA MUNICIPAL DE SOUSA
B7: DATA | D7: PERÍODO DA MEDIÇÃO | E7: VALOR DA MEDIÇÃO: | H7: VALOR ACUMULADO ANTERIOR: | J7: VALOR ACUMULADO ANTERIOR: | Q7: MEDIÇÃO:
B8: 45386 | D8: 04/04/2024 a 10/05/2024 | E8: ='BOLETIM DE MEDIÇÃO 05'!E8 -> 103177.49 | H8: ='BOLETIM DE MEDIÇÃO 05'!H8 -> 274592.68 | Q8: 05
B10: FOTOGRAFIAS

Sheet BOLETIM DE MEDIÇÃO 14
B2: BOLETIM DE MEDIÇÃO 14
B3: OBJETO: | V3: CONTRATO: | W3: LICITAÇÃO Nº: | X3: VALOR CONTRATADO:
B4: CONSTRUÇÃO DA CASA DE ACOLHIMENTO PARA CRIANÇAS E ADOCESLENTES, "CASA LAR", NO MUNICÍPIO DE SOUSA/PB. | V4: 682/2023 | W4: 03/2023 | X4: 1240378.4
B5: EMPRESA CONTRATADA: | E5: CNPJ: | V5: CONTRATANTE:
B6: ALX CONSTRUÇÕES E LOCAÇÕES | E6: 17.490.708/0001-70 | V6: PREFEITURA MUNICIPAL DE SOUSA
B7: DATA | D7: PERÍODO DA MEDIÇÃO | E7: VALOR DA MEDIÇÃO: | H7: VALOR ACUMULADO ANTERIOR: | J7: VALOR ACUMULADO ANTERIOR: | K7: VALOR ACUMULADO ANTERIOR: | L7: VALOR ACUMULADO ANTERIOR: | O7: VALOR ACUMULADO ANTERIOR: | P7: VALOR ACUMULADO ANTERIOR: | X7: MEDIÇÃO:
B8: 46090 | D8: 30/12/2025 a 09/03/2026 | E8: =AL209 -> 62180.25 | H8: =AM209-E8 -> 1020708.1 | J8: =AM209-E8 -> 1020708.1 | P8: =AM209-E8 -> 1020708.1 | X8: 14
B10: ITEM | C10: CÓDIGO | D10: DESCRIÇÃO | E10: UND | F10: CUSTO UNITÁRIO (C/ BDI) | G10: QUANTIDADE | X10: FINANCEIRO
G11: PREVISTA | H11: MEDIDA NO PERÍODO 1 | I11: MEDIDA NO PERÍODO 2 | J11: MEDIDA NO PERÍODO 3 | K11: MEDIDA NO PERÍODO 4 | L11: MEDIDA NO PERÍODO 5 | M11: MEDIDA NO PERÍODO 6 | N11: MEDIDA NO PERÍODO 7 | O11: MEDIDA NO PERÍODO 8 | P11: MEDIDA NO PERÍODO 9 | Q11: MEDIDA NO PERÍODO 10 | R11: MEDIDA NO PERÍODO 11 | S11: MEDIDA NO PERÍODO 12 | T11: MEDIDA NO PERÍODO 13 | U11: MEDIDA NO PERÍODO 14 | V11: ACUMULADA (INCLUSIVE ESTA) | W11: SALDO | X11: PREVISTA | Y11: MEDIDA NO PERÍODO 01 | Z11: MEDIDA NO PERÍODO 2 | AA11: MEDIDA NO PERÍODO 3 | AB11: MEDIDA NO PERÍODO 4 | AC11: MEDIDA NO PERÍODO 5 | AD11: MEDIDA NO PERÍODO 6 | AE11: MEDIDA NO PERÍODO 7 | AF11: MEDIDA NO PERÍODO 8 | AG11: MEDIDA NO PERÍODO 9 | AH11: MEDIDA NO PERÍODO 10 | AI11: MEDIDA NO PERÍODO 11 | AJ11: MEDIDA NO PERÍODO 12 | AK11: MEDIDA NO PERÍODO 13 | AL11: MEDIDA NO PERÍODO 14 | AM11: ACUMULADA (INCLUSIVE ESTA) | AN11: SALDO
B12: 1 | C12: CONSTRUÇÃO DA CASA DE ACOLHIMENTO PARA CRIANÇAS E ADOLESCENTES - CASA LAR, NO MUNICÍPIO DE SOUSA - PB
B13: 1.1 | C13: SERVIÇOS PRELIMINARES
B14: 1.1.1 | C14: composição 1 | D14: PLACA DE OBRA EM CHAPA DE ACO GALVANIZADO [ADAPTADO SINAPI 74209/01] | E14: M2 | F14: 414.1 | G14: 6 | H14: ='MEMORIAL DE CALCULO 01'!K14 -> 6 | R14: 0 | S14: 0 | T14: 0 | U14: =VLOOKUP(B14,'MEMÓRIA MEDIÇÃO 14'!$A$8:$F$202,6,FALSE) -> 0 | V14: =H14+I14+J14+K14+L14+M14+N14+O14+P14+Q14+R14+S14+T14+U14 -> 6 | W14: =G14-V14 -> 0 | X14: =TRUNC(F14*G14,2) -> 2484.6 | Y14: =F14*H14 -> 2484.6 | Z14: =F14*I14 -> 0 | AA14: =TRUNC(F14*J14,2) -> 0 | AB14: =TRUNC(F14*K14,2) -> 0 | AC14: =TRUNC(F14*L14,2) -> 0 | AD14: =M14*F14 -> 0 | AE14: =TRUNC(F14*N14,2) -> 0 | AF14: =TRUNC(F14*O14,2) -> 0 | AG14: =TRUNC(F14*P14,2) -> 0 | AH14: =TRUNC(F14*Q14,2) -> 0 | AI14: =ROUND(R14*F14,2) -> 0 | AJ14: =ROUND(S14*F14,2) -> 0 | AK14: =ROUND(T14*F14,2) -> 0 | AL14: =ROUND(U14*F14,2) -> 0 | AM14: =Y14+Z14+AA14+AB14+AC14+AD14+AE14+AF14+AG14+AH14+AI14+AJ14+AK14+AL14 -> 2484.6 | AN14: =X14-AM14 -> 0
B15: 1.1.2 | C15: 93209 | D15: EXECUÇÃO DE ALMOXARIFADO EM CANTEIRO DE OBRA EM ALVENARIA, INCLUSO PRATELEIRAS. AF_02/2016 | E15: M2 | F15: 947.21 | G15: 5 | H15: 2.25 | I15: ='MEMORIAL DE CALCULO 02'!K15 -> 2.75 | R15: 0 | S15: 0 | T15: 0 | U15: =VLOOKUP(B15,'MEMÓRIA MEDIÇÃO 14'!$A$8:$F$202,6,FALSE) -> 0 | V15: =H15+I15+J15+K15+L15+M15+N15+O15+P15+Q15+R15+S15+T15+U15 -> 5 | W15: =G15-V15 -> 0 | X15: =F15*G15 -> 4736.05 | Y15: =F15*H15 -> 2131.2225 | Z15: =F15*I15 -> 2604.8275 | AA15: =F15*J15 -> 0 | AB15: =TRUNC(F15*K15,2) -> 0 | AC15: =TRUNC(F15*L15,2) -> 0 | AD15: =M15*F15 -> 0 | AE15: =F15*N15 -> 0 | AF15: =TRUNC(F15*O15,2) -> 0 | AG15: =TRUNC(F15*P15,2) -> 0 | AH15: =TRUNC(F15*Q15,2) -> 0 | AI15: =ROUND(R15*F15,2) -> 0 | AJ15: =ROUND(S15*F15,2) -> 0 | AK15: =ROUND(T15*F15,2) -> 0 | AL15: =ROUND(U15*F15,2) -> 0 | AM15: =Y15+Z15+AA15+AB15+AC15+AD15+AE15+AF15+AG15+AH15+AI15+AJ15+AK15+AL15 -> 4736.05 | AN15: =X15-AM15 -> 0
B16: 1.1.3 | C16: 93206 | D16: EXECUÇÃO DE ESCRITÓRIO EM CANTEIRO DE OBRA EM ALVENARIA, NÃO INCLUSO MOBILIÁRIO E EQUIPAMENTOS. AF_02/2016 | E16: M2 | F16: 1086.7 | G16: 5 | H16: 2.25 | I16: ='MEMORIAL DE CALCULO 02'!K16 -> 2.75 | R16: 0 | S16: 0 | T16: 0 | U16: =VLOOKUP(B16,'MEMÓRIA MEDIÇÃO 14'!$A$8:$F$202,6,FALSE) -> 0 | V16: =H16+I16+J16+K16+L16+M16+N16+O16+P16+Q16+R16+S16+T16+U16 -> 5 | W16: =G16-V16 -> 0 | X16: =F16*G16 -> 5433.5 | Y16: =F16*H16 -> 2445.075 | Z16: =F16*I16 -> 2988.425 | AA16: =F16*J16 -> 0 | AB16: =TRUNC(F16*K16,2) -> 0 | AC16: =TRUNC(F16*L16,2) -> 0 | AD16: =M16*F16 -> 0 | AE16: =F16*N16 -> 0 | AF16: =TRUNC(F16*O16,2) -> 0 | AG16: =TRUNC(F16*P16,2) -> 0 | AH16: =TRUNC(F16*Q16,2) -> 0 | AI16: =ROUND(R16*F16,2) -> 0 | AJ16: =ROUND(S16*F16,2) -> 0 | AK16: =ROUND(T16*F16,2) -> 0 | AL16: =ROUND(U16*F16,2) -> 0 | AM16: =Y16+Z16+AA16+AB16+AC16+AD16+AE16+AF16+AG16+AH16+AI16+AJ16+AK16+AL16 -> 5433.5 | AN16: =X16-AM16 -> 0
B17: 1.1.4 | C17: composição 11 | D17: Tapume em chapa compensada esp = 10mm (1 uso). [ADAPTADO ORSE 53] | E17: M2 | F17: 102.24 | G17: 277.4 | H17: 258.4 | I17: ='MEMORIAL DE CALCULO 02'!K17 -> 19 | R17: 0 | S17: 0 | T17: 0 | U17: =VLOOKUP(B17,'MEMÓRIA MEDIÇÃO 14'!$A$8:$F$202,6,FALSE) -> 0 | V17: =H17+I17+J17+K17+L17+M17+N17+O17+P17+Q17+R17+S17+T17+U17 -> 277.4 | W17: =G17-V17 -> 0 | X17: =F17*G17 -> 28361.376 | Y17: =F17*H17 -> 26418.816 | Z17: =F17*I17 -> 1942.56 | AA17: =F17*J17 -> 0 | AB17: =TRUNC(F17*K17,2) -> 0 | AC17: =TRUNC(F17*L17,2) -> 0 | AD17: =M17*F17 -> 0 | AE17: =F17*N17 -> 0 | AF17: =TRUNC(F17*O17,2) -> 0 | AG17: =TRUNC(F17*P17,2) -> 0 | AH17: =TRUNC(F17*Q17,2) -> 0 | AI17: =ROUND(R17*F17,2) -> 0 | AJ17: =ROUND(S17*F17,2) -> 0 | AK17: =ROUND(T17*F17,2) -> 0 | AL17: =ROUND(U17*F17,2) -> 0 | AM17: =Y17+Z17+AA17+AB17+AC17+AD17+AE17+AF17+AG17+AH17+AI17+AJ17+AK17+AL17 -> 28361.376 | AN17: =X17-AM17 -> 0
B18: 1.1.5 | C18: 98524 | D18: LIMPEZA MANUAL DE VEGETAÇÃO EM TERRENO COM ENXADA.AF_05/2018 | E18: M2 | F18: 2.29 | G18: 0 | R18: 0 | S18: 0 | T18: 0 | U18: =VLOOKUP(B18,'MEMÓRIA MEDIÇÃO 14'!$A$8:$F$202,6,FALSE) -> 0 | V18: =H18+I18+J18+K18+L18+M18+N18+O18+P18+Q18+R18+S18+T18+U18 -> 0 | W18: =G18-V18 -> 0 | X18: =F18*G18 -> 0 | Y18: =F18*H18 -> 0 | Z18: =F18*I18 -> 0 | AA18: =F18*J18 -> 0 | AB18: =TRUNC(F18*K18,2) -> 0 | AC18: =TRUNC(F18*L18,2) -> 0 | AD18: =M18*F18 -> 0 | AE18: =F18*N18 -> 0 | AF18: =TRUNC(F18*O18,2) -> 0 | AG18: =TRUNC(F18*P18,2) -> 0 | AH18: =TRUNC(F18*Q18,2) -> 0 | AI18: =ROUND(R18*F18,2) -> 0 | AJ18: =ROUND(S18*F18,2) -> 0 | AK18: =ROUND(T18*F18,2) -> 0 | AL18: =ROUND(U18*F18,2) -> 0 | AM18: =Y18+Z18+AA18+AB18+AC18+AD18+AE18+AF18+AG18+AH18+AI18+AJ18+AK18+AL18 -> 0 | AN18: =X18-AM18 -> 0
B19: 1.1.6 | C19: 100575 | D19: REGULARIZAÇÃO DE SUPERFÍCIES COM MOTONIVELADORA. AF_11/2019 | E19: M2 | F19: 0.12 | G19: 1430.2 | R19: 0 | S19: 0 | T19: 0 | U19: =VLOOKUP(B19,'MEMÓRIA MEDIÇÃO 14'!$A$8:$F$202,6,FALSE) -> 0 | V19: =H19+I19+J19+K19+L19+M19+N19+O19+P19+Q19+R19+S19+T19+U19 -> 0 | W19: =G19-V19 -> 1430.2 | X19: =F19*G19 -> 171.624 | Y19: =F19*H19 -> 0 | Z19: =F19*I19 -> 0 | AA19: =F19*J19 -> 0 | AB19: =TRUNC(F19*K19,2) -> 0 | AC19: =TRUNC(F19*L19,2) -> 0 | AD19: =M19*F19 -> 0 | AE19: =F19*N19 -> 0 | AF19: =TRUNC(F19*O19,2) -> 0 | AG19: =TRUNC(F19*P19,2) -> 0 | AH19: =TRUNC(F19*Q19,2) -> 0 | AI19: =ROUND(R19*F19,2) -> 0 | AJ19: =ROUND(S19*F19,2) -> 0 | AK19: =ROUND(T19*F19,2) -> 0 | AL19: =ROUND(U19*F19,2) -> 0 | AM19: =Y19+Z19+AA19+AB19+AC19+AD19+AE19+AF19+AG19+AH19+AI19+AJ19+AK19+AL19 -> 0 | AN19: =X19-AM19 -> 171.624
B20: 1.2 | C20: MOVIMENTO DE TERRA | R20: 0 | S20: 0 | T20: 0 | U20: =VLOOKUP(B20,'MEMÓRIA MEDIÇÃO 14'!$A$8:$F$202,6,FALSE) -> 0 | V20: =H20+I20+J20+K20+L20+M20+N20+O20+P20+Q20+R20+S20+T20+U20 -> 0 | Y20: =F20*H20 -> 0 | Z20: =F20*I20 -> 0 | AA20: =F20*J20 -> 0 | AB20: =TRUNC(F20*K20,2) -> 0 | AC20: =TRUNC(F20*L20,2) -> 0 | AD20: =M20*F20 -> 0 | AE20: =F20*N20 -> 0 | AF20: =TRUNC(F20*O20,2) -> 0 | AG20: =TRUNC(F20*P20,2) -> 0 | AH20: =TRUNC(F20*Q20,2) -> 0 | AI20: =ROUND(R20*F20,2) -> 0 | AJ20: =ROUND(S20*F20,2) -> 0 | AK20: =ROUND(T20*F20,2) -> 0 | AL20: =ROUND(U20*F20,2) -> 0 | AM20: =Y20+Z20+AA20+AB20+AC20+AD20+AE20+AF20+AG20+AH20+AI20+AJ20+AK20+AL20 -> 0 | AN20: =X20-AM20 -> 0
B21: 1.2.1 | C21: 99059 | D21: LOCACAO CONVENCIONAL DE OBRA, UTILIZANDO GABARITO DE TÁBUAS CORRIDAS PONTALETADAS A CADA 2,00M - 2 UTILIZAÇÕES. AF_10/2018 | E21: M | F21: 52.4 | G21: 137.5 | H21: ='MEMORIAL DE CALCULO 01'!K22 -> 137.5 | R21: 0 | S21: 0 | T21: 0 | U21: =VLOOKUP(B21,'MEMÓRIA MEDIÇÃO 14'!$A$8:$F$202,6,FALSE) -> 0 | V21: =H21+I21+J21+K21+L21+M21+N21+O21+P21+Q21+R21+S21+T21+U21 -> 137.5 | W21: =G21-V21 -> 0 | X21: =F21*G21 -> 7205 | Y21: =F21*H21 -> 7205 | Z21: =F21*I21 -> 0 | AA21: =F21*J21 -> 0 | AB21: =TRUNC(F21*K21,2) -> 0 | AC21: =TRUNC(F21*L21,2) -> 0 | AD21: =M21*F21 -> 0 | AE21: =F21*N21 -> 0 | AF21: =TRUNC(F21*O21,2) -> 0 | AG21: =TRUNC(F21*P21,2) -> 0 | AH21: =TRUNC(F21*Q21,2) -> 0 | AI21: =ROUND(R21*F21,2) -> 0 | AJ21: =ROUND(S21*F21,2) -> 0 | AK21: =ROUND(T21*F21,2) -> 0 | AL21: =ROUND(U21*F21,2) -> 0 | AM21: =Y21+Z21+AA21+AB21+AC21+AD21+AE21+AF21+AG21+AH21+AI21+AJ21+AK21+AL21 -> 7205 | AN21: =X21-AM21 -> 0
B22: 1.2.2 | C22: 93358 | D22: ESCAVAÇÃO MANUAL DE VALA COM PROFUNDIDADE MENOR OU IGUAL A 1,30 M. AF_02/2021 | E22: M3 | F22: 64.95 | G22: 89.01 | H22: ='MEMORIAL DE CALCULO 01'!K23 -> 69.93925 | I22: ='MEMORIAL DE CALCULO 02'!K25 -> 1.20537 | J22: ='MEMORIAL DE CALCULO 03'!K25 -> 14.04 | R22: 0 | S22: 0 | T22: 0 | U22: =VLOOKUP(B22,'MEMÓRIA MEDIÇÃO 14'!$A$8:$F$202,6,FALSE) -> 0 | V22: =H22+I22+J22+K22+L22+M22+N22+O22+P22+Q22+R22+S22+T22+U22 -> 85.18462 | W22: =G22-V22 -> 3.82538 | X22: =F22*G22 -> 5781.1995 | Y22: =F22*H22 -> 4542.5543 | Z22: =F22*I22 -> 78.288781 | AA22: =F22*J22 -> 911.898 | AB22: =TRUNC(F22*K22,2) -> 0 | AC22: =TRUNC(F22*L22,2) -> 0 | AD22: =M22*F22 -> 0 | AE22: =F22*N22 -> 0 | AF22: =TRUNC(F22*O22,2) -> 0 | AG22: =TRUNC(F22*P22,2) -> 0 | AH22: =TRUNC(F22*Q22,2) -> 0 | AI22: =ROUND(R22*F22,2) -> 0 | AJ22: =ROUND(S22*F22,2) -> 0 | AK22: =ROUND(T22*F22,2) -> 0 | AL22: =ROUND(U22*F22,2) -> 0 | AM22: =Y22+Z22+AA22+AB22+AC22+AD22+AE22+AF22+AG22+AH22+AI22+AJ22+AK22+AL22 -> 5532.7411 | AN22: =X22-AM22 -> 248.45843
B23: 1.2.3 | C23: 96995 | D23: REATERRO MANUAL APILOADO COM SOQUETE. AF_10/2017 | E23: M3 | F23: 39.37 | G23: 44.26 | J23: ='MEMORIAL DE CALCULO 03'!K68 -> 43.05 | R23: 0 | S23: 1.21 | T23: 0 | U23: =VLOOKUP(B23,'MEMÓRIA MEDIÇÃO 14'!$A$8:$F$202,6,FALSE) -> 0 | V23: =H23+I23+J23+K23+L23+M23+N23+O23+P23+Q23+R23+S23+T23+U23 -> 44.26 | W23: =G23-V23 -> 0 | X23: =F23*G23 -> 1742.5162 | Y23: =F23*H23 -> 0 | Z23: =F23*I23 -> 0 | AA23: =F23*J23 -> 1694.8785 | AB23: =TRUNC(F23*K23,2) -> 0 | AC23: =TRUNC(F23*L23,2) -> 0 | AD23: =M23*F23 -> 0 | AE23: =F23*N23 -> 0 | AF23: =TRUNC(F23*O23,2) -> 0 | AG23: =TRUNC(F23*P23,2) -> 0 | AH23: =TRUNC(F23*Q23,2) -> 0 | AI23: =ROUND(R23*F23,2) -> 0 | AJ23: =ROUND(S23*F23,2) -> 47.64 | AK23: =ROUND(T23*F23,2) -> 0 | AL23: =ROUND(U23*F23,2) -> 0 | AM23: =Y23+Z23+AA23+AB23+AC23+AD23+AE23+AF23+AG23+AH23+AI23+AJ23+AK23+AL23 -> 1742.5185 | AN23: =X23-AM23 -> -0.0023
B24: 1.2.4 | C24: 94319 | D24: ATERRO MANUAL DE VALAS COM SOLO ARGILO-ARENOSO E COMPACTAÇÃO MECANIZADA. AF_05/2016 | E24: M3 | F24: 74.51 | G24: 0 | K24: 0 | R24: 0 | S24: 0 | T24: 0 | U24: =VLOOKUP(B24,'MEMÓRIA MEDIÇÃO 14'!$A$8:$F$202,6,FALSE) -> 0 | V24: =H24+I24+J24+K24+L24+M24+N24+O24+P24+Q24+R24+S24+T24+U24 -> 0 | W24: =G24-V24 -> 0 | X24: =F24*G24 -> 0 | Y24: =F24*H24 -> 0 | Z24: =F24*I24 -> 0 | AA24: =F24*J24 -> 0 | AB24: =TRUNC(F24*K24,2) -> 0 | AC24: =TRUNC(F24*L24,2) -> 0 | AD24: =M24*F24 -> 0 | AE24: =F24*N24 -> 0 | AF24: =TRUNC(F24*O24,2) -> 0 | AG24: =TRUNC(F24*P24,2) -> 0 | AH24: =TRUNC(F24*Q24,2) -> 0 | AI24: =ROUND(R24*F24,2) -> 0 | AJ24: =ROUND(S24*F24,2) -> 0 | AK24: =ROUND(T24*F24,2) -> 0 | AL24: =ROUND(U24*F24,2) -> 0 | AM24: =Y24+Z24+AA24+AB24+AC24+AD24+AE24+AF24+AG24+AH24+AI24+AJ24+AK24+AL24 -> 0 | AN24: =X24-AM24 -> 0
B25: 1.3 | C25: FUNDAÇÃO | R25: 0 | S25: 0 | T25: 0 | U25: =VLOOKUP(B25,'MEMÓRIA MEDIÇÃO 14'!$A$8:$F$202,6,FALSE) -> 0 | V25: =H25+I25+J25+K25+L25+M25+N25+O25+P25+Q25+R25+S25+T25+U25 -> 0 | Y25: =F25*H25 -> 0 | Z25: =F25*I25 -> 0 | AA25: =F25*J25 -> 0 | AB25: =TRUNC(F25*K25,2) -> 0 | AC25: =TRUNC(F25*L25,2) -> 0 | AD25: =M25*F25 -> 0 | AE25: =F25*N25 -> 0 | AF25: =TRUNC(F25*O25,2) -> 0 | AG25: =TRUNC(F25*P25,2) -> 0 | AH25: =TRUNC(F25*Q25,2) -> 0 | AI25: =ROUND(R25*F25,2) -> 0 | AJ25: =ROUND(S25*F25,2) -> 0 | AK25: =ROUND(T25*F25,2) -> 0 | AL25: =ROUND(U25*F25,2) -> 0 | AM25: =Y25+Z25+AA25+AB25+AC25+AD25+AE25+AF25+AG25+AH25+AI25+AJ25+AK25+AL25 -> 0 | AN25: =X25-AM25 -> 0
B26: 1.3.1 | C26: composição 12 | D26: ALVENARIA DE EMBASAMENTO COM BLOCO CERÂMICO DE 9X14X19CM E ARGAMASSA DE ASSENTAMENTO COM PREPARO EM BETONEIRA. AF_05/2020. [ADAPTADO SINAPI 101166] | E26: M3 | F26: 411.48 | G26: 55.32 | I26: ='MEMORIAL DE CALCULO 02'!K54 -> 7.34341 | J26: 6.642 | Q26: 37.71 | R26: 0 | S26: 3.62 | T26: 0 | U26: =VLOOKUP(B26,'MEMÓRIA MEDIÇÃO 14'!$A$8:$F$202,6,FALSE) -> 0 | V26: =H26+I26+J26+K26+L26+M26+N26+O26+P26+Q26+R26+S26+T26+U26 -> 55.31541 | W26: =G26-V26 -> 0.00459 | X26: =F26*G26 -> 22763.074 | Y26: =F26*H26 -> 0 | Z26: =F26*I26 -> 3021.6663 | AA26: =TRUNC(F26*J26,2) -> 2733.05 | AB26: =TRUNC(F26*K26,2) -> 0 | AC26: =TRUNC(F26*L26,2) -> 0 | AD26: =M26*F26 -> 0 | AE26: =F26*N26 -> 0 | AF26: =TRUNC(F26*O26,2) -> 0 | AG26: =TRUNC(F26*P26,2) -> 0 | AH26: =TRUNC(F26*Q26,2) -> 15516.91 | AI26: =ROUND(R26*F26,2) -> 0 | AJ26: =ROUND(S26*F26,2) -> 1489.56 | AK26: =ROUND(T26*F26,2) -> 0 | AL26: =ROUND(U26*F26,2) -> 0 | AM26: =Y26+Z26+AA26+AB26+AC26+AD26+AE26+AF26+AG26+AH26+AI26+AJ26+AK26+AL26 -> 22761.186 | AN26: =X26-AM26 -> 1.8872532
B27: 1.3.2 | C27: 101616 | D27: PREPARO DE FUNDO DE VALA COM LARGURA MENOR QUE 1,5 M (ACERTO DO SOLO NATURAL). AF_08/2020 | E27: M2 | F27: 4.91 | G27: 37.81 | I27: 37.81 | R27: 0 | S27: 0 | T27: 0 | U27: =VLOOKUP(B27,'MEMÓRIA MEDIÇÃO 14'!$A$8:$F$202,6,FALSE) -> 0 | V27: =H27+I27+J27+K27+L27+M27+N27+O27+P27+Q27+R27+S27+T27+U27 -> 37.81 | W27: =G27-V27 -> 0 | X27: =F27*G27 -> 185.6471 | Y27: =F27*H27 -> 0 | Z27: =F27*I27 -> 185.6471 | AA27: =F27*J27 -> 0 | AB27: =TRUNC(F27*K27,2) -> 0 | AC27: =TRUNC(F27*L27,2) -> 0 | AD27: =M27*F27 -> 0 | AE27: =F27*N27 -> 0 | AF27: =TRUNC(F27*O27,2) -> 0 | AG27: =TRUNC(F27*P27,2) -> 0 | AH27: =TRUNC(F27*Q27,2) -> 0 | AI27: =ROUND(R27*F27,2) -> 0 | AJ27: =ROUND(S27*F27,2) -> 0 | AK27: =ROUND(T27*F27,2) -> 0 | AL27: =ROUND(U27*F27,2) -> 0 | AM27: =Y27+Z27+AA27+AB27+AC27+AD27+AE27+AF27+AG27+AH27+AI27+AJ27+AK27+AL27 -> 185.6471 | AN27: =X27-AM27 -> 0
B28: 1.3.3 | C28: 96619 | D28: LASTRO DE CONCRETO MAGRO, APLICADO EM BLOCOS DE COROAMENTO OU SAPATAS, ESPESSURA DE 5 CM. AF_08/2017 | E28: M2 | F28: 30.67 | G28: 77.41 | I28: 37.81 | R28: 0 | S28: 18 | T28: 1.8 | U28: =VLOOKUP(B28,'MEMÓRIA MEDIÇÃO 14'!$A$8:$F$202,6,FALSE) -> 1.8 | V28: =H28+I28+J28+K28+L28+M28+N28+O28+P28+Q28+R28+S28+T28+U28 -> 59.41 | W28: =G28-V28 -> 18 | X28: =F28*G28 -> 2374.1647 | Y28: =F28*H28 -> 0 | Z28: =F28*I28 -> 1159.6327 | AA28: =F28*J28 -> 0 | AB28: =TRUNC(F28*K28,2) -> 0 | AC28: =TRUNC(F28*L28,2) -> 0 | AD28: =M28*F28 -> 0 | AE28: =F28*N28 -> 0 | AF28: =TRUNC(F28*O28,2) -> 0 | AG28: =TRUNC(F28*P28,2) -> 0 | AH28: =TRUNC(F28*Q28,2) -> 0 | AI28: =ROUND(R28*F28,2) -> 0 | AJ28: =ROUND(S28*F28,2) -> 552.06 | AK28: =ROUND(T28*F28,2) -> 55.21 | AL28: =ROUND(U28*F28,2) -> 55.21 | AM28: =Y28+Z28+AA28+AB28+AC28+AD28+AE28+AF28+AG28+AH28+AI28+AJ28+AK28+AL28 -> 1822.1127 | AN28: =X28-AM28 -> 552.052
B29: 1.3.4 | C29: 96545 | D29: ARMAÇÃO DE BLOCO, VIGA BALDRAME OU SAPATA UTILIZANDO AÇO CA-50 DE 8 MM - MONTAGEM. AF_06/2017 | E29: KG | F29: 15.99 | G29: 555.05 | I29: ='MEMORIAL DE CALCULO 02'!K90 -> 44.52045 | J29: 492.7794 | Q29: 17.75 | R29: 0 | S29: 0 | T29: 0 | U29: =VLOOKUP(B29,'MEMÓRIA MEDIÇÃO 14'!$A$8:$F$202,6,FALSE) -> 0 | V29: =H29+I29+J29+K29+L29+M29+N29+O29+P29+Q29+R29+S29+T29+U29 -> 555.04985 | W29: =G29-V29 -> 0.00015 | X29: =F29*G29 -> 8875.2495 | Y29: =F29*H29 -> 0 | Z29: =F29*I29 -> 711.882 | AA29: =F29*J29 -> 7879.5426 | AB29: =TRUNC(F29*K29,2) -> 0 | AC29: =TRUNC(F29*L29,2) -> 0 | AD29: =M29*F29 -> 0 | AE29: =F29*N29 -> 0 | AF29: =TRUNC(F29*O29,2) -> 0 | AG29: =TRUNC(F29*P29,2) -> 0 | AH29: =TRUNC(F29*Q29,2) -> 283.82 | AI29: =ROUND(R29*F29,2) -> 0 | AJ29: =ROUND(S29*F29,2) -> 0 | AK29: =ROUND(T29*F29,2) -> 0 | AL29: =ROUND(U29*F29,2) -> 0 | AM29: =Y29+Z29+AA29+AB29+AC29+AD29+AE29+AF29+AG29+AH29+AI29+AJ29+AK29+AL29 -> 8875.2446 | AN29: =X29-AM29 -> 0.0048985
B30: 1.3.5 | C30: 94966 | D30: CONCRETO FCK = 30MPA, TRAÇO 1:2,1:2,5 (EM MASSA SECA DE CIMENTO/ AREIA MÉDIA/ BRITA 1) - PREPARO MECÂNICO COM BETONEIRA 400 L. AF_05/2021 | E30: M3 | F30: 530.88 | G30: 22.89 | I30: ='MEMORIAL DE CALCULO 02'!K99 -> 8.413055 | J30: 12.74692 | Q30: 1.73 | R30: 0 | S30: 0 | T30: 0 | U30: =VLOOKUP(B30,'MEMÓRIA MEDIÇÃO 14'!$A$8:$F$202,6,FALSE) -> 0 | V30: =H30+I30+J30+K30+L30+M30+N30+O30+P30+Q30+R30+S30+T30+U30 -> 22.889975 | W30: =G30-V30 -> 2.5e-05 | X30: =F30*G30 -> 12151.843 | Y30: =F30*H30 -> 0 | Z30: =F30*I30 -> 4466.3226 | AA30: =F30*J30 -> 6767.0849 | AB30: =TRUNC(F30*K30,2) -> 0 | AC30: =TRUNC(F30*L30,2) -> 0 | AD30: =M30*F30 -> 0 | AE30: =F30*N30 -> 0 | AF30: =TRUNC(F30*O30,2) -> 0 | AG30: =TRUNC(F30*P30,2) -> 0 | AH30: =TRUNC(F30*Q30,2) -> 918.42 | AI30: =ROUND(R30*F30,2) -> 0 | AJ30: =ROUND(S30*F30,2) -> 0 | AK30: =ROUND(T30*F30,2) -> 0 | AL30: =ROUND(U30*F30,2) -> 0 | AM30: =Y30+Z30+AA30+AB30+AC30+AD30+AE30+AF30+AG30+AH30+AI30+AJ30+AK30+AL30 -> 12151.828 | AN30: =X30-AM30 -> 0.015672
B31: 1.3.6 | C31: 94964 | D31: CONCRETO FCK = 20MPA, TRAÇO 1:2,7:3 (EM MASSA SECA DE CIMENTO/ AREIA MÉDIA/ BRITA 1) - PREPARO MECÂNICO COM BETONEIRA 400 L. AF_05/2021 | E31: M3 | F31: 488.69 | G31: 9.6 | J31: 9.6 | R31: 0 | S31: 0 | T31: 0 | U31: =VLOOKUP(B31,'MEMÓRIA MEDIÇÃO 14'!$A$8:$F$202,6,FALSE) -> 0 | V31: =H31+I31+J31+K31+L31+M31+N31+O31+P31+Q31+R31+S31+T31+U31 -> 9.6 | W31: =G31-V31 -> 0 | X31: =F31*G31 -> 4691.424 | Y31: =F31*H31 -> 0 | Z31: =F31*I31 -> 0 | AA31: =F31*J31 -> 4691.424 | AB31: =TRUNC(F31*K31,2) -> 0 | AC31: =TRUNC(F31*L31,2) -> 0 | AD31: =M31*F31 -> 0 | AE31: =F31*N31 -> 0 | AF31: =TRUNC(F31*O31,2) -> 0 | AG31: =TRUNC(F31*P31,2) -> 0 | AH31: =TRUNC(F31*Q31,2) -> 0 | AI31: =ROUND(R31*F31,2) -> 0 | AJ31: =ROUND(S31*F31,2) -> 0 | AK31: =ROUND(T31*F31,2) -> 0 | AL31: =ROUND(U31*F31,2) -> 0 | AM31: =Y31+Z31+AA31+AB31+AC31+AD31+AE31+AF31+AG31+AH31+AI31+AJ31+AK31+AL31 -> 4691.424 | AN31: =X31-AM31 -> 0
B32: 1.3.7 | C32: 103670 | D32: LANÇAMENTO COM USO DE BALDES, ADENSAMENTO E ACABAMENTO DE CONCRETO EM ESTRUTURAS. AF_02/2022 | E32: M3 | F32: 230.55 | G32: 32.49 | I32: ='MEMORIAL DE CALCULO 02'!K151 -> 18.013055 | J32: 12.74697 | Q32: 1.73 | R32: 0 | S32: 0 | T32: 0 | U32: =VLOOKUP(B32,'MEMÓRIA MEDIÇÃO 14'!$A$8:$F$202,6,FALSE) -> 0 | V32: =H32+I32+J32+K32+L32+M32+N32+O32+P32+Q32+R32+S32+T32+U32 -> 32.490025 | W32: =G32-V32 -> -2.5e-05 | X32: =F32*G32 -> 7490.5695 | Y32: =F32*H32 -> 0 | Z32: =F32*I32 -> 4152.9098 | AA32: =F32*J32 -> 2938.8139 | AB32: =TRUNC(F32*K32,2) -> 0 | AC32: =TRUNC(F32*L32,2) -> 0 | AD32: =M32*F32 -> 0 | AE32: =F32*N32 -> 0 | AF32: =TRUNC(F32*O32,2) -> 0 | AG32: =TRUNC(F32*P32,2) -> 0 | AH32: =TRUNC(F32*Q32,2) -> 398.85 | AI32: =ROUND(R32*F32,2) -> 0 | AJ32: =ROUND(S32*F32,2) -> 0 | AK32: =ROUND(T32*F32,2) -> 0 | AL32: =ROUND(U32*F32,2) -> 0 | AM32: =Y32+Z32+AA32+AB32+AC32+AD32+AE32+AF32+AG32+AH32+AI32+AJ32+AK32+AL32 -> 7490.5738 | AN32: =X32-AM32 -> -0.00426375
B33: 1.3.8 | C33: 96543 | D33: ARMAÇÃO DE BLOCO, VIGA BALDRAME E SAPATA UTILIZANDO AÇO CA-60 DE 5 MM - MONTAGEM. AF_06/2017 | E33: KG | F33: 17.5 | G33: 451.89 | I33: ='MEMORIAL DE CALCULO 02'!K153 -> 194.26804 | J33: ='MEMORIAL DE CALCULO 03'!K262 -> 210.13 | Q33: 47.49 | R33: 0 | S33: 0 | T33: 0 | U33: =VLOOKUP(B33,'MEMÓRIA MEDIÇÃO 14'!$A$8:$F$202,6,FALSE) -> 0 | V33: =H33+I33+J33+K33+L33+M33+N33+O33+P33+Q33+R33+S33+T33+U33 -> 451.88804 | W33: =G33-V33 -> 0.0019568 | X33: =F33*G33 -> 7908.075 | Y33: =F33*H33 -> 0 | Z33: =F33*I33 -> 3399.6908 | AA33: =F33*J33 -> 3677.275 | AB33: =TRUNC(F33*K33,2) -> 0 | AC33: =TRUNC(F33*L33,2) -> 0 | AD33: =M33*F33 -> 0 | AE33: =F33*N33 -> 0 | AF33: =TRUNC(F33*O33,2) -> 0 | AG33: =TRUNC(F33*P33,2) -> 0 | AH33: =TRUNC(F33*Q33,2) -> 831.07 | AI33: =ROUND(R33*F33,2) -> 0 | AJ33: =ROUND(S33*F33,2) -> 0 | AK33: =ROUND(T33*F33,2) -> 0 | AL33: =ROUND(U33*F33,2) -> 0 | AM33: =Y33+Z33+AA33+AB33+AC33+AD33+AE33+AF33+AG33+AH33+AI33+AJ33+AK33+AL33 -> 7908.0358 | AN33: =X33-AM33 -> 0.039244
B34: 1.3.9 | C34: 96544 | D34: ARMAÇÃO DE BLOCO, VIGA BALDRAME OU SAPATA UTILIZANDO AÇO CA-50 DE 6,3 MM - MONTAGEM. AF_06/2017 | E34: KG | F34: 16.59 | G34: 295 | I34: ='MEMORIAL DE CALCULO 02'!K193 -> 295 | R34: 0 | S34: 0 | T34: 0 | U34: =VLOOKUP(B34,'MEMÓRIA MEDIÇÃO 14'!$A$8:$F$202,6,FALSE) -> 0 | V34: =H34+I34+J34+K34+L34+M34+N34+O34+P34+Q34+R34+S34+T34+U34 -> 295 | W34: =G34-V34 -> 0 | X34: =F34*G34 -> 4894.05 | Y34: =F34*H34 -> 0 | Z34: =F34*I34 -> 4894.05 | AA34: =F34*J34 -> 0 | AB34: =TRUNC(F34*K34,2) -> 0 | AC34: =TRUNC(F34*L34,2) -> 0 | AD34: =M34*F34 -> 0 | AE34: =F34*N34 -> 0 | AF34: =TRUNC(F34*O34,2) -> 0 | AG34: =TRUNC(F34*P34,2) -> 0 | AH34: =TRUNC(F34*Q34,2) -> 0 | AI34: =ROUND(R34*F34,2) -> 0 | AJ34: =ROUND(S34*F34,2) -> 0 | AK34: =ROUND(T34*F34,2) -> 0 | AL34: =ROUND(U34*F34,2) -> 0 | AM34: =Y34+Z34+AA34+AB34+AC34+AD34+AE34+AF34+AG34+AH34+AI34+AJ34+AK34+AL34 -> 4894.05 | AN34: =X34-AM34 -> 0
B35: 1.3.10 | C35: 96546 | D35: ARMAÇÃO DE BLOCO, VIGA BALDRAME OU SAPATA UTILIZANDO AÇO CA-50 DE 10 MM - MONTAGEM. AF_06/2017 | E35: KG | F35: 14.35 | G35: 685.99 | I35: 534.1 | Q35: 151.89 | R35: 0 | S35: 0 | T35: 0 | U35: =VLOOKUP(B35,'MEMÓRIA MEDIÇÃO 14'!$A$8:$F$202,6,FALSE) -> 0 | V35: =H35+I35+J35+K35+L35+M35+N35+O35+P35+Q35+R35+S35+T35+U35 -> 685.99 | W35: =G35-V35 -> 0 | X35: =F35*G35 -> 9843.9565 | Y35: =F35*H35 -> 0 | Z35: =F35*I35 -> 7664.335 | AA35: =F35*J35 -> 0 | AB35: =TRUNC(F35*K35,2) -> 0 | AC35: =TRUNC(F35*L35,2) -> 0 | AD35: =M35*F35 -> 0 | AE35: =F35*N35 -> 0 | AF35: =TRUNC(F35*O35,2) -> 0 | AG35: =TRUNC(F35*P35,2) -> 0 | AH35: =TRUNC(F35*Q35,2) -> 2179.62 | AI35: =ROUND(R35*F35,2) -> 0 | AJ35: =ROUND(S35*F35,2) -> 0 | AK35: =ROUND(T35*F35,2) -> 0 | AL35: =ROUND(U35*F35,2) -> 0 | AM35: =Y35+Z35+AA35+AB35+AC35+AD35+AE35+AF35+AG35+AH35+AI35+AJ35+AK35+AL35 -> 9843.955 | AN35: =X35-AM35 -> 0.0015
B36: 1.3.11 | C36: 96547 | D36: ARMAÇÃO DE BLOCO, VIGA BALDRAME OU SAPATA UTILIZANDO AÇO CA-50 DE 12,5 MM - MONTAGEM. AF_06/2017 | E36: KG | F36: 11.9 | G36: 179.26 | I36: ='MEMORIAL DE CALCULO 02'!K221 -> 100.55646 | J36: ='MEMORIAL DE CALCULO 03'!K330 -> 52.34 | Q36: 26.36 | R36: 0 | S36: 0 | T36: 0 | U36: =VLOOKUP(B36,'MEMÓRIA MEDIÇÃO 14'!$A$8:$F$202,6,FALSE) -> 0 | V36: =H36+I36+J36+K36+L36+M36+N36+O36+P36+Q36+R36+S36+T36+U36 -> 179.25646 | W36: =G36-V36 -> 0.00354 | X36: =F36*G36 -> 2133.194 | Y36: =F36*H36 -> 0 | Z36: =F36*I36 -> 1196.6219 | AA36: =F36*J36 -> 622.846 | AB36: =TRUNC(F36*K36,2) -> 0 | AC36: =TRUNC(F36*L36,2) -> 0 | AD36: =M36*F36 -> 0 | AE36: =F36*N36 -> 0 | AF36: =TRUNC(F36*O36,2) -> 0 | AG36: =TRUNC(F36*P36,2) -> 0 | AH36: =TRUNC(F36*Q36,2) -> 313.68 | AI36: =ROUND(R36*F36,2) -> 0 | AJ36: =ROUND(S36*F36,2) -> 0 | AK36: =ROUND(T36*F36,2) -> 0 | AL36: =ROUND(U36*F36,2) -> 0 | AM36: =Y36+Z36+AA36+AB36+AC36+AD36+AE36+AF36+AG36+AH36+AI36+AJ36+AK36+AL36 -> 2133.1479 | AN36: =X36-AM36 -> 0.046126
B37: 1.3.12 | C37: 96536 | D37: FABRICAÇÃO, MONTAGEM E DESMONTAGEM DE FÔRMA PARA VIGA BALDRAME, EM MADEIRA SERRADA, E=25 MM, 4 UTILIZAÇÕES. AF_06/2017 | E37: M2 | F37: 69.64 | G37: 463.77 | I37: ='MEMORIAL DE CALCULO 02'!K238 -> 206.337 | J37: ='MEMORIAL DE CALCULO 03'!K340 -> 223.49 | Q37: 33.94 | R37: 0 | S37: 0 | T37: 0 | U37: =VLOOKUP(B37,'MEMÓRIA MEDIÇÃO 14'!$A$8:$F$202,6,FALSE) -> 0 | V37: =H37+I37+J37+K37+L37+M37+N37+O37+P37+Q37+R37+S37+T37+U37 -> 463.767 | W37: =G37-V37 -> 0.003 | X37: =F37*G37 -> 32296.943 | Y37: =F37*H37 -> 0 | Z37: =F37*I37 -> 14369.309 | AA37: =F37*J37 -> 15563.844 | AB37: =TRUNC(F37*K37,2) -> 0 | AC37: =TRUNC(F37*L37,2) -> 0 | AD37: =M37*F37 -> 0 | AE37: =F37*N37 -> 0 | AF37: =TRUNC(F37*O37,2) -> 0 | AG37: =TRUNC(F37*P37,2) -> 0 | AH37: =TRUNC(F37*Q37,2) -> 2363.58 | AI37: =ROUND(R37*F37,2) -> 0 | AJ37: =ROUND(S37*F37,2) -> 0 | AK37: =ROUND(T37*F37,2) -> 0 | AL37: =ROUND(U37*F37,2) -> 0 | AM37: =Y37+Z37+AA37+AB37+AC37+AD37+AE37+AF37+AG37+AH37+AI37+AJ37+AK37+AL37 -> 32296.732 | AN37: =X37-AM37 -> 0.21052
B38: 1.3.13 | C38: 98557 | D38: IMPERMEABILIZAÇÃO DE SUPERFÍCIE COM EMULSÃO ASFÁLTICA, 2 DEMÃOS AF_06/2018 | E38: M2 | F38: 48.22 | G38: 261.83 | K38: ='MEMORIAL DE CALCULO 04'!K381 -> 253.95 | Q38: 7.88 | R38: 0 | S38: 0 | T38: 0 | U38: =VLOOKUP(B38,'MEMÓRIA MEDIÇÃO 14'!$A$8:$F$202,6,FALSE) -> 0 | V38: =H38+I38+J38+K38+L38+M38+N38+O38+P38+Q38+R38+S38+T38+U38 -> 261.83 | W38: =G38-V38 -> 0 | X38: =F38*G38 -> 12625.443 | Y38: =F38*H38 -> 0 | Z38: =F38*I38 -> 0 | AA38: =F38*J38 -> 0 | AB38: =TRUNC(F38*K38,2) -> 12245.46 | AC38: =TRUNC(F38*L38,2) -> 0 | AD38: =M38*F38 -> 0 | AE38: =F38*N38 -> 0 | AF38: =TRUNC(F38*O38,2) -> 0 | AG38: =TRUNC(F38*P38,2) -> 0 | AH38: =TRUNC(F38*Q38,2) -> 379.97 | AI38: =ROUND(R38*F38,2) -> 0 | AJ38: =ROUND(S38*F38,2) -> 0 | AK38: =ROUND(T38*F38,2) -> 0 | AL38: =ROUND(U38*F38,2) -> 0 | AM38: =Y38+Z38+AA38+AB38+AC38+AD38+AE38+AF38+AG38+AH38+AI38+AJ38+AK38+AL38 -> 12625.43 | AN38: =X38-AM38 -> 0.0126
B39: 1.4 | C39: ESTRUTURA | R39: 0 | S39: 0 | T39: 0 | U39: =VLOOKUP(B39,'MEMÓRIA MEDIÇÃO 14'!$A$8:$F$202,6,FALSE) -> 0 | V39: =H39+I39+J39+K39+L39+M39+N39+O39+P39+Q39+R39+S39+T39+U39 -> 0 | Y39: =F39*H39 -> 0 | Z39: =F39*I39 -> 0 | AA39: =F39*J39 -> 0 | AB39: =TRUNC(F39*K39,2) -> 0 | AC39: =TRUNC(F39*L39,2) -> 0 | AD39: =M39*F39 -> 0 | AE39: =F39*N39 -> 0 | AF39: =TRUNC(F39*O39,2) -> 0 | AG39: =TRUNC(F39*P39,2) -> 0 | AH39: =TRUNC(F39*Q39,2) -> 0 | AI39: =ROUND(R39*F39,2) -> 0 | AJ39: =ROUND(S39*F39,2) -> 0 | AK39: =ROUND(T39*F39,2) -> 0 | AL39: =ROUND(U39*F39,2) -> 0 | AM39: =Y39+Z39+AA39+AB39+AC39+AD39+AE39+AF39+AG39+AH39+AI39+AJ39+AK39+AL39 -> 0 | AN39: =X39-AM39 -> 0
B40: 1.4.1 | C40: 92443 | D40: MONTAGEM E DESMONTAGEM DE FÔRMA DE PILARES RETANGULARES E ESTRUTURAS SIMILARES, PÉ-DIREITO SIMPLES, EM CHAPA DE MADEIRA COMPENSADA PLASTIFICADA, 18 UTILIZAÇÕES. AF_09/2020 | E40: M2 | F40: 40.35 | G40: 410.98 | K40: ='MEMORIAL DE CALCULO 04'!K384 -> 190.617 | L40: ='MEMORIAL DE CALCULO 05'!K384 -> 209.243 | P40: ='MEMORIAL DE CALCULO 09)'!K384 -> 8.8404 | Q40: 2.28 | R40: 0 | S40: 0 | T40: 0 | U40: =VLOOKUP(B40,'MEMÓRIA MEDIÇÃO 14'!$A$8:$F$202,6,FALSE) -> 0 | V40: =H40+I40+J40+K40+L40+M40+N40+O40+P40+Q40+R40+S40+T40+U40 -> 410.9804 | W40: =G40-V40 -> -0.0004 | X40: =F40*G40 -> 16583.043 | Y40: =F40*H40 -> 0 | Z40: =F40*I40 -> 0 | AA40: =F40*J40 -> 0 | AB40: =TRUNC(F40*K40,2) -> 7691.39 | AC40: =TRUNC(F40*L40,2) -> 8442.95 | AD40: =M40*F40 -> 0 | AE40: =F40*N40 -> 0 | AF40: =TRUNC(F40*O40,2) -> 0 | AG40: =TRUNC(F40*P40,2) -> 356.71 | AH40: =TRUNC(F40*Q40,2) -> 91.99 | AI40: =ROUND(R40*F40,2) -> 0 | AJ40: =ROUND(S40*F40,2) -> 0 | AK40: =ROUND(T40*F40,2) -> 0 | AL40: =ROUND(U40*F40,2) -> 0 | AM40: =Y40+Z40+AA40+AB40+AC40+AD40+AE40+AF40+AG40+AH40+AI40+AJ40+AK40+AL40 -> 16583.04 | AN40: =X40-AM40 -> 0.003
B41: 1.4.2 | C41: 92480 | D41: MONTAGEM E DESMONTAGEM DE FÔRMA DE VIGA, ESCORAMENTO METÁLICO, PÉ-DIREITO SIMPLES, EM CHAPA DE MADEIRA PLASTIFICADA, 18 UTILIZAÇÕES. AF_09/2020 | E41: M2 | F41: 62.17 | G41: 439.82 | M41: ='MEMORIAL DE CALCULO 06'!K384 -> 261.944 | N41: ='MEMORIAL DE CALCULO 07'!K384 -> 32.747 | O41: ='MEMORIAL DE CALCULO 08'!K384 -> 32.743 | P41: ='MEMORIAL DE CALCULO 09)'!K386 -> 107.8962 | Q41: 4.488 | R41: 0 | S41: 0 | T41: 0 | U41: =VLOOKUP(B41,'MEMÓRIA MEDIÇÃO 14'!$A$8:$F$202,6,FALSE) -> 0 | V41: =H41+I41+J41+K41+L41+M41+N41+O41+P41+Q41+R41+S41+T41+U41 -> 439.8182 | W41: =G41-V41 -> 0.0018 | X41: =F41*G41 -> 27343.609 | Y41: =F41*H41 -> 0 | Z41: =F41*I41 -> 0 | AA41: =F41*J41 -> 0 | AB41: =TRUNC(F41*K41,2) -> 0 | AC41: =TRUNC(F41*L41,2) -> 0 | AD41: =M41*F41 -> 16285.058 | AE41: =F41*N41 -> 2035.881 | AF41: =TRUNC(F41*O41,2) -> 2035.63 | AG41: =TRUNC(F41*P41,2) -> 6707.9 | AH41: =TRUNC(F41*Q41,2) -> 279.01 | AI41: =ROUND(R41*F41,2) -> 0 | AJ41: =ROUND(S41*F41,2) -> 0 | AK41: =ROUND(T41*F41,2) -> 0 | AL41: =ROUND(U41*F41,2) -> 0 | AM41: =Y41+Z41+AA41+AB41+AC41+AD41+AE41+AF41+AG41+AH41+AI41+AJ41+AK41+AL41 -> 27343.479 | AN41: =X41-AM41 -> 0.12993
B42: 1.4.3 | C42: 92267 | D42: FABRICAÇÃO DE FÔRMA PARA LAJES, EM CHAPA DE MADEIRA COMPENSADA RESINADA, E = 17 MM. AF_09/2020 | E42: M2 | F42: 30.99 | G42: 130.82 | O42: ='MEMORIAL DE CALCULO 08'!K386 -> 53.184 | P42: ='MEMORIAL DE CALCULO 09)'!K389 -> 57.9663 | Q42: 19.67465 | R42: 0 | S42: 0 | T42: 0 | U42: =VLOOKUP(B42,'MEMÓRIA MEDIÇÃO 14'!$A$8:$F$202,6,FALSE) -> 0 | V42: =H42+I42+J42+K42+L42+M42+N42+O42+P42+Q42+R42+S42+T42+U42 -> 130.82495 | W42: =G42-V42 -> -0.00495 | X42: =F42*G42 -> 4054.1118 | Y42: =F42*H42 -> 0 | Z42: =F42*I42 -> 0 | AA42: =F42*J42 -> 0 | AB42: =TRUNC(F42*K42,2) -> 0 | AC42: =TRUNC(F42*L42,2) -> 0 | AD42: =M42*F42 -> 0 | AE42: =F42*N42 -> 0 | AF42: =TRUNC(F42*O42,2) -> 1648.17 | AG42: =TRUNC(F42*P42,2) -> 1796.37 | AH42: =TRUNC(F42*Q42,2) -> 609.71 | AI42: =ROUND(R42*F42,2) -> 0 | AJ42: =ROUND(S42*F42,2) -> 0 | AK42: =ROUND(T42*F42,2) -> 0 | AL42: =ROUND(U42*F42,2) -> 0 | AM42: =Y42+Z42+AA42+AB42+AC42+AD42+AE42+AF42+AG42+AH42+AI42+AJ42+AK42+AL42 -> 4054.25 | AN42: =X42-AM42 -> -0.1382
B43: 1.4.4 | C43: 92759 | D43: ARMAÇÃO DE PILAR OU VIGA DE ESTRUTURA CONVENCIONAL DE CONCRETO ARMADO UTILIZANDO AÇO CA-60 DE 5,0 MM - MONTAGEM. AF_06/2022 | E43: KG | F43: 14.67 | G43: 1036.2 | K43: ='MEMORIAL DE CALCULO 04'!K389 -> 222.1 | L43: ='MEMORIAL DE CALCULO 05'!K389 -> 460.6 | M43: ='MEMORIAL DE CALCULO 06'!K386 -> 214.5 | P43: ='MEMORIAL DE CALCULO 09)'!K392 -> 130.6009 | Q43: 8.40378 | R43: 0 | S43: 0 | T43: 0 | U43: =VLOOKUP(B43,'MEMÓRIA MEDIÇÃO 14'!$A$8:$F$202,6,FALSE) -> 0 | V43: =H43+I43+J43+K43+L43+M43+N43+O43+P43+Q43+R43+S43+T43+U43 -> 1036.2047 | W43: =G43-V43 -> -0.00468 | X43: =F43*G43 -> 15201.054 | Y43: =F43*H43 -> 0 | Z43: =F43*I43 -> 0 | AA43: =F43*J43 -> 0 | AB43: =TRUNC(F43*K43,2) -> 3258.2 | AC43: =TRUNC(F43*L43,2) -> 6757 | AD43: =M43*F43 -> 3146.715 | AE43: =F43*N43 -> 0 | AF43: =TRUNC(F43*O43,2) -> 0 | AG43: =TRUNC(F43*P43,2) -> 1915.91 | AH43: =TRUNC(F43*Q43,2) -> 123.28 | AI43: =ROUND(R43*F43,2) -> 0 | AJ43: =ROUND(S43*F43,2) -> 0 | AK43: =ROUND(T43*F43,2) -> 0 | AL43: =ROUND(U43*F43,2) -> 0 | AM43: =Y43+Z43+AA43+AB43+AC43+AD43+AE43+AF43+AG43+AH43+AI43+AJ43+AK43+AL43 -> 15201.105 | AN43: =X43-AM43 -> -0.051
B44: 1.4.5 | C44: 92760 | D44: ARMAÇÃO DE PILAR OU VIGA DE ESTRUTURA CONVENCIONAL DE CONCRETO ARMADO UTILIZANDO AÇO CA-50 DE 6,3 MM - MONTAGEM. AF_06/2022 | E44: KG | F44: 14.4 | G44: 39.1 | L44: ='MEMORIAL DE CALCULO 05'!K393 -> 23.46 | M44: ='MEMORIAL DE CALCULO 06'!K388 -> 15.64 | R44: 0 | S44: 0 | T44: 0 | U44: =VLOOKUP(B44,'MEMÓRIA MEDIÇÃO 14'!$A$8:$F$202,6,FALSE) -> 0 | V44: =H44+I44+J44+K44+L44+M44+N44+O44+P44+Q44+R44+S44+T44+U44 -> 39.1 | W44: =G44-V44 -> 0 | X44: =F44*G44 -> 563.04 | Y44: =F44*H44 -> 0 | Z44: =F44*I44 -> 0 | AA44: =F44*J44 -> 0 | AB44: =TRUNC(F44*K44,2) -> 0 | AC44: =TRUNC(F44*L44,2) -> 337.82 | AD44: =M44*F44 -> 225.216 | AE44: =F44*N44 -> 0 | AF44: =TRUNC(F44*O44,2) -> 0 | AG44: =TRUNC(F44*P44,2) -> 0 | AH44: =TRUNC(F44*Q44,2) -> 0 | AI44: =ROUND(R44*F44,2) -> 0 | AJ44: =ROUND(S44*F44,2) -> 0 | AK44: =ROUND(T44*F44,2) -> 0 | AL44: =ROUND(U44*F44,2) -> 0 | AM44: =Y44+Z44+AA44+AB44+AC44+AD44+AE44+AF44+AG44+AH44+AI44+AJ44+AK44+AL44 -> 563.036 | AN44: =X44-AM44 -> 0.004
B45: 1.4.6 | C45: 92761 | D45: ARMAÇÃO DE PILAR OU VIGA DE ESTRUTURA CONVENCIONAL DE CONCRETO ARMADO UTILIZANDO AÇO CA-50 DE 8,0 MM - MONTAGEM. AF_06/2022 | E45: KG | F45: 14.25 | G45: 1021.28 | L45: ='MEMORIAL DE CALCULO 05'!K395 -> 415.68 | M45: ='MEMORIAL DE CALCULO 06'!K390 -> 415.68 | P45: ='MEMORIAL DE CALCULO 09)'!K396 -> 168.64 | Q45: 21.28 | R45: 0 | S45: 0 | T45: 0 | U45: =VLOOKUP(B45,'MEMÓRIA MEDIÇÃO 14'!$A$8:$F$202,6,FALSE) -> 0 | V45: =H45+I45+J45+K45+L45+M45+N45+O45+P45+Q45+R45+S45+T45+U45 -> 1021.28 | W45: =G45-V45 -> 0 | X45: =F45*G45 -> 14553.24 | Y45: =F45*H45 -> 0 | Z45: =F45*I45 -> 0 | AA45: =F45*J45 -> 0 | AB45: =TRUNC(F45*K45,2) -> 0 | AC45: =TRUNC(F45*L45,2) -> 5923.44 | AD45: =M45*F45 -> 5923.44 | AE45: =F45*N45 -> 0 | AF45: =TRUNC(F45*O45,2) -> 0 | AG45: =TRUNC(F45*P45,2) -> 2403.12 | AH45: =TRUNC(F45*Q45,2) -> 303.24 | AI45: =ROUND(R45*F45,2) -> 0 | AJ45: =ROUND(S45*F45,2) -> 0 | AK45: =ROUND(T45*F45,2) -> 0 | AL45: =ROUND(U45*F45,2) -> 0 | AM45: =Y45+Z45+AA45+AB45+AC45+AD45+AE45+AF45+AG45+AH45+AI45+AJ45+AK45+AL45 -> 14553.24 | AN45: =X45-AM45 -> 0
B46: 1.4.7 | C46: 92762 | D46: ARMAÇÃO DE PILAR OU VIGA DE ESTRUTURA CONVENCIONAL DE CONCRETO ARMADO UTILIZANDO AÇO CA-50 DE 10,0 MM - MONTAGEM. AF_06/2022 | E46: KG | F46: 12.94 | G46: 1315.58 | K46: ='MEMORIAL DE CALCULO 04'!K393 -> 601.83 | L46: ='MEMORIAL DE CALCULO 05'!K397 -> 635.57 | M46: ='MEMORIAL DE CALCULO 06'!K392 -> 57 | P46: ='MEMORIAL DE CALCULO 09)'!K398 -> 11.7008 | Q46: 9.47712 | R46: 0 | S46: 0 | T46: 0 | U46: =VLOOKUP(B46,'MEMÓRIA MEDIÇÃO 14'!$A$8:$F$202,6,FALSE) -> 0 | V46: =H46+I46+J46+K46+L46+M46+N46+O46+P46+Q46+R46+S46+T46+U46 -> 1315.5779 | W46: =G46-V46 -> 0.00208 | X46: =F46*G46 -> 17023.605 | Y46: =F46*H46 -> 0 | Z46: =F46*I46 -> 0 | AA46: =F46*J46 -> 0 | AB46: =TRUNC(F46*K46,2) -> 7787.68 | AC46: =TRUNC(F46*L46,2) -> 8224.27 | AD46: =M46*F46 -> 737.58 | AE46: =F46*N46 -> 0 | AF46: =TRUNC(F46*O46,2) -> 0 | AG46: =TRUNC(F46*P46,2) -> 151.4 | AH46: =TRUNC(F46*Q46,2) -> 122.63 | AI46: =ROUND(R46*F46,2) -> 0 | AJ46: =ROUND(S46*F46,2) -> 0 | AK46: =ROUND(T46*F46,2) -> 0 | AL46: =ROUND(U46*F46,2) -> 0 | AM46: =Y46+Z46+AA46+AB46+AC46+AD46+AE46+AF46+AG46+AH46+AI46+AJ46+AK46+AL46 -> 17023.56 | AN46: =X46-AM46 -> 0.0452
B47: 1.4.8 | C47: 92763 | D47: ARMAÇÃO DE PILAR OU VIGA DE ESTRUTURA CONVENCIONAL DE CONCRETO ARMADO UTILIZANDO AÇO CA-50 DE 12,5 MM - MONTAGEM. AF_06/2022 | E47: KG | F47: 10.71 | G47: 168.2 | K47: ='MEMORIAL DE CALCULO 04'!K396 -> 100.42 | L47: ='MEMORIAL DE CALCULO 05'!K401 -> 61.18 | P47: ='MEMORIAL DE CALCULO 09)'!K400 -> 6.602 | R47: 0 | S47: 0 | T47: 0 | U47: =VLOOKUP(B47,'MEMÓRIA MEDIÇÃO 14'!$A$8:$F$202,6,FALSE) -> 0 | V47: =H47+I47+J47+K47+L47+M47+N47+O47+P47+Q47+R47+S47+T47+U47 -> 168.202 | W47: =G47-V47 -> -0.002 | X47: =F47*G47 -> 1801.422 | Y47: =F47*H47 -> 0 | Z47: =F47*I47 -> 0 | AA47: =F47*J47 -> 0 | AB47: =TRUNC(F47*K47,2) -> 1075.49 | AC47: =TRUNC(F47*L47,2) -> 655.23 | AD47: =M47*F47 -> 0 | AE47: =F47*N47 -> 0 | AF47: =TRUNC(F47*O47,2) -> 0 | AG47: =TRUNC(F47*P47,2) -> 70.7 | AH47: =TRUNC(F47*Q47,2) -> 0 | AI47: =ROUND(R47*F47,2) -> 0 | AJ47: =ROUND(S47*F47,2) -> 0 | AK47: =ROUND(T47*F47,2) -> 0 | AL47: =ROUND(U47*F47,2) -> 0 | AM47: =Y47+Z47+AA47+AB47+AC47+AD47+AE47+AF47+AG47+AH47+AI47+AJ47+AK47+AL47 -> 1801.42 | AN47: =X47-AM47 -> 0.002
B48: 1.4.9 | C48: 92768 | D48: ARMAÇÃO DE LAJE DE ESTRUTURA CONVENCIONAL DE CONCRETO ARMADO UTILIZANDO AÇO CA-60 DE 5,0 MM - MONTAGEM. AF_06/2022 | E48: KG | F48: 14.31 | G48: 205.38 | M48: ='MEMORIAL DE CALCULO 06'!K394 -> 130.5 | P48: ='MEMORIAL DE CALCULO 09)'!K402 -> 28.2 | Q48: 46.68 | R48: 0 | S48: 0 | T48: 0 | U48: =VLOOKUP(B48,'MEMÓRIA MEDIÇÃO 14'!$A$8:$F$202,6,FALSE) -> 0 | V48: =H48+I48+J48+K48+L48+M48+N48+O48+P48+Q48+R48+S48+T48+U48 -> 205.38 | W48: =G48-V48 -> 0 | X48: =F48*G48 -> 2938.9878 | Y48: =F48*H48 -> 0 | Z48: =F48*I48 -> 0 | AA48: =F48*J48 -> 0 | AB48: =TRUNC(F48*K48,2) -> 0 | AC48: =TRUNC(F48*L48,2) -> 0 | AD48: =M48*F48 -> 1867.455 | AE48: =F48*N48 -> 0 | AF48: =TRUNC(F48*O48,2) -> 0 | AG48: =TRUNC(F48*P48,2) -> 403.54 | AH48: =TRUNC(F48*Q48,2) -> 667.99 | AI48: =ROUND(R48*F48,2) -> 0 | AJ48: =ROUND(S48*F48,2) -> 0 | AK48: =ROUND(T48*F48,2) -> 0 | AL48: =ROUND(U48*F48,2) -> 0 | AM48: =Y48+Z48+AA48+AB48+AC48+AD48+AE48+AF48+AG48+AH48+AI48+AJ48+AK48+AL48 -> 2938.985 | AN48: =X48-AM48 -> 0.0028
B49: 1.4.10 | C49: 92769 | D49: ARMAÇÃO DE LAJE DE ESTRUTURA CONVENCIONAL DE CONCRETO ARMADO UTILIZANDO AÇO CA-50 DE 6,3 MM - MONTAGEM. AF_06/2022 | E49: KG | F49: 14.01 | G49: 178.73 | M49: ='MEMORIAL DE CALCULO 06'!K396 -> 157.6 | P49: ='MEMORIAL DE CALCULO 09)'!K404 -> 12.9002 | Q49: 8.232 | R49: 0 | S49: 0 | T49: 0 | U49: =VLOOKUP(B49,'MEMÓRIA MEDIÇÃO 14'!$A$8:$F$202,6,FALSE) -> 0 | V49: =H49+I49+J49+K49+L49+M49+N49+O49+P49+Q49+R49+S49+T49+U49 -> 178.7322 | W49: =G49-V49 -> -0.0022 | X49: =F49*G49 -> 2504.0073 | Y49: =F49*H49 -> 0 | Z49: =F49*I49 -> 0 | AA49: =F49*J49 -> 0 | AB49: =TRUNC(F49*K49,2) -> 0 | AC49: =TRUNC(F49*L49,2) -> 0 | AD49: =M49*F49 -> 2207.976 | AE49: =F49*N49 -> 0 | AF49: =TRUNC(F49*O49,2) -> 0 | AG49: =TRUNC(F49*P49,2) -> 180.73 | AH49: =TRUNC(F49*Q49,2) -> 115.33 | AI49: =ROUND(R49*F49,2) -> 0 | AJ49: =ROUND(S49*F49,2) -> 0 | AK49: =ROUND(T49*F49,2) -> 0 | AL49: =ROUND(U49*F49,2) -> 0 | AM49: =Y49+Z49+AA49+AB49+AC49+AD49+AE49+AF49+AG49+AH49+AI49+AJ49+AK49+AL49 -> 2504.036 | AN49: =X49-AM49 -> -0.0287
B50: 1.4.11 | C50: 92770 | D50: ARMAÇÃO DE LAJE DE ESTRUTURA CONVENCIONAL DE CONCRETO ARMADO UTILIZANDO AÇO CA-50 DE 8,0 MM - MONTAGEM. AF_06/2022 | E50: KG | F50: 13.86 | G50: 279.1 | M50: ='MEMORIAL DE CALCULO 06'!K398 -> 259 | P50: ='MEMORIAL DE CALCULO 09)'!K406 -> 20.1009 | R50: 0 | S50: 0 | T50: 0 | U50: =VLOOKUP(B50,'MEMÓRIA MEDIÇÃO 14'!$A$8:$F$202,6,FALSE) -> 0 | V50: =H50+I50+J50+K50+L50+M50+N50+O50+P50+Q50+R50+S50+T50+U50 -> 279.1009 | W50: =G50-V50 -> -0.0009 | X50: =F50*G50 -> 3868.326 | Y50: =F50*H50 -> 0 | Z50: =F50*I50 -> 0 | AA50: =F50*J50 -> 0 | AB50: =TRUNC(F50*K50,2) -> 0 | AC50: =TRUNC(F50*L50,2) -> 0 | AD50: =M50*F50 -> 3589.74 | AE50: =F50*N50 -> 0 | AF50: =TRUNC(F50*O50,2) -> 0 | AG50: =TRUNC(F50*P50,2) -> 278.59 | AH50: =TRUNC(F50*Q50,2) -> 0 | AI50: =ROUND(R50*F50,2) -> 0 | AJ50: =ROUND(S50*F50,2) -> 0 | AK50: =ROUND(T50*F50,2) -> 0 | AL50: =ROUND(U50*F50,2) -> 0 | AM50: =Y50+Z50+AA50+AB50+AC50+AD50+AE50+AF50+AG50+AH50+AI50+AJ50+AK50+AL50 -> 3868.33 | AN50: =X50-AM50 -> -0.004
B51: 1.4.12 | C51: 94966 | D51: CONCRETO FCK = 30MPA, TRAÇO 1:2,1:2,5 (EM MASSA SECA DE CIMENTO/ AREIA MÉDIA/ BRITA 1) - PREPARO MECÂNICO COM BETONEIRA 400 L. AF_05/2021 | E51: M3 | F51: 530.88 | G51: 81.65 | K51: ='MEMORIAL DE CALCULO 04'!K402 -> 10.246 | L51: ='MEMORIAL DE CALCULO 05'!K406 -> 9.184 | M51: ='MEMORIAL DE CALCULO 06'!K400 -> 19.4 | N51: ='MEMORIAL DE CALCULO 07'!K403 -> 4.84 | O51: ='MEMORIAL DE CALCULO 08'!K402 -> 7.87 | P51: ='MEMORIAL DE CALCULO 09)'!K408 -> 10.02003 | Q51: 20.088425 | R51: 0 | S51: 0 | T51: 0 | U51: =VLOOKUP(B51,'MEMÓRIA MEDIÇÃO 14'!$A$8:$F$202,6,FALSE) -> 0 | V51: =H51+I51+J51+K51+L51+M51+N51+O51+P51+Q51+R51+S51+T51+U51 -> 81.648455 | W51: =G51-V51 -> 0.001545 | X51: =F51*G51 -> 43346.352 | Y51: =F51*H51 -> 0 | Z51: =F51*I51 -> 0 | AA51: =F51*J51 -> 0 | AB51: =TRUNC(F51*K51,2) -> 5439.39 | AC51: =TRUNC(F51*L51,2) -> 4875.6 | AD51: =M51*F51 -> 10299.072 | AE51: =F51*N51 -> 2569.4592 | AF51: =TRUNC(F51*O51,2) -> 4178.02 | AG51: =TRUNC(F51*P51,2) -> 5319.43 | AH51: =TRUNC(F51*Q51,2) -> 10664.54 | AI51: =ROUND(R51*F51,2) -> 0 | AJ51: =ROUND(S51*F51,2) -> 0 | AK51: =ROUND(T51*F51,2) -> 0 | AL51: =ROUND(U51*F51,2) -> 0 | AM51: =Y51+Z51+AA51+AB51+AC51+AD51+AE51+AF51+AG51+AH51+AI51+AJ51+AK51+AL51 -> 43345.511 | AN51: =X51-AM51 -> 0.8408
B52: 1.4.13 | C52: 103670 | D52: LANÇAMENTO COM USO DE BALDES, ADENSAMENTO E ACABAMENTO DE CONCRETO EM ESTRUTURAS. AF_02/2022 | E52: M3 | F52: 230.55 | G52: 81.65 | K52: ='MEMORIAL DE CALCULO 04'!K405 -> 10.246 | L52: ='MEMORIAL DE CALCULO 05'!K406 -> 9.184 | M52: ='MEMORIAL DE CALCULO 06'!K403 -> 19.4 | N52: ='MEMORIAL DE CALCULO 07'!K407 -> 4.84 | O52: ='MEMORIAL DE CALCULO 08'!K406 -> 7.87 | P52: ='MEMORIAL DE CALCULO 09)'!K410 -> 10.0201 | Q52: 20.088425 | R52: 0 | S52: 0 | T52: 0 | U52: =VLOOKUP(B52,'MEMÓRIA MEDIÇÃO 14'!$A$8:$F$202,6,FALSE) -> 0 | V52: =H52+I52+J52+K52+L52+M52+N52+O52+P52+Q52+R52+S52+T52+U52 -> 81.648525 | W52: =G52-V52 -> 0.00147501 | X52: =F52*G52 -> 18824.408 | Y52: =F52*H52 -> 0 | Z52: =F52*I52 -> 0 | AA52: =F52*J52 -> 0 | AB52: =TRUNC(F52*K52,2) -> 2362.21 | AC52: =TRUNC(F52*L52,2) -> 2117.37 | AD52: =M52*F52 -> 4472.67 | AE52: =F52*N52 -> 1115.862 | AF52: =TRUNC(F52*O52,2) -> 1814.42 | AG52: =TRUNC(F52*P52,2) -> 2310.13 | AH52: =TRUNC(F52*Q52,2) -> 4631.38 | AI52: =ROUND(R52*F52,2) -> 0 | AJ52: =ROUND(S52*F52,2) -> 0 | AK52: =ROUND(T52*F52,2) -> 0 | AL52: =ROUND(U52*F52,2) -> 0 | AM52: =Y52+Z52+AA52+AB52+AC52+AD52+AE52+AF52+AG52+AH52+AI52+AJ52+AK52+AL52 -> 18824.042 | AN52: =X52-AM52 -> 0.3655
B53: 1.4.14 | C53: 92771 | D53: ARMAÇÃO DE LAJE DE ESTRUTURA CONVENCIONAL DE CONCRETO ARMADO UTILIZANDO AÇO CA-50 DE 10,0 MM - MONTAGEM. AF_06/2022 | E53: KG | F53: 12.55 | G53: 406.9 | M53: ='MEMORIAL DE CALCULO 06'!K405 -> 217.7 | P53: ='MEMORIAL DE CALCULO 09)'!K412 -> 94.6 | Q53: 94.6 | R53: 0 | S53: 0 | T53: 0 | U53: =VLOOKUP(B53,'MEMÓRIA MEDIÇÃO 14'!$A$8:$F$202,6,FALSE) -> 0 | V53: =H53+I53+J53+K53+L53+M53+N53+O53+P53+Q53+R53+S53+T53+U53 -> 406.9 | W53: =G53-V53 -> 0 | X53: =F53*G53 -> 5106.595 | Y53: =F53*H53 -> 0 | Z53: =F53*I53 -> 0 | AA53: =F53*J53 -> 0 | AB53: =TRUNC(F53*K53,2) -> 0 | AC53: =TRUNC(F53*L53,2) -> 0 | AD53: =M53*F53 -> 2732.135 | AE53: =F53*N53 -> 0 | AF53: =TRUNC(F53*O53,2) -> 0 | AG53: =TRUNC(F53*P53,2) -> 1187.23 | AH53: =TRUNC(F53*Q53,2) -> 1187.23 | AI53: =ROUND(R53*F53,2) -> 0 | AJ53: =ROUND(S53*F53,2) -> 0 | AK53: =ROUND(T53*F53,2) -> 0 | AL53: =ROUND(U53*F53,2) -> 0 | AM53: =Y53+Z53+AA53+AB53+AC53+AD53+AE53+AF53+AG53+AH53+AI53+AJ53+AK53+AL53 -> 5106.595 | AN53: =X53-AM53 -> 0
B54: 1.4.15 | C54: 92772 | D54: ARMAÇÃO DE LAJE DE ESTRUTURA CONVENCIONAL DE CONCRETO ARMADO UTILIZANDO AÇO CA-50 DE 12,5 MM - MONTAGEM. AF_06/2022 | E54: KG | F54: 10.39 | G54: 154.8 | M54: ='MEMORIAL DE CALCULO 06'!K407 -> 154.8 | R54: 0 | S54: 0 | T54: 0 | U54: =VLOOKUP(B54,'MEMÓRIA MEDIÇÃO 14'!$A$8:$F$202,6,FALSE) -> 0 | V54: =H54+I54+J54+K54+L54+M54+N54+O54+P54+Q54+R54+S54+T54+U54 -> 154.8 | W54: =G54-V54 -> 0 | X54: =F54*G54 -> 1608.372 | Y54: =F54*H54 -> 0 | Z54: =F54*I54 -> 0 | AA54: =F54*J54 -> 0 | AB54: =TRUNC(F54*K54,2) -> 0 | AC54: =TRUNC(F54*L54,2) -> 0 | AD54: =M54*F54 -> 1608.372 | AE54: =F54*N54 -> 0 | AF54: =TRUNC(F54*O54,2) -> 0 | AG54: =TRUNC(F54*P54,2) -> 0 | AH54: =TRUNC(F54*Q54,2) -> 0 | AI54: =ROUND(R54*F54,2) -> 0 | AJ54: =ROUND(S54*F54,2) -> 0 | AK54: =ROUND(T54*F54,2) -> 0 | AL54: =ROUND(U54*F54,2) -> 0 | AM54: =Y54+Z54+AA54+AB54+AC54+AD54+AE54+AF54+AG54+AH54+AI54+AJ54+AK54+AL54 -> 1608.372 | AN54: =X54-AM54 -> 0
B55: 1.5 | C55: PAREDES | R55: 0 | S55: 0 | T55: 0 | U55: =VLOOKUP(B55,'MEMÓRIA MEDIÇÃO 14'!$A$8:$F$202,6,FALSE) -> 0 | V55: =H55+I55+J55+K55+L55+M55+N55+O55+P55+Q55+R55+S55+T55+U55 -> 0 | Y55: =F55*H55 -> 0 | Z55: =F55*I55 -> 0 | AA55: =F55*J55 -> 0 | AB55: =TRUNC(F55*K55,2) -> 0 | AC55: =TRUNC(F55*L55,2) -> 0 | AD55: =M55*F55 -> 0 | AE55: =F55*N55 -> 0 | AF55: =TRUNC(F55*O55,2) -> 0 | AG55: =TRUNC(F55*P55,2) -> 0 | AH55: =TRUNC(F55*Q55,2) -> 0 | AI55: =ROUND(R55*F55,2) -> 0 | AJ55: =ROUND(S55*F55,2) -> 0 | AK55: =ROUND(T55*F55,2) -> 0 | AL55: =ROUND(U55*F55,2) -> 0 | AM55: =Y55+Z55+AA55+AB55+AC55+AD55+AE55+AF55+AG55+AH55+AI55+AJ55+AK55+AL55 -> 0 | AN55: =X55-AM55 -> 0
B56: 1.5.1 | C56: 103356 | D56: ALVENARIA DE VEDAÇÃO DE BLOCOS CERÂMICOS FURADOS NA HORIZONTAL DE 9X19X29 CM (ESPESSURA 9 CM) E ARGAMASSA DE ASSENTAMENTO COM PREPARO EM BETONEIRA. AF_12/2021 | E56: M2 | F56: 46.86 | G56: 1242.62 | K56: ='MEMORIAL DE CALCULO 04'!K410 -> 354.685 | L56: ='MEMORIAL DE CALCULO 05'!K413 -> 492.16 | O56: ='MEMORIAL DE CALCULO 08'!K414 -> 238.84 | P56: ='MEMORIAL DE CALCULO 09)'!K418 -> 46.31 | Q56: 110.6255 | R56: 0 | S56: 0 | T56: 0 | U56: =VLOOKUP(B56,'MEMÓRIA MEDIÇÃO 14'!$A$8:$F$202,6,FALSE) -> 0 | V56: =H56+I56+J56+K56+L56+M56+N56+O56+P56+Q56+R56+S56+T56+U56 -> 1242.6205 | W56: =G56-V56 -> -0.0005 | X56: =F56*G56 -> 58229.173 | Y56: =F56*H56 -> 0 | Z56: =F56*I56 -> 0 | AA56: =F56*J56 -> 0 | AB56: =TRUNC(F56*K56,2) -> 16620.53 | AC56: =TRUNC(F56*L56,2) -> 23062.61 | AD56: =M56*F56 -> 0 | AE56: =F56*N56 -> 0 | AF56: =TRUNC(F56*O56,2) -> 11192.04 | AG56: =TRUNC(F56*P56,2) -> 2170.08 | AH56: =TRUNC(F56*Q56,2) -> 5183.91 | AI56: =ROUND(R56*F56,2) -> 0 | AJ56: =ROUND(S56*F56,2) -> 0 | AK56: =ROUND(T56*F56,2) -> 0 | AL56: =ROUND(U56*F56,2) -> 0 | AM56: =Y56+Z56+AA56+AB56+AC56+AD56+AE56+AF56+AG56+AH56+AI56+AJ56+AK56+AL56 -> 58229.17 | AN56: =X56-AM56 -> 0.0032
B57: 1.5.2 | C57: 93189 | D57: VERGA MOLDADA IN LOCO EM CONCRETO PARA PORTAS COM MAIS DE 1,5 M DE VÃO. AF_03/2016 | E57: M | F57: 99.36 | G57: 64.1 | K57: ='MEMORIAL DE CALCULO 04'!K484 -> 10.2 | L57: ='MEMORIAL DE CALCULO 05'!K479 -> 53.9 | R57: 0 | S57: 0 | T57: 0 | U57: =VLOOKUP(B57,'MEMÓRIA MEDIÇÃO 14'!$A$8:$F$202,6,FALSE) -> 0 | V57: =H57+I57+J57+K57+L57+M57+N57+O57+P57+Q57+R57+S57+T57+U57 -> 64.1 | W57: =G57-V57 -> 0 | X57: =F57*G57 -> 6368.976 | Y57: =F57*H57 -> 0 | Z57: =F57*I57 -> 0 | AA57: =F57*J57 -> 0 | AB57: =TRUNC(F57*K57,2) -> 1013.47 | AC57: =TRUNC(F57*L57,2) -> 5355.5 | AD57: =M57*F57 -> 0 | AE57: =F57*N57 -> 0 | AF57: =TRUNC(F57*O57,2) -> 0 | AG57: =TRUNC(F57*P57,2) -> 0 | AH57: =TRUNC(F57*Q57,2) -> 0 | AI57: =ROUND(R57*F57,2) -> 0 | AJ57: =ROUND(S57*F57,2) -> 0 | AK57: =ROUND(T57*F57,2) -> 0 | AL57: =ROUND(U57*F57,2) -> 0 | AM57: =Y57+Z57+AA57+AB57+AC57+AD57+AE57+AF57+AG57+AH57+AI57+AJ57+AK57+AL57 -> 6368.97 | AN57: =X57-AM57 -> 0.006
B58: 1.5.3 | C58: 93191 | D58: VERGA MOLDADA IN LOCO COM UTILIZAÇÃO DE BLOCOS CANALETA PARA JANELAS COM MAIS DE 1,5 M DE VÃO. AF_03/2016 | E58: M | F58: 50.71 | G58: 73.3 | K58: ='MEMORIAL DE CALCULO 04'!K488 -> 11.6 | L58: ='MEMORIAL DE CALCULO 05'!K486 -> 60.6 | Q58: 1.1 | R58: 0 | S58: 0 | T58: 0 | U58: =VLOOKUP(B58,'MEMÓRIA MEDIÇÃO 14'!$A$8:$F$202,6,FALSE) -> 0 | V58: =H58+I58+J58+K58+L58+M58+N58+O58+P58+Q58+R58+S58+T58+U58 -> 73.3 | W58: =G58-V58 -> 0 | X58: =F58*G58 -> 3717.043 | Y58: =F58*H58 -> 0 | Z58: =F58*I58 -> 0 | AA58: =F58*J58 -> 0 | AB58: =TRUNC(F58*K58,2) -> 588.23 | AC58: =TRUNC(F58*L58,2) -> 3073.02 | AD58: =M58*F58 -> 0 | AE58: =F58*N58 -> 0 | AF58: =TRUNC(F58*O58,2) -> 0 | AG58: =TRUNC(F58*P58,2) -> 0 | AH58: =TRUNC(F58*Q58,2) -> 55.78 | AI58: =ROUND(R58*F58,2) -> 0 | AJ58: =ROUND(S58*F58,2) -> 0 | AK58: =ROUND(T58*F58,2) -> 0 | AL58: =ROUND(U58*F58,2) -> 0 | AM58: =Y58+Z58+AA58+AB58+AC58+AD58+AE58+AF58+AG58+AH58+AI58+AJ58+AK58+AL58 -> 3717.03 | AN58: =X58-AM58 -> 0.013
B59: 1.5.4 | C59: 93197 | D59: CONTRAVERGA MOLDADA IN LOCO EM CONCRETO PARA VÃOS DE MAIS DE 1,5 M DE COMPRIMENTO. AF_03/2016 | E59: M | F59: 90.23 | G59: 73.3 | K59: ='MEMORIAL DE CALCULO 04'!K492 -> 11.6 | L59: ='MEMORIAL DE CALCULO 05'!K493 -> 60.6 | Q59: 1.1 | R59: 0 | S59: 0 | T59: 0 | U59: =VLOOKUP(B59,'MEMÓRIA MEDIÇÃO 14'!$A$8:$F$202,6,FALSE) -> 0 | V59: =H59+I59+J59+K59+L59+M59+N59+O59+P59+Q59+R59+S59+T59+U59 -> 73.3 | W59: =G59-V59 -> 0 | X59: =F59*G59 -> 6613.859 | Y59: =F59*H59 -> 0 | Z59: =F59*I59 -> 0 | AA59: =F59*J59 -> 0 | AB59: =TRUNC(F59*K59,2) -> 1046.66 | AC59: =TRUNC(F59*L59,2) -> 5467.93 | AD59: =M59*F59 -> 0 | AE59: =F59*N59 -> 0 | AF59: =TRUNC(F59*O59,2) -> 0 | AG59: =TRUNC(F59*P59,2) -> 0 | AH59: =TRUNC(F59*Q59,2) -> 99.25 | AI59: =ROUND(R59*F59,2) -> 0 | AJ59: =ROUND(S59*F59,2) -> 0 | AK59: =ROUND(T59*F59,2) -> 0 | AL59: =ROUND(U59*F59,2) -> 0 | AM59: =Y59+Z59+AA59+AB59+AC59+AD59+AE59+AF59+AG59+AH59+AI59+AJ59+AK59+AL59 -> 6613.84 | AN59: =X59-AM59 -> 0.019
B60: 1.6 | C60: REVESTIMENTOS INTERNOS | R60: 0 | S60: 0 | T60: 0 | U60: =VLOOKUP(B60,'MEMÓRIA MEDIÇÃO 14'!$A$8:$F$202,6,FALSE) -> 0 | V60: =H60+I60+J60+K60+L60+M60+N60+O60+P60+Q60+R60+S60+T60+U60 -> 0 | Y60: =F60*H60 -> 0 | Z60: =F60*I60 -> 0 | AA60: =F60*J60 -> 0 | AB60: =TRUNC(F60*K60,2) -> 0 | AC60: =TRUNC(F60*L60,2) -> 0 | AE60: =F60*N60 -> 0 | AF60: =TRUNC(F60*O60,2) -> 0 | AG60: =TRUNC(F60*P60,2) -> 0 | AH60: =TRUNC(F60*Q60,2) -> 0 | AI60: =ROUND(R60*F60,2) -> 0 | AJ60: =ROUND(S60*F60,2) -> 0 | AK60: =ROUND(T60*F60,2) -> 0 | AL60: =ROUND(U60*F60,2) -> 0 | AM60: =Y60+Z60+AA60+AB60+AC60+AD60+AE60+AF60+AG60+AH60+AI60+AJ60+AK60+AL60 -> 0
B61: 1.6.1 | C61: 87893 | D61: CHAPISCO APLICADO EM ALVENARIA (SEM PRESENÇA DE VÃOS) E ESTRUTURAS DE CONCRETO DE FACHADA, COM COLHER DE PEDREIRO. ARGAMASSA TRAÇO 1:3 COM PREPARO MANUAL. AF_10/2022 | E61: M2 | F61: 6.08 | G61: 2029.19 | L61: 1348.98 | Q61: 380 | R61: 0 | S61: 0 | T61: 40.59 | U61: =VLOOKUP(B61,'MEMÓRIA MEDIÇÃO 14'!$A$8:$F$202,6,FALSE) -> 0 | V61: =H61+I61+J61+K61+L61+M61+N61+O61+P61+Q61+R61+S61+T61+U61 -> 1769.57 | W61: =G61-V61 -> 259.62 | X61: =F61*G61 -> 12337.475 | Y61: =F61*H61 -> 0 | Z61: =F61*I61 -> 0 | AA61: =F61*J61 -> 0 | AB61: =TRUNC(F61*K61,2) -> 0 | AC61: =TRUNC(F61*L61,2) -> 8201.79 | AD61: =M61*F61 -> 0 | AE61: =F61*N61 -> 0 | AF61: =TRUNC(F61*O61,2) -> 0 | AG61: =TRUNC(F61*P61,2) -> 0 | AH61: =TRUNC(F61*Q61,2) -> 2310.4 | AI61: =ROUND(R61*F61,2) -> 0 | AJ61: =ROUND(S61*F61,2) -> 0 | AK61: =ROUND(T61*F61,2) -> 246.79 | AL61: =ROUND(U61*F61,2) -> 0 | AM61: =Y61+Z61+AA61+AB61+AC61+AD61+AE61+AF61+AG61+AH61+AI61+AJ61+AK61+AL61 -> 10758.98 | AN61: =X61-AM61 -> 1578.4952
B62: 1.6.2 | C62: 87548 | D62: MASSA ÚNICA, PARA RECEBIMENTO DE PINTURA, EM ARGAMASSA TRAÇO 1:2:8, PREPARO MANUAL, APLICADA MANUALMENTE EM FACES INTERNAS DE PAREDES, ESPESSURA DE 10MM, COM EXECUÇÃO DE TALISCAS. AF_06/2014 | E62: M2 | F62: 22.4 | G62: 1666.99 | M62: ='MEMORIAL DE CALCULO 06'!K410 -> 299.133 | N62: 697.97679 | Q62: 480 | R62: 0 | S62: 0 | T62: 40.59 | U62: =VLOOKUP(B62,'MEMÓRIA MEDIÇÃO 14'!$A$8:$F$202,6,FALSE) -> 0 | V62: =H62+I62+J62+K62+L62+M62+N62+O62+P62+Q62+R62+S62+T62+U62 -> 1517.6998 | W62: =G62-V62 -> 149.29021 | X62: =F62*G62 -> 37340.576 | Y62: =F62*H62 -> 0 | Z62: =F62*I62 -> 0 | AA62: =F62*J62 -> 0 | AB62: =TRUNC(F62*K62,2) -> 0 | AC62: =TRUNC(F62*L62,2) -> 0 | AD62: =M62*F62 -> 6700.5792 | AE62: =F62*N62 -> 15634.68 | AF62: =TRUNC(F62*O62,2) -> 0 | AG62: =TRUNC(F62*P62,2) -> 0 | AH62: =TRUNC(F62*Q62,2) -> 10752 | AI62: =ROUND(R62*F62,2) -> 0 | AJ62: =ROUND(S62*F62,2) -> 0 | AK62: =ROUND(T62*F62,2) -> 909.22 | AL62: =ROUND(U62*F62,2) -> 0 | AM62: =Y62+Z62+AA62+AB62+AC62+AD62+AE62+AF62+AG62+AH62+AI62+AJ62+AK62+AL62 -> 33996.479 | AN62: =X62-AM62 -> 3344.0968
B63: 1.6.3 | C63: 87536 | D63: EMBOÇO, PARA RECEBIMENTO DE CERÂMICA, EM ARGAMASSA TRAÇO 1:2:8, PREPARO MANUAL, APLICADO MANUALMENTE EM FACES INTERNAS DE PAREDES, PARA AMBIENTE COM ÁREA MAIOR QUE 10M2, ESPESSURA DE 20MM, COM EXECUÇÃO DE TALISCAS. AF_06/2014 | E63: M2 | F63: 31.26 | G63: 351.87 | N63: ='MEMORIAL DE CALCULO 07'!K417 -> 351.87 | R63: 0 | S63: 0 | T63: 0 | U63: =VLOOKUP(B63,'MEMÓRIA MEDIÇÃO 14'!$A$8:$F$202,6,FALSE) -> 0 | V63: =H63+I63+J63+K63+L63+M63+N63+O63+P63+Q63+R63+S63+T63+U63 -> 351.87 | W63: =G63-V63 -> 0 | X63: =F63*G63 -> 10999.456 | Y63: =F63*H63 -> 0 | Z63: =F63*I63 -> 0 | AA63: =F63*J63 -> 0 | AB63: =TRUNC(F63*K63,2) -> 0 | AC63: =TRUNC(F63*L63,2) -> 0 | AD63: =M63*F63 -> 0 | AE63: =F63*N63 -> 10999.456 | AF63: =TRUNC(F63*O63,2) -> 0 | AG63: =TRUNC(F63*P63,2) -> 0 | AH63: =TRUNC(F63*Q63,2) -> 0 | AI63: =ROUND(R63*F63,2) -> 0 | AJ63: =ROUND(S63*F63,2) -> 0 | AK63: =ROUND(T63*F63,2) -> 0 | AL63: =ROUND(U63*F63,2) -> 0 | AM63: =Y63+Z63+AA63+AB63+AC63+AD63+AE63+AF63+AG63+AH63+AI63+AJ63+AK63+AL63 -> 10999.456 | AN63: =X63-AM63 -> 0
B64: 1.6.4 | C64: 87275 | D64: REVESTIMENTO CERÂMICO PARA PAREDES INTERNAS COM PLACAS TIPO ESMALTADA EXTRA DE DIMENSÕES 33X45 CM APLICADAS A MEIA ALTURA DAS PAREDES. AF_02/2023_PE | E64: M2 | F64: 75.14 | G64: 351.87 | R64: 0 | S64: 0 | T64: 343.6636 | U64: =VLOOKUP(B64,'MEMÓRIA MEDIÇÃO 14'!$A$8:$F$202,6,FALSE) -> 0 | V64: =H64+I64+J64+K64+L64+M64+N64+O64+P64+Q64+R64+S64+T64+U64 -> 343.6636 | W64: =G64-V64 -> 8.2064 | X64: =F64*G64 -> 26439.512 | Y64: =F64*H64 -> 0 | Z64: =F64*I64 -> 0 | AA64: =F64*J64 -> 0 | AB64: =TRUNC(F64*K64,2) -> 0 | AC64: =TRUNC(F64*L64,2) -> 0 | AD64: =M64*F64 -> 0 | AE64: =F64*N64 -> 0 | AF64: =TRUNC(F64*O64,2) -> 0 | AG64: =TRUNC(F64*P64,2) -> 0 | AH64: =TRUNC(F64*Q64,2) -> 0 | AI64: =ROUND(R64*F64,2) -> 0 | AJ64: =ROUND(S64*F64,2) -> 0 | AK64: =ROUND(T64*F64,2) -> 25822.88 | AL64: =ROUND(U64*F64,2) -> 0 | AM64: =Y64+Z64+AA64+AB64+AC64+AD64+AE64+AF64+AG64+AH64+AI64+AJ64+AK64+AL64 -> 25822.88 | AN64: =X64-AM64 -> 616.6318
B65: 1.7 | C65: ESQUADRIAS | R65: 0 | S65: 0 | T65: 0 | U65: =VLOOKUP(B65,'MEMÓRIA MEDIÇÃO 14'!$A$8:$F$202,6,FALSE) -> 0 | V65: =H65+I65+J65+K65+L65+M65+N65+O65+P65+Q65+R65+S65+T65+U65 -> 0 | Y65: =F65*H65 -> 0 | Z65: =F65*I65 -> 0 | AA65: =F65*J65 -> 0 | AB65: =TRUNC(F65*K65,2) -> 0 | AC65: =TRUNC(F65*L65,2) -> 0 | AE65: =F65*N65 -> 0 | AF65: =TRUNC(F65*O65,2) -> 0 | AG65: =TRUNC(F65*P65,2) -> 0 | AH65: =TRUNC(F65*Q65,2) -> 0 | AI65: =ROUND(R65*F65,2) -> 0 | AJ65: =ROUND(S65*F65,2) -> 0 | AK65: =ROUND(T65*F65,2) -> 0 | AL65: =ROUND(U65*F65,2) -> 0 | AM65: =Y65+Z65+AA65+AB65+AC65+AD65+AE65+AF65+AG65+AH65+AI65+AJ65+AK65+AL65 -> 0
B66: 1.7.1 | C66: 91315 | D66: KIT DE PORTA DE MADEIRA PARA PINTURA, SEMI-OCA (LEVE OU MÉDIA), PADRÃO POPULAR, 90X210CM, ESPESSURA DE 3,5CM, ITENS INCLUSOS: DOBRADIÇAS, MONTAGEM E INSTALAÇÃO DO BATENTE, FECHADURA COM EXECUÇÃO DO FURO - FORNECIMENTO E INSTALAÇÃO. AF_12/2019 | E66: UN | F66: 919.01 | G66: 18 | R66: 0 | S66: 0 | T66: 0 | U66: =VLOOKUP(B66,'MEMÓRIA MEDIÇÃO 14'!$A$8:$F$202,6,FALSE) -> 0 | V66: =H66+I66+J66+K66+L66+M66+N66+O66+P66+Q66+R66+S66+T66+U66 -> 0 | W66: =G66-V66 -> 18 | X66: =F66*G66 -> 16542.18 | Y66: =F66*H66 -> 0 | Z66: =F66*I66 -> 0 | AA66: =F66*J66 -> 0 | AB66: =TRUNC(F66*K66,2) -> 0 | AC66: =TRUNC(F66*L66,2) -> 0 | AD66: =M66*F66 -> 0 | AE66: =F66*N66 -> 0 | AF66: =TRUNC(F66*O66,2) -> 0 | AG66: =TRUNC(F66*P66,2) -> 0 | AH66: =TRUNC(F66*Q66,2) -> 0 | AI66: =ROUND(R66*F66,2) -> 0 | AJ66: =ROUND(S66*F66,2) -> 0 | AK66: =ROUND(T66*F66,2) -> 0 | AL66: =ROUND(U66*F66,2) -> 0 | AM66: =Y66+Z66+AA66+AB66+AC66+AD66+AE66+AF66+AG66+AH66+AI66+AJ66+AK66+AL66 -> 0 | AN66: =X66-AM66 -> 16542.18
B67: 1.7.2 | C67: 94570 | D67: JANELA DE ALUMÍNIO DE CORRER COM 2 FOLHAS PARA VIDROS, COM VIDROS, BATENTE, ACABAMENTO COM ACETATO OU BRILHANTE E FERRAGENS. EXCLUSIVE ALIZAR E CONTRAMARCO. FORNECIMENTO E INSTALAÇÃO. AF_12/2019 | E67: M2 | F67: 960.32 | G67: 50.8 | R67: 0 | S67: 0 | T67: 49.3935 | U67: =VLOOKUP(B67,'MEMÓRIA MEDIÇÃO 14'!$A$8:$F$202,6,FALSE) -> 0 | V67: =H67+I67+J67+K67+L67+M67+N67+O67+P67+Q67+R67+S67+T67+U67 -> 49.3935 | W67: =G67-V67 -> 1.4065 | X67: =F67*G67 -> 48784.256 | Y67: =F67*H67 -> 0 | Z67: =F67*I67 -> 0 | AA67: =F67*J67 -> 0 | AB67: =TRUNC(F67*K67,2) -> 0 | AC67: =TRUNC(F67*L67,2) -> 0 | AD67: =M67*F67 -> 0 | AE67: =F67*N67 -> 0 | AF67: =TRUNC(F67*O67,2) -> 0 | AG67: =TRUNC(F67*P67,2) -> 0 | AH67: =TRUNC(F67*Q67,2) -> 0 | AI67: =ROUND(R67*F67,2) -> 0 | AJ67: =ROUND(S67*F67,2) -> 0 | AK67: =ROUND(T67*F67,2) -> 47433.57 | AL67: =ROUND(U67*F67,2) -> 0 | AM67: =Y67+Z67+AA67+AB67+AC67+AD67+AE67+AF67+AG67+AH67+AI67+AJ67+AK67+AL67 -> 47433.57 | AN67: =X67-AM67 -> 1350.686
B68: 1.7.3 | C68: 100689 | D68: KIT DE PORTA DE MADEIRA FRISADA, SEMI-OCA (LEVE OU MÉDIA), PADRÃO MÉDIO, 80X210CM, ESPESSURA DE 3,5CM, ITENS INCLUSOS: DOBRADIÇAS, MONTAGEM E INSTALAÇÃO DE BATENTE, FECHADURA COM EXECUÇÃO DO FURO - FORNECIMENTO E INSTALAÇÃO. AF_12/2019 | E68: UN | F68: 1069.74 | G68: 5 | R68: 0 | S68: 0 | T68: 0 | U68: =VLOOKUP(B68,'MEMÓRIA MEDIÇÃO 14'!$A$8:$F$202,6,FALSE) -> 0 | V68: =H68+I68+J68+K68+L68+M68+N68+O68+P68+Q68+R68+S68+T68+U68 -> 0 | W68: =G68-V68 -> 5 | X68: =F68*G68 -> 5348.7 | Y68: =F68*H68 -> 0 | Z68: =F68*I68 -> 0 | AA68: =F68*J68 -> 0 | AB68: =TRUNC(F68*K68,2) -> 0 | AC68: =TRUNC(F68*L68,2) -> 0 | AD68: =M68*F68 -> 0 | AE68: =F68*N68 -> 0 | AF68: =TRUNC(F68*O68,2) -> 0 | AG68: =TRUNC(F68*P68,2) -> 0 | AH68: =TRUNC(F68*Q68,2) -> 0 | AI68: =ROUND(R68*F68,2) -> 0 | AJ68: =ROUND(S68*F68,2) -> 0 | AK68: =ROUND(T68*F68,2) -> 0 | AL68: =ROUND(U68*F68,2) -> 0 | AM68: =Y68+Z68+AA68+AB68+AC68+AD68+AE68+AF68+AG68+AH68+AI68+AJ68+AK68+AL68 -> 0 | AN68: =X68-AM68 -> 5348.7
B69: 1.7.4 | C69: composição 3 | D69: PORTA EM MADEIRA , LISA, SEMI-ÔCA, 1.46 X 2.10 M, COM DUAS FOLHAS, INCLUSIVE BATENTES E FERRAGENS - REV 02[ADAPTADO DE ORSE 7149] | E69: UND | F69: 2030.34 | G69: 1 | R69: 0 | S69: 0 | T69: 0 | U69: =VLOOKUP(B69,'MEMÓRIA MEDIÇÃO 14'!$A$8:$F$202,6,FALSE) -> 0 | V69: =H69+I69+J69+K69+L69+M69+N69+O69+P69+Q69+R69+S69+T69+U69 -> 0 | W69: =G69-V69 -> 1 | X69: =F69*G69 -> 2030.34 | Y69: =F69*H69 -> 0 | Z69: =F69*I69 -> 0 | AA69: =F69*J69 -> 0 | AB69: =TRUNC(F69*K69,2) -> 0 | AC69: =TRUNC(F69*L69,2) -> 0 | AD69: =M69*F69 -> 0 | AE69: =F69*N69 -> 0 | AF69: =TRUNC(F69*O69,2) -> 0 | AG69: =TRUNC(F69*P69,2) -> 0 | AH69: =TRUNC(F69*Q69,2) -> 0 | AI69: =ROUND(R69*F69,2) -> 0 | AJ69: =ROUND(S69*F69,2) -> 0 | AK69: =ROUND(T69*F69,2) -> 0 | AL69: =ROUND(U69*F69,2) -> 0 | AM69: =Y69+Z69+AA69+AB69+AC69+AD69+AE69+AF69+AG69+AH69+AI69+AJ69+AK69+AL69 -> 0 | AN69: =X69-AM69 -> 2030.34
B70: 1.7.5 | C70: composição 4 | D70: PORTÃO EM ALUMÍNIO, COR N/B/P, EM PERFÍS BÚZIO QUADRADO OU LAMBRIL, COMPLETO INCLUSIVE RODÍZIOS, PERFÍS E FECHADURA- ORSE - ORSE 11955 | E70: UND | F70: 4697.45 | G70: 3 | R70: 0 | S70: 0 | T70: 1 | U70: =VLOOKUP(B70,'MEMÓRIA MEDIÇÃO 14'!$A$8:$F$202,6,FALSE) -> 0 | V70: =H70+I70+J70+K70+L70+M70+N70+O70+P70+Q70+R70+S70+T70+U70 -> 1 | W70: =G70-V70 -> 2 | X70: =F70*G70 -> 14092.35 | Y70: =F70*H70 -> 0 | Z70: =F70*I70 -> 0 | AA70: =F70*J70 -> 0 | AB70: =TRUNC(F70*K70,2) -> 0 | AC70: =TRUNC(F70*L70,2) -> 0 | AD70: =M70*F70 -> 0 | AE70: =F70*N70 -> 0 | AF70: =TRUNC(F70*O70,2) -> 0 | AG70: =TRUNC(F70*P70,2) -> 0 | AH70: =TRUNC(F70*Q70,2) -> 0 | AI70: =ROUND(R70*F70,2) -> 0 | AJ70: =ROUND(S70*F70,2) -> 0 | AK70: =ROUND(T70*F70,2) -> 4697.45 | AL70: =ROUND(U70*F70,2) -> 0 | AM70: =Y70+Z70+AA70+AB70+AC70+AD70+AE70+AF70+AG70+AH70+AI70+AJ70+AK70+AL70 -> 4697.45 | AN70: =X70-AM70 -> 9394.9
B71: 1.7.6 | C71: 91341 | D71: PORTA EM ALUMÍNIO DE ABRIR TIPO VENEZIANA COM GUARNIÇÃO, FIXAÇÃO COM PARAFUSOS - FORNECIMENTO E INSTALAÇÃO. AF_12/2019 | E71: M2 | F71: 976.37 | G71: 12.96 | R71: 0 | S71: 0 | T71: 2.016 | U71: =VLOOKUP(B71,'MEMÓRIA MEDIÇÃO 14'!$A$8:$F$202,6,FALSE) -> 0 | V71: =H71+I71+J71+K71+L71+M71+N71+O71+P71+Q71+R71+S71+T71+U71 -> 2.016 | W71: =G71-V71 -> 10.944 | X71: =F71*G71 -> 12653.755 | Y71: =F71*H71 -> 0 | Z71: =F71*I71 -> 0 | AA71: =F71*J71 -> 0 | AB71: =TRUNC(F71*K71,2) -> 0 | AC71: =TRUNC(F71*L71,2) -> 0 | AD71: =M71*F71 -> 0 | AE71: =F71*N71 -> 0 | AF71: =TRUNC(F71*O71,2) -> 0 | AG71: =TRUNC(F71*P71,2) -> 0 | AH71: =TRUNC(F71*Q71,2) -> 0 | AI71: =ROUND(R71*F71,2) -> 0 | AJ71: =ROUND(S71*F71,2) -> 0 | AK71: =ROUND(T71*F71,2) -> 1968.36 | AL71: =ROUND(U71*F71,2) -> 0 | AM71: =Y71+Z71+AA71+AB71+AC71+AD71+AE71+AF71+AG71+AH71+AI71+AJ71+AK71+AL71 -> 1968.36 | AN71: =X71-AM71 -> 10685.395
B72: 1.7.7 | C72: 100702 | D72: PORTA DE CORRER DE ALUMÍNIO, COM DUAS FOLHAS PARA VIDRO, INCLUSO VIDRO LISO INCOLOR, FECHADURA E PUXADOR, SEM ALIZAR. AF_12/2019 | E72: M2 | F72: 579.9 | G72: 19.96 | R72: 0 | S72: 0 | T72: 19.726 | U72: =VLOOKUP(B72,'MEMÓRIA MEDIÇÃO 14'!$A$8:$F$202,6,FALSE) -> 0 | V72: =H72+I72+J72+K72+L72+M72+N72+O72+P72+Q72+R72+S72+T72+U72 -> 19.726 | W72: =G72-V72 -> 0.234 | X72: =F72*G72 -> 11574.804 | Y72: =F72*H72 -> 0 | Z72: =F72*I72 -> 0 | AA72: =F72*J72 -> 0 | AB72: =TRUNC(F72*K72,2) -> 0 | AC72: =TRUNC(F72*L72,2) -> 0 | AD72: =M72*F72 -> 0 | AE72: =F72*N72 -> 0 | AF72: =TRUNC(F72*O72,2) -> 0 | AG72: =TRUNC(F72*P72,2) -> 0 | AH72: =TRUNC(F72*Q72,2) -> 0 | AI72: =ROUND(R72*F72,2) -> 0 | AJ72: =ROUND(S72*F72,2) -> 0 | AK72: =ROUND(T72*F72,2) -> 11439.11 | AL72: =ROUND(U72*F72,2) -> 0 | AM72: =Y72+Z72+AA72+AB72+AC72+AD72+AE72+AF72+AG72+AH72+AI72+AJ72+AK72+AL72 -> 11439.11 | AN72: =X72-AM72 -> 135.694
B73: 1.7.8 | C73: 90831 | D73: FECHADURA DE EMBUTIR PARA PORTA DE BANHEIRO, COMPLETA, ACABAMENTO PADRÃO MÉDIO, INCLUSO EXECUÇÃO DE FURO - FORNECIMENTO E INSTALAÇÃO. AF_12/2019 | E73: UN | F73: 137.3 | G73: 8 | R73: 0 | S73: 0 | T73: 0 | U73: =VLOOKUP(B73,'MEMÓRIA MEDIÇÃO 14'!$A$8:$F$202,6,FALSE) -> 0 | V73: =H73+I73+J73+K73+L73+M73+N73+O73+P73+Q73+R73+S73+T73+U73 -> 0 | W73: =G73-V73 -> 8 | X73: =F73*G73 -> 1098.4 | Y73: =F73*H73 -> 0 | Z73: =F73*I73 -> 0 | AA73: =F73*J73 -> 0 | AB73: =TRUNC(F73*K73,2) -> 0 | AC73: =TRUNC(F73*L73,2) -> 0 | AD73: =M73*F73 -> 0 | AE73: =F73*N73 -> 0 | AF73: =TRUNC(F73*O73,2) -> 0 | AG73: =TRUNC(F73*P73,2) -> 0 | AH73: =TRUNC(F73*Q73,2) -> 0 | AI73: =ROUND(R73*F73,2) -> 0 | AJ73: =ROUND(S73*F73,2) -> 0 | AK73: =ROUND(T73*F73,2) -> 0 | AL73: =ROUND(U73*F73,2) -> 0 | AM73: =Y73+Z73+AA73+AB73+AC73+AD73+AE73+AF73+AG73+AH73+AI73+AJ73+AK73+AL73 -> 0 | AN73: =X73-AM73 -> 1098.4
B74: 1.8 | C74: PINTURA | R74: 0 | S74: 0 | T74: 0 | U74: =VLOOKUP(B74,'MEMÓRIA MEDIÇÃO 14'!$A$8:$F$202,6,FALSE) -> 0 | V74: =H74+I74+J74+K74+L74+M74+N74+O74+P74+Q74+R74+S74+T74+U74 -> 0 | Y74: =F74*H74 -> 0 | Z74: =F74*I74 -> 0 | AA74: =F74*J74 -> 0 | AB74: =TRUNC(F74*K74,2) -> 0 | AC74: =TRUNC(F74*L74,2) -> 0 | AD74: =M74*F74 -> 0 | AE74: =F74*N74 -> 0 | AF74: =TRUNC(F74*O74,2) -> 0 | AG74: =TRUNC(F74*P74,2) -> 0 | AH74: =TRUNC(F74*Q74,2) -> 0 | AI74: =ROUND(R74*F74,2) -> 0 | AJ74: =ROUND(S74*F74,2) -> 0 | AK74: =ROUND(T74*F74,2) -> 0 | AL74: =ROUND(U74*F74,2) -> 0 | AM74: =Y74+Z74+AA74+AB74+AC74+AD74+AE74+AF74+AG74+AH74+AI74+AJ74+AK74+AL74 -> 0 | AN74: =X74-AM74 -> 0
B75: 1.8.1 | C75: 88485 | D75: APLICAÇÃO DE FUNDO SELADOR ACRÍLICO EM PAREDES, UMA DEMÃO. AF_06/2014 | E75: M2 | F75: 2.74 | G75: 1666.99 | R75: 0 | S75: 642 | T75: 0 | U75: =VLOOKUP(B75,'MEMÓRIA MEDIÇÃO 14'!$A$8:$F$202,6,FALSE) -> 819.6544 | V75: =H75+I75+J75+K75+L75+M75+N75+O75+P75+Q75+R75+S75+T75+U75 -> 1461.6544 | W75: =G75-V75 -> 205.3356 | X75: =F75*G75 -> 4567.5526 | Y75: =F75*H75 -> 0 | Z75: =F75*I75 -> 0 | AA75: =F75*J75 -> 0 | AB75: =TRUNC(F75*K75,2) -> 0 | AC75: =TRUNC(F75*L75,2) -> 0 | AD75: =M75*F75 -> 0 | AE75: =F75*N75 -> 0 | AF75: =TRUNC(F75*O75,2) -> 0 | AG75: =TRUNC(F75*P75,2) -> 0 | AH75: =TRUNC(F75*Q75,2) -> 0 | AI75: =ROUND(R75*F75,2) -> 0 | AJ75: =ROUND(S75*F75,2) -> 1759.08 | AK75: =ROUND(T75*F75,2) -> 0 | AL75: =ROUND(U75*F75,2) -> 2245.85 | AM75: =Y75+Z75+AA75+AB75+AC75+AD75+AE75+AF75+AG75+AH75+AI75+AJ75+AK75+AL75 -> 4004.93 | AN75: =X75-AM75 -> 562.6226
B76: 1.8.2 | C76: 88495 | D76: APLICAÇÃO E LIXAMENTO DE MASSA LÁTEX EM PAREDES, UMA DEMÃO. AF_06/2014 | E76: M2 | F76: 9.86 | G76: 1666.99 | R76: 0 | S76: 0 | T76: 0 | U76: =VLOOKUP(B76,'MEMÓRIA MEDIÇÃO 14'!$A$8:$F$202,6,FALSE) -> 0 | V76: =H76+I76+J76+K76+L76+M76+N76+O76+P76+Q76+R76+S76+T76+U76 -> 0 | W76: =G76-V76 -> 1666.99 | X76: =F76*G76 -> 16436.521 | Y76: =F76*H76 -> 0 | Z76: =F76*I76 -> 0 | AA76: =F76*J76 -> 0 | AB76: =TRUNC(F76*K76,2) -> 0 | AC76: =TRUNC(F76*L76,2) -> 0 | AD76: =M76*F76 -> 0 | AE76: =F76*N76 -> 0 | AF76: =TRUNC(F76*O76,2) -> 0 | AG76: =TRUNC(F76*P76,2) -> 0 | AH76: =TRUNC(F76*Q76,2) -> 0 | AI76: =ROUND(R76*F76,2) -> 0 | AJ76: =ROUND(S76*F76,2) -> 0 | AK76: =ROUND(T76*F76,2) -> 0 | AL76: =ROUND(U76*F76,2) -> 0 | AM76: =Y76+Z76+AA76+AB76+AC76+AD76+AE76+AF76+AG76+AH76+AI76+AJ76+AK76+AL76 -> 0 | AN76: =X76-AM76 -> 16436.521
B77: 1.8.3 | C77: 88489 | D77: APLICAÇÃO MANUAL DE PINTURA COM TINTA LÁTEX ACRÍLICA EM PAREDES, DUAS DEMÃOS. AF_06/2014 | E77: M2 | F77: 12.16 | G77: 1666.99 | R77: 0 | S77: 0 | T77: 0 | U77: =VLOOKUP(B77,'MEMÓRIA MEDIÇÃO 14'!$A$8:$F$202,6,FALSE) -> 0 | V77: =H77+I77+J77+K77+L77+M77+N77+O77+P77+Q77+R77+S77+T77+U77 -> 0 | W77: =G77-V77 -> 1666.99 | X77: =F77*G77 -> 20270.598 | Y77: =F77*H77 -> 0 | Z77: =F77*I77 -> 0 | AA77: =F77*J77 -> 0 | AB77: =TRUNC(F77*K77,2) -> 0 | AC77: =TRUNC(F77*L77,2) -> 0 | AD77: =M77*F77 -> 0 | AE77: =F77*N77 -> 0 | AF77: =TRUNC(F77*O77,2) -> 0 | AG77: =TRUNC(F77*P77,2) -> 0 | AH77: =TRUNC(F77*Q77,2) -> 0 | AI77: =ROUND(R77*F77,2) -> 0 | AJ77: =ROUND(S77*F77,2) -> 0 | AK77: =ROUND(T77*F77,2) -> 0 | AL77: =ROUND(U77*F77,2) -> 0 | AM77: =Y77+Z77+AA77+AB77+AC77+AD77+AE77+AF77+AG77+AH77+AI77+AJ77+AK77+AL77 -> 0 | AN77: =X77-AM77 -> 20270.598
B78: 1.8.4 | C78: 88484 | D78: APLICAÇÃO DE FUNDO SELADOR ACRÍLICO EM TETO, UMA DEMÃO. AF_06/2014 | E78: M2 | F78: 3.1 | G78: 634.5 | R78: 0 | S78: 0 | T78: 0 | U78: =VLOOKUP(B78,'MEMÓRIA MEDIÇÃO 14'!$A$8:$F$202,6,FALSE) -> 0 | V78: =H78+I78+J78+K78+L78+M78+N78+O78+P78+Q78+R78+S78+T78+U78 -> 0 | W78: =G78-V78 -> 634.5 | X78: =F78*G78 -> 1966.95 | Y78: =F78*H78 -> 0 | Z78: =F78*I78 -> 0 | AA78: =F78*J78 -> 0 | AB78: =TRUNC(F78*K78,2) -> 0 | AC78: =TRUNC(F78*L78,2) -> 0 | AD78: =M78*F78 -> 0 | AE78: =F78*N78 -> 0 | AF78: =TRUNC(F78*O78,2) -> 0 | AG78: =TRUNC(F78*P78,2) -> 0 | AH78: =TRUNC(F78*Q78,2) -> 0 | AI78: =ROUND(R78*F78,2) -> 0 | AJ78: =ROUND(S78*F78,2) -> 0 | AK78: =ROUND(T78*F78,2) -> 0 | AL78: =ROUND(U78*F78,2) -> 0 | AM78: =Y78+Z78+AA78+AB78+AC78+AD78+AE78+AF78+AG78+AH78+AI78+AJ78+AK78+AL78 -> 0 | AN78: =X78-AM78 -> 1966.95
B79: 1.8.5 | C79: 88494 | D79: APLICAÇÃO E LIXAMENTO DE MASSA LÁTEX EM TETO, UMA DEMÃO. AF_06/2014 | E79: M2 | F79: 17.43 | G79: 634.5 | R79: 0 | S79: 0 | T79: 0 | U79: =VLOOKUP(B79,'MEMÓRIA MEDIÇÃO 14'!$A$8:$F$202,6,FALSE) -> 0 | V79: =H79+I79+J79+K79+L79+M79+N79+O79+P79+Q79+R79+S79+T79+U79 -> 0 | W79: =G79-V79 -> 634.5 | X79: =F79*G79 -> 11059.335 | Y79: =F79*H79 -> 0 | Z79: =F79*I79 -> 0 | AA79: =F79*J79 -> 0 | AB79: =TRUNC(F79*K79,2) -> 0 | AC79: =TRUNC(F79*L79,2) -> 0 | AD79: =M79*F79 -> 0 | AE79: =F79*N79 -> 0 | AF79: =TRUNC(F79*O79,2) -> 0 | AG79: =TRUNC(F79*P79,2) -> 0 | AH79: =TRUNC(F79*Q79,2) -> 0 | AI79: =ROUND(R79*F79,2) -> 0 | AJ79: =ROUND(S79*F79,2) -> 0 | AK79: =ROUND(T79*F79,2) -> 0 | AL79: =ROUND(U79*F79,2) -> 0 | AM79: =Y79+Z79+AA79+AB79+AC79+AD79+AE79+AF79+AG79+AH79+AI79+AJ79+AK79+AL79 -> 0 | AN79: =X79-AM79 -> 11059.335
B80: 1.8.6 | C80: 88488 | D80: APLICAÇÃO MANUAL DE PINTURA COM TINTA LÁTEX ACRÍLICA EM TETO, DUAS DEMÃOS. AF_06/2014 | E80: M2 | F80: 13.74 | G80: 634.5 | R80: 0 | S80: 0 | T80: 0 | U80: =VLOOKUP(B80,'MEMÓRIA MEDIÇÃO 14'!$A$8:$F$202,6,FALSE) -> 0 | V80: =H80+I80+J80+K80+L80+M80+N80+O80+P80+Q80+R80+S80+T80+U80 -> 0 | W80: =G80-V80 -> 634.5 | X80: =F80*G80 -> 8718.03 | Y80: =F80*H80 -> 0 | Z80: =F80*I80 -> 0 | AA80: =F80*J80 -> 0 | AB80: =TRUNC(F80*K80,2) -> 0 | AC80: =TRUNC(F80*L80,2) -> 0 | AD80: =M80*F80 -> 0 | AE80: =F80*N80 -> 0 | AF80: =TRUNC(F80*O80,2) -> 0 | AG80: =TRUNC(F80*P80,2) -> 0 | AH80: =TRUNC(F80*Q80,2) -> 0 | AI80: =ROUND(R80*F80,2) -> 0 | AJ80: =ROUND(S80*F80,2) -> 0 | AK80: =ROUND(T80*F80,2) -> 0 | AL80: =ROUND(U80*F80,2) -> 0 | AM80: =Y80+Z80+AA80+AB80+AC80+AD80+AE80+AF80+AG80+AH80+AI80+AJ80+AK80+AL80 -> 0 | AN80: =X80-AM80 -> 8718.03
B81: 1.9 | C81: REVESTIMENTOS EXTERNOS | R81: 0 | S81: 0 | T81: 0 | U81: =VLOOKUP(B81,'MEMÓRIA MEDIÇÃO 14'!$A$8:$F$202,6,FALSE) -> 0 | V81: =H81+I81+J81+K81+L81+M81+N81+O81+P81+Q81+R81+S81+T81+U81 -> 0 | Y81: =F81*H81 -> 0 | Z81: =F81*I81 -> 0 | AA81: =F81*J81 -> 0 | AB81: =TRUNC(F81*K81,2) -> 0 | AC81: =TRUNC(F81*L81,2) -> 0 | AD81: =M81*F81 -> 0 | AE81: =F81*N81 -> 0 | AF81: =TRUNC(F81*O81,2) -> 0 | AG81: =TRUNC(F81*P81,2) -> 0 | AH81: =TRUNC(F81*Q81,2) -> 0 | AI81: =ROUND(R81*F81,2) -> 0 | AJ81: =ROUND(S81*F81,2) -> 0 | AK81: =ROUND(T81*F81,2) -> 0 | AL81: =ROUND(U81*F81,2) -> 0 | AM81: =Y81+Z81+AA81+AB81+AC81+AD81+AE81+AF81+AG81+AH81+AI81+AJ81+AK81+AL81 -> 0 | AN81: =X81-AM81 -> 0
B82: 1.9.1 | C82: 87894 | D82: CHAPISCO APLICADO EM ALVENARIA (SEM PRESENÇA DE VÃOS) E ESTRUTURAS DE CONCRETO DE FACHADA, COM COLHER DE PEDREIRO. ARGAMASSA TRAÇO 1:3 COM PREPARO EM BETONEIRA 400L. AF_10/2022 | E82: M2 | F82: 5.72 | G82: 495.11 | N82: ='MEMORIAL DE CALCULO 07'!K421 -> 320.44 | O82: ='MEMORIAL DE CALCULO 08'!K424 -> 100 | P82: ='MEMORIAL DE CALCULO 09)'!K428 -> 45.931 | R82: 0 | S82: 0 | T82: 0 | U82: =VLOOKUP(B82,'MEMÓRIA MEDIÇÃO 14'!$A$8:$F$202,6,FALSE) -> 0 | V82: =H82+I82+J82+K82+L82+M82+N82+O82+P82+Q82+R82+S82+T82+U82 -> 466.371 | W82: =G82-V82 -> 28.739 | X82: =F82*G82 -> 2832.0292 | Y82: =F82*H82 -> 0 | Z82: =F82*I82 -> 0 | AA82: =F82*J82 -> 0 | AB82: =TRUNC(F82*K82,2) -> 0 | AC82: =TRUNC(F82*L82,2) -> 0 | AD82: =M82*F82 -> 0 | AE82: =F82*N82 -> 1832.9168 | AF82: =TRUNC(F82*O82,2) -> 572 | AG82: =TRUNC(F82*P82,2) -> 262.72 | AH82: =TRUNC(F82*Q82,2) -> 0 | AI82: =ROUND(R82*F82,2) -> 0 | AJ82: =ROUND(S82*F82,2) -> 0 | AK82: =ROUND(T82*F82,2) -> 0 | AL82: =ROUND(U82*F82,2) -> 0 | AM82: =Y82+Z82+AA82+AB82+AC82+AD82+AE82+AF82+AG82+AH82+AI82+AJ82+AK82+AL82 -> 2667.6368 | AN82: =X82-AM82 -> 164.3924
B83: 1.9.2 | C83: 104233 | D83: EMBOÇO OU MASSA ÚNICA EM ARGAMASSA TRAÇO 1:2:8, PREPARO MECÂNICA COM BETONEIRA 400 L, APLICADA MANUALMENTE EM PANOS DE FACHADA SEM PRESENÇA DE VÃOS, ESPESSURA DE 25 MM, ACESSO POR ANDAIME. AF_08/2022 | E83: M2 | F83: 31.53 | G83: 466.37 | O83: ='MEMORIAL DE CALCULO 08'!K427 -> 278.4 | P83: ='MEMORIAL DE CALCULO 09)'!K430 -> 187.9705 | R83: 0 | S83: 0 | T83: 0 | U83: =VLOOKUP(B83,'MEMÓRIA MEDIÇÃO 14'!$A$8:$F$202,6,FALSE) -> 0 | V83: =H83+I83+J83+K83+L83+M83+N83+O83+P83+Q83+R83+S83+T83+U83 -> 466.3705 | W83: =G83-V83 -> -0.0005 | X83: =F83*G83 -> 14704.646 | Y83: =F83*H83 -> 0 | Z83: =F83*I83 -> 0 | AA83: =F83*J83 -> 0 | AB83: =TRUNC(F83*K83,2) -> 0 | AC83: =TRUNC(F83*L83,2) -> 0 | AD83: =M83*F83 -> 0 | AE83: =F83*N83 -> 0 | AF83: =TRUNC(F83*O83,2) -> 8777.95 | AG83: =TRUNC(F83*P83,2) -> 5926.7 | AH83: =TRUNC(F83*Q83,2) -> 0 | AI83: =ROUND(R83*F83,2) -> 0 | AJ83: =ROUND(S83*F83,2) -> 0 | AK83: =ROUND(T83*F83,2) -> 0 | AL83: =ROUND(U83*F83,2) -> 0 | AM83: =Y83+Z83+AA83+AB83+AC83+AD83+AE83+AF83+AG83+AH83+AI83+AJ83+AK83+AL83 -> 14704.65 | AN83: =X83-AM83 -> -0.0039
B84: 1.9.3 | C84: composição 6 | D84: REVESTIMENTO PORCELANATO MADEIRADO PARA PAREDES COM PLACAS TIPO ESMALTADA EXTRA DE DIMENSÕES 20X120 CM [ADAPTADO SINAPI 87244] | E84: M2 | F84: 154.75 | G84: 32.5 | R84: 0 | S84: 0 | T84: 0 | U84: =VLOOKUP(B84,'MEMÓRIA MEDIÇÃO 14'!$A$8:$F$202,6,FALSE) -> 0 | V84: =H84+I84+J84+K84+L84+M84+N84+O84+P84+Q84+R84+S84+T84+U84 -> 0 | W84: =G84-V84 -> 32.5 | X84: =F84*G84 -> 5029.375 | Y84: =F84*H84 -> 0 | Z84: =F84*I84 -> 0 | AA84: =F84*J84 -> 0 | AB84: =TRUNC(F84*K84,2) -> 0 | AC84: =TRUNC(F84*L84,2) -> 0 | AD84: =M84*F84 -> 0 | AE84: =F84*N84 -> 0 | AF84: =TRUNC(F84*O84,2) -> 0 | AG84: =TRUNC(F84*P84,2) -> 0 | AH84: =TRUNC(F84*Q84,2) -> 0 | AI84: =ROUND(R84*F84,2) -> 0 | AJ84: =ROUND(S84*F84,2) -> 0 | AK84: =ROUND(T84*F84,2) -> 0 | AL84: =ROUND(U84*F84,2) -> 0 | AM84: =Y84+Z84+AA84+AB84+AC84+AD84+AE84+AF84+AG84+AH84+AI84+AJ84+AK84+AL84 -> 0 | AN84: =X84-AM84 -> 5029.375
B85: 1.9.4 | C85: composição 7 | D85: REVESTIMENTO PORCELANATO MARMORIZADO PARA PAREDES E PISO COM PLACAS TIPO ESMALTADA EXTRA DE DIMENSÕES 80X80 CM [ADAPTADO SINAPI 87244] | E85: M² | F85: 228.6 | G85: 29.5 | R85: 0 | S85: 0 | T85: 0 | U85: =VLOOKUP(B85,'MEMÓRIA MEDIÇÃO 14'!$A$8:$F$202,6,FALSE) -> 0 | V85: =H85+I85+J85+K85+L85+M85+N85+O85+P85+Q85+R85+S85+T85+U85 -> 0 | W85: =G85-V85 -> 29.5 | X85: =F85*G85 -> 6743.7 | Y85: =F85*H85 -> 0 | Z85: =F85*I85 -> 0 | AA85: =F85*J85 -> 0 | AB85: =TRUNC(F85*K85,2) -> 0 | AC85: =TRUNC(F85*L85,2) -> 0 | AD85: =M85*F85 -> 0 | AE85: =F85*N85 -> 0 | AF85: =TRUNC(F85*O85,2) -> 0 | AG85: =TRUNC(F85*P85,2) -> 0 | AH85: =TRUNC(F85*Q85,2) -> 0 | AI85: =ROUND(R85*F85,2) -> 0 | AJ85: =ROUND(S85*F85,2) -> 0 | AK85: =ROUND(T85*F85,2) -> 0 | AL85: =ROUND(U85*F85,2) -> 0 | AM85: =Y85+Z85+AA85+AB85+AC85+AD85+AE85+AF85+AG85+AH85+AI85+AJ85+AK85+AL85 -> 0 | AN85: =X85-AM85 -> 6743.7
